Workbook

Sheet RESUMO
A1: ESTADO DE RONDÔNIA
A2: MUNICÍPIO DE ROLIM DE MOURA
A4: TRANSPORTE ESCOLAR RURAL
A6: PLANILHA RESUMO
G7: Data Referência: | I7: 46311
A8: ROTA | B8: ITINERÁRIO | C8: KM PAVIMENTADO/MÊS | D8: KM NÃO PAVIMENTADO/MÊS | E8: VALOR KM PAVIMENTADO | F8: VALOR KM NÃO PAVIMENTADO | G8: CUSTO TRECHO PAVIMENTADO MENSAL | H8: CUSTO TRECHO NÃO PAVIMENTADO MENSAL | I8: CUSTO TOTAL MENSAL
A9: =MID(CELL("nome.arquivo",'188 SUL-DURAN-TANCREDO-MAT'!$A$1),SEARCH("]",CELL("nome.arquivo",'188 SUL-DURAN-TANCREDO-MAT'!$A$1))+1,255) -> 188 SUL-DURAN-TANCREDO-MAT | C9: =INDIRECT("'"&$A9&"'!$O$14") -> 958.44 | D9: =INDIRECT("'"&$A9&"'!$O$16") -> 630 | E9: =INDIRECT("'"&$A9&"'!$R$15") -> 19.763426 | F9: =INDIRECT("'"&$A9&"'!$S$15") -> 20.493217 | G9: =C9*E9 -> 18942.058 | H9: =D9*F9 -> 12910.727 | I9: =H9+G9 -> 31852.785
A10: =MID(CELL("nome.arquivo",'188 SUL-DURAN-MAT'!$A$1),SEARCH("]",CELL("nome.arquivo",'188 SUL-DURAN-MAT'!$A$1))+1,255) -> 188 SUL-DURAN-MAT | C10: =INDIRECT("'"&$A10&"'!$O$14") -> 757.68 | D10: =INDIRECT("'"&$A10&"'!$O$16") -> 1176 | E10: =INDIRECT("'"&$A10&"'!$R$15") -> 17.275486 | F10: =INDIRECT("'"&$A10&"'!$S$15") -> 18.005277 | G10: =C10*E10 -> 13089.29 | H10: =D10*F10 -> 21174.206 | I10: =H10+G10 -> 34263.496
A11: =MID(CELL("nome.arquivo",'172 SUL-VERISSIMO-TANC-MAT-VESP'!$A$1),SEARCH("]",CELL("nome.arquivo",'172 SUL-VERISSIMO-TANC-MAT-VESP'!$A$1))+1,255) -> 172 SUL-VERISSIMO-TANC-MAT-VESP | C11: =INDIRECT("'"&$A11&"'!$O$14") -> 1161.72 | D11: =INDIRECT("'"&$A11&"'!$O$16") -> 1260 | E11: =INDIRECT("'"&$A11&"'!$R$15") -> 14.933646 | F11: =INDIRECT("'"&$A11&"'!$S$15") -> 15.663437 | G11: =C11*E11 -> 17348.715 | H11: =D11*F11 -> 19735.93 | I11: =H11+G11 -> 37084.645
A12: =MID(CELL("nome.arquivo",'172 SUL-VERISSIMO-MAT'!$A$1),SEARCH("]",CELL("nome.arquivo",'172 SUL-VERISSIMO-MAT'!$A$1))+1,255) -> 172 SUL-VERISSIMO-MAT | C12: =INDIRECT("'"&$A12&"'!$O$14") -> 180.6 | D12: =INDIRECT("'"&$A12&"'!$O$16") -> 1062.6 | E12: =INDIRECT("'"&$A12&"'!$R$15") -> 23.730129 | F12: =INDIRECT("'"&$A12&"'!$S$15") -> 24.459919 | G12: =C12*E12 -> 4285.6612 | H12: =D12*F12 -> 25991.11 | I12: =H12+G12 -> 30276.772
A13: =MID(CELL("nome.arquivo",'164 SUL-VERISSIMO MAT-VESP'!$A$1),SEARCH("]",CELL("nome.arquivo",'164 SUL-VERISSIMO MAT-VESP'!$A$1))+1,255) -> 164 SUL-VERISSIMO MAT-VESP | C13: =INDIRECT("'"&$A13&"'!$O$14") -> 942.48 | D13: =INDIRECT("'"&$A13&"'!$O$16") -> 1260 | E13: =INDIRECT("'"&$A13&"'!$R$15") -> 15.859378 | F13: =INDIRECT("'"&$A13&"'!$S$15") -> 16.589169 | G13: =C13*E13 -> 14947.147 | H13: =D13*F13 -> 20902.353 | I13: =H13+G13 -> 35849.499
A14: =MID(CELL("nome.arquivo",'160 SUL VERISSIMO MAT'!$A$1),SEARCH("]",CELL("nome.arquivo",'160 SUL VERISSIMO MAT'!$A$1))+1,255) -> 160 SUL VERISSIMO MAT | C14: =INDIRECT("'"&$A14&"'!$O$14") -> 684.6 | D14: =INDIRECT("'"&$A14&"'!$O$16") -> 588 | E14: =INDIRECT("'"&$A14&"'!$R$15") -> 23.26613 | F14: =INDIRECT("'"&$A14&"'!$S$15") -> 23.99592 | G14: =C14*E14 -> 15927.992 | H14: =D14*F14 -> 14109.601 | I14: =H14+G14 -> 30037.593
A15: =MID(CELL("nome.arquivo",'168 NORTE-VERÍSSIMO-MAT-VESP'!$A$1),SEARCH("]",CELL("nome.arquivo",'168 NORTE-VERÍSSIMO-MAT-VESP'!$A$1))+1,255) -> 168 NORTE-VERÍSSIMO-MAT-VESP | C15: =INDIRECT("'"&$A15&"'!$O$14") -> 692.16 | D15: =INDIRECT("'"&$A15&"'!$O$16") -> 1260 | E15: =INDIRECT("'"&$A15&"'!$R$15") -> 17.17058 | F15: =INDIRECT("'"&$A15&"'!$S$15") -> 17.900371 | G15: =C15*E15 -> 11884.789 | H15: =D15*F15 -> 22554.467 | I15: =H15+G15 -> 34439.256
A16: =MID(CELL("nome.arquivo",'168 SUL-VERÍSSIMO-MAT-VESP'!$A$1),SEARCH("]",CELL("nome.arquivo",'168 SUL-VERÍSSIMO-MAT-VESP'!$A$1))+1,255) -> 168 SUL-VERÍSSIMO-MAT-VESP | C16: =INDIRECT("'"&$A16&"'!$O$14") -> 692.16 | D16: =INDIRECT("'"&$A16&"'!$O$16") -> 1260 | E16: =INDIRECT("'"&$A16&"'!$R$15") -> 17.17058 | F16: =INDIRECT("'"&$A16&"'!$S$15") -> 17.900371 | G16: =C16*E16 -> 11884.789 | H16: =D16*F16 -> 22554.467 | I16: =H16+G16 -> 34439.256
A17: =MID(CELL("nome.arquivo",'172 NORTE-VERISSIMO-MAT-VESP'!$A$1),SEARCH("]",CELL("nome.arquivo",'172 NORTE-VERISSIMO-MAT-VESP'!$A$1))+1,255) -> 172 NORTE-VERISSIMO-MAT-VESP | C17: =INDIRECT("'"&$A17&"'!$O$14") -> 355.32 | D17: =INDIRECT("'"&$A17&"'!$O$16") -> 1428 | E17: =INDIRECT("'"&$A17&"'!$R$15") -> 18.274458 | F17: =INDIRECT("'"&$A17&"'!$S$15") -> 19.004249 | G17: =C17*E17 -> 6493.2804 | H17: =D17*F17 -> 27138.067 | I17: =H17+G17 -> 33631.348
A18: =MID(CELL("nome.arquivo",'176 NORTE MAT-VESP'!$A$1),SEARCH("]",CELL("nome.arquivo",'176 NORTE MAT-VESP'!$A$1))+1,255) -> 176 NORTE MAT-VESP | C18: =INDIRECT("'"&$A18&"'!$O$14") -> 0 | D18: =INDIRECT("'"&$A18&"'!$O$16") -> 1386 | E18: =INDIRECT("'"&$A18&"'!$R$15") -> 0 | F18: =INDIRECT("'"&$A18&"'!$S$15") -> 22.624183 | G18: =C18*E18 -> 0 | H18: =D18*F18 -> 31357.117 | I18: =H18+G18 -> 31357.117
A19: =MID(CELL("nome.arquivo",'176 SUL MAT-VESP'!$A$1),SEARCH("]",CELL("nome.arquivo",'176 SUL MAT-VESP'!$A$1))+1,255) -> 176 SUL MAT-VESP | C19: =INDIRECT("'"&$A19&"'!$O$14") -> 0 | D19: =INDIRECT("'"&$A19&"'!$O$16") -> 1344 | E19: =INDIRECT("'"&$A19&"'!$R$15") -> 0 | F19: =INDIRECT("'"&$A19&"'!$S$15") -> 23.128479 | G19: =C19*E19 -> 0 | H19: =D19*F19 -> 31084.675 | I19: =H19+G19 -> 31084.675
A20: =MID(CELL("nome.arquivo",'180 NORTE-VERIS-CTPM-MAT-VESP'!$A$1),SEARCH("]",CELL("nome.arquivo",'180 NORTE-VERIS-CTPM-MAT-VESP'!$A$1))+1,255) -> 180 NORTE-VERIS-CTPM-MAT-VESP | C20: =INDIRECT("'"&$A20&"'!$O$14") -> 911.4 | D20: =INDIRECT("'"&$A20&"'!$O$16") -> 1428 | E20: =INDIRECT("'"&$A20&"'!$R$15") -> 15.26974 | F20: =INDIRECT("'"&$A20&"'!$S$15") -> 15.99953 | G20: =C20*E20 -> 13916.841 | H20: =D20*F20 -> 22847.329 | I20: =H20+G20 -> 36764.17
A21: =MID(CELL("nome.arquivo",'180 SUL-VERIS-TANC-APF-MAT-VESP'!$A$1),SEARCH("]",CELL("nome.arquivo",'180 SUL-VERIS-TANC-APF-MAT-VESP'!$A$1))+1,255) -> 180 SUL-VERIS-TANC-APF-MAT-VESP | C21: =INDIRECT("'"&$A21&"'!$O$14") -> 1129.8 | D21: =INDIRECT("'"&$A21&"'!$O$16") -> 1260 | E21: =INDIRECT("'"&$A21&"'!$R$15") -> 15.057862 | F21: =INDIRECT("'"&$A21&"'!$S$15") -> 15.787653 | G21: =C21*E21 -> 17012.373 | H21: =D21*F21 -> 19892.443 | I21: =H21+G21 -> 36904.816
A22: =MID(CELL("nome.arquivo",'180 SUL-VERIS-MAT'!$A$1),SEARCH("]",CELL("nome.arquivo",'180 SUL-VERIS-MAT'!$A$1))+1,255) -> 180 SUL-VERIS-MAT | C22: =INDIRECT("'"&$A22&"'!$O$14") -> 365.4 | D22: =INDIRECT("'"&$A22&"'!$O$16") -> 840 | E22: =INDIRECT("'"&$A22&"'!$R$15") -> 24.274867 | F22: =INDIRECT("'"&$A22&"'!$S$15") -> 25.004657 | G22: =C22*E22 -> 8870.0362 | H22: =D22*F22 -> 21003.912 | I22: =H22+G22 -> 29873.948
A23: =MID(CELL("nome.arquivo",'188 NORTE DURAN- ALUISIO- MATU'!$A$1),SEARCH("]",CELL("nome.arquivo",'188 NORTE DURAN- ALUISIO- MATU'!$A$1))+1,255) -> 188 NORTE DURAN- ALUISIO- MATU | C23: =INDIRECT("'"&$A23&"'!$O$14") -> 945.42 | D23: =INDIRECT("'"&$A23&"'!$O$16") -> 672 | E23: =INDIRECT("'"&$A23&"'!$R$15") -> 19.513457 | F23: =INDIRECT("'"&$A23&"'!$S$15") -> 20.243248 | G23: =C23*E23 -> 18448.413 | H23: =D23*F23 -> 13603.463 | I23: =H23+G23 -> 32051.875
A24: =MID(CELL("nome.arquivo",'192 NORTE - DURAN-ROSALES-MATUT'!$A$1),SEARCH("]",CELL("nome.arquivo",'192 NORTE - DURAN-ROSALES-MATUT'!$A$1))+1,255) -> 192 NORTE - DURAN-ROSALES-MATUT | C24: =INDIRECT("'"&$A24&"'!$O$14") -> 695.94 | D24: =INDIRECT("'"&$A24&"'!$O$16") -> 651 | E24: =INDIRECT("'"&$A24&"'!$R$15") -> 22.298729 | F24: =INDIRECT("'"&$A24&"'!$S$15") -> 23.028519 | G24: =C24*E24 -> 15518.577 | H24: =D24*F24 -> 14991.566 | I24: =H24+G24 -> 30510.143
A25: =MID(CELL("nome.arquivo",'192 SUL - DURAN -MATU'!$A$1),SEARCH("]",CELL("nome.arquivo",'192 SUL - DURAN -MATU'!$A$1))+1,255) -> 192 SUL - DURAN -MATU | C25: =INDIRECT("'"&$A25&"'!$O$14") -> 212.94 | D25: =INDIRECT("'"&$A25&"'!$O$16") -> 630 | E25: =INDIRECT("'"&$A25&"'!$R$15") -> 32.259766 | F25: =INDIRECT("'"&$A25&"'!$S$15") -> 32.989557 | G25: =C25*E25 -> 6869.3945 | H25: =D25*F25 -> 20783.421 | I25: =H25+G25 -> 27652.815
A26: =MID(CELL("nome.arquivo",'196 SUL - DURAN - MATUTINO'!$A$1),SEARCH("]",CELL("nome.arquivo",'196 SUL - DURAN - MATUTINO'!$A$1))+1,255) -> 196 SUL - DURAN - MATUTINO | C26: =INDIRECT("'"&$A26&"'!$O$14") -> 44.1 | D26: =INDIRECT("'"&$A26&"'!$O$16") -> 999.6 | E26: =INDIRECT("'"&$A26&"'!$R$15") -> 27.181758 | F26: =INDIRECT("'"&$A26&"'!$S$15") -> 27.911549 | G26: =C26*E26 -> 1198.7155 | H26: =D26*F26 -> 27900.385 | I26: =H26+G26 -> 29099.1
A27: =MID(CELL("nome.arquivo",'200 NORTE - DURAN - MATUTINO'!$A$1),SEARCH("]",CELL("nome.arquivo",'200 NORTE - DURAN - MATUTINO'!$A$1))+1,255) -> 200 NORTE - DURAN - MATUTINO | C27: =INDIRECT("'"&$A27&"'!$O$14") -> 140.7 | D27: =INDIRECT("'"&$A27&"'!$O$16") -> 1079.4 | E27: =INDIRECT("'"&$A27&"'!$R$15") -> 24.074441 | F27: =INDIRECT("'"&$A27&"'!$S$15") -> 24.804231 | G27: =C27*E27 -> 3387.2738 | H27: =D27*F27 -> 26773.687 | I27: =H27+G27 -> 30160.961
A28: =MID(CELL("nome.arquivo",'200 SUL - DURAN - MATUTINO'!$A$1),SEARCH("]",CELL("nome.arquivo",'200 SUL - DURAN - MATUTINO'!$A$1))+1,255) -> 200 SUL - DURAN - MATUTINO | C28: =INDIRECT("'"&$A28&"'!$O$14") -> 140.7 | D28: =INDIRECT("'"&$A28&"'!$O$16") -> 630 | E28: =INDIRECT("'"&$A28&"'!$R$15") -> 34.7555 | F28: =INDIRECT("'"&$A28&"'!$S$15") -> 35.485291 | G28: =C28*E28 -> 4890.0989 | H28: =D28*F28 -> 22355.733 | I28: =H28+G28 -> 27245.832
A29: =MID(CELL("nome.arquivo",'204 NORTE - DURAN'!$A$1),SEARCH("]",CELL("nome.arquivo",'204 NORTE - DURAN'!$A$1))+1,255) -> 204 NORTE - DURAN | C29: =INDIRECT("'"&$A29&"'!$O$14") -> 296.94 | D29: =INDIRECT("'"&$A29&"'!$O$16") -> 630 | E29: =INDIRECT("'"&$A29&"'!$R$15") -> 29.846897 | F29: =INDIRECT("'"&$A29&"'!$S$15") -> 30.576688 | G29: =C29*E29 -> 8862.7377 | H29: =D29*F29 -> 19263.313 | I29: =H29+G29 -> 28126.051
A30: =MID(CELL("nome.arquivo",'204 SUL - DURAN - MAT'!$A$1),SEARCH("]",CELL("nome.arquivo",'204 SUL - DURAN - MAT'!$A$1))+1,255) -> 204 SUL - DURAN - MAT | C30: =INDIRECT("'"&$A30&"'!$O$14") -> 593.88 | D30: =INDIRECT("'"&$A30&"'!$O$16") -> 1008 | E30: =INDIRECT("'"&$A30&"'!$R$15") -> 19.673939 | F30: =INDIRECT("'"&$A30&"'!$S$15") -> 20.40373 | G30: =C30*E30 -> 11683.959 | H30: =D30*F30 -> 20566.959 | I30: =H30+G30 -> 32250.918
A31: =MID(CELL("nome.arquivo",'204 SUL - DURAN -ROSALES- MAT'!$A$1),SEARCH("]",CELL("nome.arquivo",'204 SUL - DURAN -ROSALES- MAT'!$A$1))+1,255) -> 204 SUL - DURAN -ROSALES- MAT | C31: =INDIRECT("'"&$A31&"'!$O$14") -> 779.94 | D31: =INDIRECT("'"&$A31&"'!$O$16") -> 735 | E31: =INDIRECT("'"&$A31&"'!$R$15") -> 20.457488 | F31: =INDIRECT("'"&$A31&"'!$S$15") -> 21.187279 | G31: =C31*E31 -> 15955.613 | H31: =D31*F31 -> 15572.65 | I31: =H31+G31 -> 31528.263
A32: =MID(CELL("nome.arquivo",'208 NORTE - ROSALES -MAT-VESP'!$A$1),SEARCH("]",CELL("nome.arquivo",'208 NORTE - ROSALES -MAT-VESP'!$A$1))+1,255) -> 208 NORTE - ROSALES -MAT-VESP | C32: =INDIRECT("'"&$A32&"'!$O$14") -> 2020.2 | D32: =INDIRECT("'"&$A32&"'!$O$16") -> 201.6 | E32: =INDIRECT("'"&$A32&"'!$R$15") -> 15.71179 | F32: =INDIRECT("'"&$A32&"'!$S$15") -> 16.44158 | G32: =C32*E32 -> 31740.957 | H32: =D32*F32 -> 3314.6226 | I32: =H32+G32 -> 35055.58
A33: =MID(CELL("nome.arquivo",'208 SUL - ROSALES - MAT-VESP'!$A$1),SEARCH("]",CELL("nome.arquivo",'208 SUL - ROSALES - MAT-VESP'!$A$1))+1,255) -> 208 SUL - ROSALES - MAT-VESP | C33: =INDIRECT("'"&$A33&"'!$O$14") -> 71.4 | D33: =INDIRECT("'"&$A33&"'!$O$16") -> 1092 | E33: =INDIRECT("'"&$A33&"'!$R$15") -> 24.974508 | F33: =INDIRECT("'"&$A33&"'!$S$15") -> 25.704299 | G33: =C33*E33 -> 1783.1799 | H33: =D33*F33 -> 28069.094 | I33: =H33+G33 -> 29852.274
A34: =MID(CELL("nome.arquivo",'TRAV DO CAFÉ-VERIS-CAND MAT-VES'!$A$1),SEARCH("]",CELL("nome.arquivo",'TRAV DO CAFÉ-VERIS-CAND MAT-VES'!$A$1))+1,255) -> TRAV DO CAFÉ-VERIS-CAND MAT-VES | C34: =INDIRECT("'"&$A34&"'!$O$14") -> 1050 | D34: =INDIRECT("'"&$A34&"'!$O$16") -> 390.6 | E34: =INDIRECT("'"&$A34&"'!$R$15") -> 21.193 | F34: =INDIRECT("'"&$A34&"'!$S$15") -> 21.922791 | G34: =C34*E34 -> 22252.651 | H34: =D34*F34 -> 8563.0422 | I34: =H34+G34 -> 30815.693
A35: =MID(CELL("nome.arquivo",'TRAV DO PEIXE-VERÍSSIMO - VESP'!$A$1),SEARCH("]",CELL("nome.arquivo",'TRAV DO PEIXE-VERÍSSIMO - VESP'!$A$1))+1,255) -> TRAV DO PEIXE-VERÍSSIMO - VESP | C35: =INDIRECT("'"&$A35&"'!$O$14") -> 252 | D35: =INDIRECT("'"&$A35&"'!$O$16") -> 210 | E35: =INDIRECT("'"&$A35&"'!$R$15") -> 54.102152 | F35: =INDIRECT("'"&$A35&"'!$S$15") -> 54.831942 | G35: =C35*E35 -> 13633.742 | H35: =D35*F35 -> 11514.708 | I35: =H35+G35 -> 25148.45
A36: =MID(CELL("nome.arquivo",'196 NORTE DURAN - MATUTINO'!$A$1),SEARCH("]",CELL("nome.arquivo",'196 NORTE DURAN - MATUTINO'!$A$1))+1,255) -> 196 NORTE DURAN - MATUTINO | C36: =INDIRECT("'"&$A36&"'!$O$14") -> 44.1 | D36: =INDIRECT("'"&$A36&"'!$O$16") -> 772.8 | E36: =INDIRECT("'"&$A36&"'!$R$15") -> 33.130042 | F36: =INDIRECT("'"&$A36&"'!$S$15") -> 33.859833 | G36: =C36*E36 -> 1461.0348 | H36: =D36*F36 -> 26166.879 | I36: =H36+G36 -> 27627.913
A37: =MID(CELL("nome.arquivo",'VERI 176 S RO 010 180-164 MAT'!$A$1),SEARCH("]",CELL("nome.arquivo",'VERI 176 S RO 010 180-164 MAT'!$A$1))+1,255) -> VERI 176 S RO 010 180-164 MAT | C37: =INDIRECT("'"&$A37&"'!$O$14") -> 630 | D37: =INDIRECT("'"&$A37&"'!$O$16") -> 714 | E37: =INDIRECT("'"&$A37&"'!$R$15") -> 22.340956 | F37: =INDIRECT("'"&$A37&"'!$S$15") -> 23.070747 | G37: =C37*E37 -> 14074.802 | H37: =D37*F37 -> 16472.513 | I37: =H37+G37 -> 30547.316
C38: =SUM(C9:C37) -> 16750.02 | D38: =SUM(D9:D37) -> 26598.6 | G38: =SUM(G9:G37) -> 326364.12 | H38: =SUM(H9:H37) -> 589168.44 | I38: =SUM(I9:I37) -> 915532.56
G40: Custo Médio KM Pavimentado | H40: Custo Médio KM NÃO Pavimentado | I40: Custo Médio KM
G41: =G38/C38 -> 19.484402 | H41: =H38/D38 -> 22.150355 | I41: =I38/(C38+D38) -> 21.120224

Sheet 188 SUL-DURAN-TANCREDO-MAT
C2: Estado de Rondônia
H3: TRANSPORTE ESCOLAR RURAL - CÁCULO DO CUSTO MENSAL POR QUILÔMETRO.
E7: Veículo: | F7: ÔNIBUS: | K7: REGIONAL - CACOAL
A9: MUNICÍPIO - ROLIM DE MOURA | I9: ÔNIBUS RURAL ESCOLAR - ORE 3 | R9: PAVIMENTADO | S9: NÃO PAVIMENTADO
R10: =K43 -> 4619.9511 | S10: =K45 -> 3496.5458
A11: DADOS DO VEÍCULO: | G11: valor FIPE | K11: DISTÂNCIA DA ROTA POR DIA: | O11: =O12+O13 -> 75.64 | P11: KM | R11: =K65/O18*O14 -> 11546.935 | S11: =K65/O18*O16 -> 7590.0099
A12: VEÍCULO NOVO: | E12: =Insumos!$B$4 -> 531068.38 | K12: TRECHO PAVIMENTADO: | O12: 45.64 | P12: KM | R12: =K72/O18*O14 -> 1112.6873 | S12: =K72/O18*O16 -> 731.38957
A13: VIDA ÚTIL DO VEÍCULO (ANOS): | E13: ='DEPRECIAÇÃO LINEAR'!D15 -> 10 | K13: TRECHO NÃO PAVIMENTADO: | O13: 30 | P13: KM | R13: =K79/O18*O14 -> 1662.4846 | S13: =K79/O18*O16 -> 1092.7813
A14: ANO DE FABRICAÇÃO: | E14: 2026 | K14: QUANTIDADE PERCORRIDA TRECHO PAVIMENTADO/MÊS: | O14: =O12*21 -> 958.44 | P14: KM | R14: =SUM(R10:R13) -> 18942.058 | S14: =SUM(S10:S13) -> 12910.727
A15: IDADE DO VEÍCULO: | E15: 0 | G15: anos | R15: =IFERROR(R14/O14,0) -> 19.763426 | S15: =IFERROR(S14/O16,0) -> 20.493217
A16: Nº DE LUGARES: | E16: =IF($F$7=$D$95,F104,IF($F$7=$D$107,F116,IF($F$7=$N$95,Q104,IF($F$7=$O$107,P116,"")))) -> ATÉ 59 ALUNOS | K16: QUANTIDADE PERCORRIDA TRECHO NÃO PAVIMENTADO/MÊS: | O16: =O13*21 -> 630 | P16: KM
R17: =R14+S14 -> 31852.785
K18: QUANTIDADE TOTAL DA ROTA MÊS: | O18: =O16+O14 -> 1588.44 | P18: KM | R18: =R17/O18 -> 20.052872
A19: PERCENTUAL DE DEPRECIAÇÃO
A20: ÍNDICE RESIDUAL DO VEÍCULO: 90% | O20: =K90 -> 20.052872 | R20: =K90 -> 20.052872
H21: LINHA 188 SUL - FRANCISCA DURAN - TANCREDO MATUTINO
A23: DADOS DE RODAGEM
A24: Nº DE PNEUS: | E24: =IF($F$7=$D$95,F100,IF($F$7=$D$107,F112,IF($F$7=$N$95,Q100,IF($F$7=$O$107,P112,"")))) -> 6
A25: PREÇO DO PNEU: | E25: =Insumos!$B$5 -> 2453.24
A26: Nº DE RECAPAGENS: | E26: 2
A27: VALOR DA RECAPAGEM: | E27: =Insumos!$B$6 -> 975.83
A28: VIDA ÚTIL DO PNEU COM AS RECAPAGENS: | E28: 100000
A31: DADOS DO COMBUSTÍVEL
A32: PREÇO DO LITRO DO DIESEL: | E32: =Insumos!$B$7 -> 7.6
A33: CONSUMO: | E33: =IF($F$7=$D$95,G103,IF($F$7=$D$107,G115,IF($F$7=$N$95,Q103,IF($F$7=$O$107,Q115,"")))) -> 2.6 | F33: km/l
A36: Item 1: CUSTOS VARIÁVEIS
E37: COEFICIENTE
A38: Item 1.1 | B38: COMBUSTÍVEL CONSUMO: | E38: =1/E33 -> 0.38461538 | F38: l/km | K38: =E32*E38 -> 2.9230769 | L38: por km
A39: Item 1.2 | B39: LUBRIFICANTES CONSUMO: | E39: 0.04 | F39: l/km | K39: =E39*E32 -> 0.304 | L39: por km
A40: Item 1.3 | B40: RODAGEM CONSUMO: | K40: =((E25*E24)+(E26*E24*E27))/E28 -> 0.264294 | L40: por km
A41: Item 1.4 | B41: MANUTENÇÃO CONSUMO: | E41: 3e-06 | F41: por veículo, sem rodagem | K41: =(E41*E12)-(K40) -> 1.3289111 | L41: por km
K42: =SUM(K38:K41) -> 4.8202821 | L42: por km
A43: TOTAL CUSTOS VARIÁVEIS - TRECHO PAVIMENTADO: | K43: =K42*O14 -> 4619.9511 | L43: por mês
A45: TOTAL CUSTOS VARIÁVEIS - TRECHO NÃO PAVIMENTADO: | K45: =K42*O16*1.1514 -> 3496.5458 | L45: por mês
A47: TOTAL DO TRECHO (PAVIMENTADO + NÃO PAVIMENTADO): | K47: =K43+K45 -> 8116.497 | L47: por mês
A49: ITEM 02: CUSTOS FIXOS
H50: Faixa de Idade
A51: Item 2.1 | C51: Despesa de Depreciação do veículo: | K51: =IF(L51="LINEAR",'DEPRECIAÇÃO LINEAR'!H23,(VLOOKUP(E15,'DEPRECIAÇÃO LINEAR'!W12:AM25,17,0))) -> 3983.0129 | L51: LINEAR
A52: Item 2.3 | C52: Custo com Pessoal:
B53: Subitem 2.3.1 | C53: Motorista: | K53: ='Motorista de Veiculo Pesado'!E90 -> 8468.4608
B54: Subitem 2.3.2 | C54: Monitor | K54: ='Monitor de Transporte Escolar'!E90 -> 4485.7265
A55: Item 2.4 | C55: Tributos relativos ao veículo:
B56: Subitem 2.4.1 | C56: IPVA: (1% sobre o valor do veículo): | J56: =1/100*E12 -> 5310.6838 | K56: =J56/12 -> 442.55698
B57: Subitem 2.4.2 | C57: Licenciamento anual: | J57: 230.25 | K57: =J57/12 -> 19.1875
B58: Subitem 2.4.3 | C58: Vistoria: | J58: 161.8 | K58: =J58/12 -> 13.483333
A59: Item 2.5 | C59: Seguro DPVAT: | J59: 0 | K59: =J59/12 -> 0
A60: Item 2.6 | C60: Custo de Lavagem do veículo | J60: =Insumos!$B$8 -> 350.88 | K60: =4*J60 -> 1403.52
A61: Item 2.7 | C61: Seguro de Terceiros: | J61: =Insumos!$B$9 -> 2680.95 | K61: =J61/12 -> 223.4125
A62: Item 2.8 | C62: Monitoramento Veicular: | J62: =Insumos!$B$10 -> 932.23 | K62: =J62/12 -> 77.685833
A63: Item 2.9 | C63: Cronotacógrafo: | J63: =Insumos!$B$11 -> 471.82 | K63: =J63/24 -> 19.659167
A64: Item 2.10 | C64: Plotagem (Programa Estadual de Transporte Escolar Ir e Vir) (par) | J64: =Insumos!$B$12 -> 14.3724 | K64: =J64/60 -> 0.23954
A65: TOTAL DOS CUSTOS FIXOS | K65: =SUM(K51:K64) -> 19136.945 | L65: por mês
A67: CUSTO VARIÁVEL + CUSTO FIXO | K67: =K47+K65 -> 27253.442
A69: ITEM 03: CUSTO INDIRETO E LUCRO | I69: PERCENTUAL
A70: Item 3.1 | C70: Custo Indireto: | I70: =Insumos!$B$15 -> 0.0266 | K70: =I70*K67 -> 724.94156
A71: Item 3.2 | C71: Lucro Bruto: | I71: =Insumos!$B$16 -> 0.04 | K71: =I71*(K67+K70) -> 1119.1353
J72: TOTAL: | K72: =SUM(K70:K71) -> 1844.0769 | L72: por mês
A74: ITEM 04: TRIBUTOS RELATIVOS AO FATUTRAMENTO
A75: Base de cálculo (Custos Váriaveis + Custo Fixo) | I75: ALÍQUOTA | K75: =K67+K72 -> 29097.519
A76: Item 4.1 | C76: ISS | I76: =Insumos!$B$18 -> 0.05 | K76: =$K$75/(1-(SUM($I$76:$J$78)))*I76 -> 1592.6392
A77: Item 4.2 | C77: PIS | I77: =Insumos!$B$19 -> 0.0065 | K77: =$K$75/(1-(SUM($I$76:$J$78)))*I77 -> 207.0431
A78: Item 4.3 | C78: COFINS | I78: =Insumos!$B$20 -> 0.03 | K78: =$K$75/(1-(SUM($I$76:$J$78)))*I78 -> 955.58354
A79: TOTAL DE TRIBUTOS: | K79: =SUM(K76:K78) -> 2755.2659 | L79: por mês
A82: TOTAL DO SERVIÇO PRESTADO:
A84: VALOR DO INTINERÁRIO AO MÊS
A85: Custos Váriaveis + Custos Fixos Custos Indiretos e Lucro + Tributos | K85: =K67+K72+K79 -> 31852.785
A89: CUSTO POR KM
A90: Valor do Intinerário / Quantidade de Km percorrida no mês (trecho pavimentado). | K90: =K85/O18 -> 20.052872 | L90: por Km | Q90: 17.73
B95: TIPO: | D95: ÔNIBUS: | L95: TIPO: | N95: MICRO ÔNIBUS
B97: VALOR: | F97: 288912 | L97: VALOR: | Q97: 271500
B98: VIDA ÚTIL: | F98: 10 | H98: ANOS | L98: VIDA ÚTIL: | Q98: 10 | R98: ANOS
B99: ANO DE FABRICAÇÃO | G99: 2018 | L99: ANO DE FABRICAÇÃO | Q99: 2018
B100: QUANTIDADE DE PNEUS: | F100: 6 | L100: QUANTIDADE DE PNEUS: | Q100: 6
B101: VIDA ÚTIL DO PNEU: | G101: 100000 | L101: VIDA ÚTIL DO PNEU: | Q101: 100000
B102: PREÇO DO PNEU: | G102: 1533.77 | L102: PREÇO DO PNEU: | Q102: 860.69
B103: CONSUMO: | G103: 2.6 | H103: K/L | L103: CONSUMO: | Q103: 4.7
B104: Nº DE LUGARES: | F104: ATÉ 59 ALUNOS | L104: Nº DE LUGARES: | Q104: ATÉ 29 ALUNOS
B107: TIPO: | D107: VAN | L107: TIPO: | O107: KOMBI
B109: VALOR: | F109: 400 | L109: VALOR: | P109: KOMBI
B110: VIDA ÚTIL: | F110: 10 | H110: ANOS | L110: VIDA ÚTIL: | P110: 8 | R110: ANOS
B111: ANO DE FABRICAÇÃO | G111: VAN 2015 | L111: ANO DE FABRICAÇÃO | Q111: KOMBI 2015
B112: QUANTIDADE DE PNEUS: | F112: VAN6 | L112: QUANTIDADE DE PNEUS: | P112: KOMBI6
B113: VIDA ÚTIL DO PNEU: | G113: VAN 80.000 | L113: VIDA ÚTIL DO PNEU: | Q113: KOMBI 80.000
B114: PREÇO DO PNEU: | G114: 400 | L114: PREÇO DO PNEU: | Q114: 4444
B115: CONSUMO: | G115: 2 | H115: K/L | L115: CONSUMO: | Q115: 4 | R115: K/L
B116: Nº DE LUGARES: | F116: ATÉ 36 VAN | L116: Nº DE LUGARES: | P116: ATÉ 36 KIMBI
Q119: ÔNIBUS: | T119: LINEAR
Q120: MICRO ÔNIBUS | T120: MÉTODO DE COLE
Q121: VAN
B122: TRECHO PAVIMENTADO | Q122: KOMBI
B126: KM MAXIMO POR TRECHO | C126: CUSTO VARIAVEL | F126: CUSTOS INDIRETOS | I126: LUCRO | L126: TRIBUTOS
B127: 40 | C127: =$K$42*(B127*21) -> 4049.0369 | F127: =(C127+$K$65)*0.05 -> 1159.2991 | I127: =(C127+$K$65+F127)*6% -> 1460.7169 | L127: =(C127+$K$65+F127+I127)*14.25% -> 3677.3547
B128: 50 | C128: =$K$42*(B128*21) -> 5061.2962 | F128: =(C128+$K$65)*0.05 -> 1209.9121 | I128: =(C128+$K$65+F128)*6% -> 1524.4892 | L128: =(C128+$K$65+F128+I128)*14.25% -> 3837.9015
B129: 60 | C129: =$K$42*(B129*21) -> 6073.5554 | F129: =(C129+$K$65)*0.05 -> 1260.525 | I129: =(C129+$K$65+F129)*6% -> 1588.2615 | L129: =(C129+$K$65+F129+I129)*14.25% -> 3998.4484
B130: 70 | C130: =$K$42*(B130*21) -> 7085.8146 | F130: =(C130+$K$65)*0.05 -> 1311.138 | I130: =(C130+$K$65+F130)*6% -> 1652.0339 | L130: =(C130+$K$65+F130+I130)*14.25% -> 4158.9952
B131: 80 | C131: =$K$42*(B131*21) -> 8098.0739 | F131: =(C131+$K$65)*0.05 -> 1361.7509 | I131: =(C131+$K$65+F131)*6% -> 1715.8062 | L131: =(C131+$K$65+F131+I131)*14.25% -> 4319.5421
B132: 90 | C132: =$K$42*(B132*21) -> 9110.3331 | F132: =(C132+$K$65)*0.05 -> 1412.3639 | I132: =(C132+$K$65+F132)*6% -> 1779.5785 | L132: =(C132+$K$65+F132+I132)*14.25% -> 4480.0889
B133: 100 | C133: =$K$42*(B133*21) -> 10122.592 | F133: =(C133+$K$65)*0.05 -> 1462.9769 | I133: =(C133+$K$65+F133)*6% -> 1843.3509 | L133: =(C133+$K$65+F133+I133)*14.25% -> 4640.6358
B134: 110 | C134: =$K$42*(B134*21) -> 11134.852 | F134: =(C134+$K$65)*0.05 -> 1513.5898 | I134: =(C134+$K$65+F134)*6% -> 1907.1232 | L134: =(C134+$K$65+F134+I134)*14.25% -> 4801.1826
B135: 120 | C135: =$K$42*(B135*21) -> 12147.111 | F135: =(C135+$K$65)*0.05 -> 1564.2028 | I135: =(C135+$K$65+F135)*6% -> 1970.8955 | L135: =(C135+$K$65+F135+I135)*14.25% -> 4961.7295
...

Sheet 188 SUL-DURAN-MAT
C2: Estado de Rondônia
H3: TRANSPORTE ESCOLAR RURAL - CÁCULO DO CUSTO MENSAL POR QUILÔMETRO.
E7: Veículo: | F7: ÔNIBUS: | K7: REGIONAL - CACOAL
A9: MUNICÍPIO - ROLIM DE MOURA | I9: ÔNIBUS RURAL ESCOLAR - ORE 3 | R9: PAVIMENTADO | S9: NÃO PAVIMENTADO
R10: =K43 -> 3652.2313 | S10: =K45 -> 6526.8856
A11: DADOS DO VEÍCULO: | G11: valor FIPE | K11: DISTÂNCIA DA ROTA POR DIA: | O11: =O12+O13 -> 92.08 | P11: KM | R11: =K65/O18*O14 -> 7498.4902 | S11: =K65/O18*O16 -> 11638.455
A12: VEÍCULO NOVO: | E12: =Insumos!$B$4 -> 531068.38 | K12: TRECHO PAVIMENTADO: | O12: 36.08 | P12: KM | R12: =K72/O18*O14 -> 777.25677 | S12: =K72/O18*O16 -> 1206.3852
A13: VIDA ÚTIL DO VEÍCULO (ANOS): | E13: ='DEPRECIAÇÃO LINEAR'!D15 -> 10 | K13: TRECHO NÃO PAVIMENTADO: | O13: 56 | P13: KM | R13: =K79/O18*O14 -> 1161.3122 | S13: =K79/O18*O16 -> 1802.4802
A14: ANO DE FABRICAÇÃO: | E14: 2026 | K14: QUANTIDADE PERCORRIDA TRECHO PAVIMENTADO/MÊS: | O14: =O12*21 -> 757.68 | P14: KM | R14: =SUM(R10:R13) -> 13089.29 | S14: =SUM(S10:S13) -> 21174.206
A15: IDADE DO VEÍCULO: | E15: 0 | G15: anos | R15: =IFERROR(R14/O14,0) -> 17.275486 | S15: =IFERROR(S14/O16,0) -> 18.005277
A16: Nº DE LUGARES: | E16: =IF($F$7=$D$95,F104,IF($F$7=$D$107,F116,IF($F$7=$N$95,Q104,IF($F$7=$O$107,P116,"")))) -> ATÉ 59 ALUNOS | K16: QUANTIDADE PERCORRIDA TRECHO NÃO PAVIMENTADO/MÊS: | O16: =O13*21 -> 1176 | P16: KM
R17: =R14+S14 -> 34263.496
K18: QUANTIDADE TOTAL DA ROTA MÊS: | O18: =O16+O14 -> 1933.68 | P18: KM | R18: =R17/O18 -> 17.719321
A19: PERCENTUAL DE DEPRECIAÇÃO
A20: ÍNDICE RESIDUAL DO VEÍCULO: 90% | O20: =K90 -> 17.719321 | R20: =K90 -> 17.719321
H21: LINHA 188 SUL - FRANCISCA DURAN - MATUTINO
A23: DADOS DE RODAGEM
A24: Nº DE PNEUS: | E24: =IF($F$7=$D$95,F100,IF($F$7=$D$107,F112,IF($F$7=$N$95,Q100,IF($F$7=$O$107,P112,"")))) -> 6
A25: PREÇO DO PNEU: | E25: =Insumos!$B$5 -> 2453.24
A26: Nº DE RECAPAGENS: | E26: 2
A27: VALOR DA RECAPAGEM: | E27: =Insumos!$B$6 -> 975.83
A28: VIDA ÚTIL DO PNEU COM AS RECAPAGENS: | E28: 100000
A31: DADOS DO COMBUSTÍVEL
A32: PREÇO DO LITRO DO DIESEL: | E32: =Insumos!$B$7 -> 7.6
A33: CONSUMO: | E33: =IF($F$7=$D$95,G103,IF($F$7=$D$107,G115,IF($F$7=$N$95,Q103,IF($F$7=$O$107,Q115,"")))) -> 2.6 | F33: km/l
A36: Item 1: CUSTOS VARIÁVEIS
E37: COEFICIENTE
A38: Item 1.1 | B38: COMBUSTÍVEL CONSUMO: | E38: =1/E33 -> 0.38461538 | F38: l/km | K38: =E32*E38 -> 2.9230769 | L38: por km
A39: Item 1.2 | B39: LUBRIFICANTES CONSUMO: | E39: 0.04 | F39: l/km | K39: =E39*E32 -> 0.304 | L39: por km
A40: Item 1.3 | B40: RODAGEM CONSUMO: | K40: =((E25*E24)+(E26*E24*E27))/E28 -> 0.264294 | L40: por km
A41: Item 1.4 | B41: MANUTENÇÃO CONSUMO: | E41: 3e-06 | F41: por veículo, sem rodagem | K41: =(E41*E12)-(K40) -> 1.3289111 | L41: por km
K42: =SUM(K38:K41) -> 4.8202821 | L42: por km
A43: TOTAL CUSTOS VARIÁVEIS - TRECHO PAVIMENTADO: | K43: =K42*O14 -> 3652.2313 | L43: por mês
A45: TOTAL CUSTOS VARIÁVEIS - TRECHO NÃO PAVIMENTADO: | K45: =K42*O16*1.1514 -> 6526.8856 | L45: por mês
A47: TOTAL DO TRECHO (PAVIMENTADO + NÃO PAVIMENTADO): | K47: =K43+K45 -> 10179.117 | L47: por mês
A49: ITEM 02: CUSTOS FIXOS
H50: Faixa de Idade
A51: Item 2.1 | C51: Despesa de Depreciação do veículo: | K51: =IF(L51="LINEAR",'DEPRECIAÇÃO LINEAR'!H23,(VLOOKUP(E15,'DEPRECIAÇÃO LINEAR'!W12:AM25,17,0))) -> 3983.0129 | L51: LINEAR
A52: Item 2.3 | C52: Custo com Pessoal:
B53: Subitem 2.3.1 | C53: Motorista: | K53: ='Motorista de Veiculo Pesado'!E90 -> 8468.4608
B54: Subitem 2.3.2 | C54: Monitor | K54: ='Monitor de Transporte Escolar'!E90 -> 4485.7265
A55: Item 2.4 | C55: Tributos relativos ao veículo:
B56: Subitem 2.4.1 | C56: IPVA: (1% sobre o valor do veículo): | J56: =1/100*E12 -> 5310.6838 | K56: =J56/12 -> 442.55698
B57: Subitem 2.4.2 | C57: Licenciamento anual: | J57: 230.25 | K57: =J57/12 -> 19.1875
B58: Subitem 2.4.3 | C58: Vistoria: | J58: 161.8 | K58: =J58/12 -> 13.483333
A59: Item 2.5 | C59: Seguro DPVAT: | J59: 0 | K59: =J59/12 -> 0
A60: Item 2.6 | C60: Custo de Lavagem do veículo | J60: =Insumos!$B$8 -> 350.88 | K60: =4*J60 -> 1403.52
A61: Item 2.7 | C61: Seguro de Terceiros: | J61: =Insumos!$B$9 -> 2680.95 | K61: =J61/12 -> 223.4125
A62: Item 2.8 | C62: Monitoramento Veicular: | J62: =Insumos!$B$10 -> 932.23 | K62: =J62/12 -> 77.685833
A63: Item 2.9 | C63: Cronotacógrafo: | J63: =Insumos!$B$11 -> 471.82 | K63: =J63/24 -> 19.659167
A64: Item 2.10 | C64: Plotagem (Programa Estadual de Transporte Escolar Ir e Vir) | J64: =Insumos!$B$12 -> 14.3724 | K64: =J64/60 -> 0.23954
A65: TOTAL DOS CUSTOS FIXOS | K65: =SUM(K51:K64) -> 19136.945 | L65: por mês
A67: CUSTO VARIÁVEL + CUSTO FIXO | K67: =K47+K65 -> 29316.062
A69: ITEM 03: CUSTO INDIRETO E LUCRO | I69: PERCENTUAL
A70: Item 3.1 | C70: Custo Indireto: | I70: =Insumos!$B$15 -> 0.0266 | K70: =I70*K67 -> 779.80725
A71: Item 3.2 | C71: Lucro Bruto: | I71: =Insumos!$B$16 -> 0.04 | K71: =I71*(K67+K70) -> 1203.8348
J72: TOTAL: | K72: =SUM(K70:K71) -> 1983.642 | L72: por mês
A74: ITEM 04: TRIBUTOS RELATIVOS AO FATUTRAMENTO
A75: Base de cálculo (Custos Váriaveis + Custo Fixo) | I75: ALÍQUOTA | K75: =K67+K72 -> 31299.704
A76: Item 4.1 | C76: ISS | I76: =Insumos!$B$18 -> 0.05 | K76: =$K$75/(1-(SUM($I$76:$J$78)))*I76 -> 1713.1748
A77: Item 4.2 | C77: PIS | I77: =Insumos!$B$19 -> 0.0065 | K77: =$K$75/(1-(SUM($I$76:$J$78)))*I77 -> 222.71273
A78: Item 4.3 | C78: COFINS | I78: =Insumos!$B$20 -> 0.03 | K78: =$K$75/(1-(SUM($I$76:$J$78)))*I78 -> 1027.9049
A79: TOTAL DE TRIBUTOS: | K79: =SUM(K76:K78) -> 2963.7924 | L79: por mês
A82: TOTAL DO SERVIÇO PRESTADO:
A84: VALOR DO INTINERÁRIO AO MÊS
A85: Custos Váriaveis + Custos Fixos Custos Indiretos e Lucro + Tributos | K85: =K67+K72+K79 -> 34263.496
A89: CUSTO POR KM
A90: Valor do Intinerário / Quantidade de Km percorrida no mês (trecho pavimentado). | K90: =K85/O18 -> 17.719321 | L90: por Km | Q90: 17.73
B95: TIPO: | D95: ÔNIBUS: | L95: TIPO: | N95: MICRO ÔNIBUS
B97: VALOR: | F97: 288912 | L97: VALOR: | Q97: 271500
B98: VIDA ÚTIL: | F98: 10 | H98: ANOS | L98: VIDA ÚTIL: | Q98: 10 | R98: ANOS
B99: ANO DE FABRICAÇÃO | G99: 2018 | L99: ANO DE FABRICAÇÃO | Q99: 2018
B100: QUANTIDADE DE PNEUS: | F100: 6 | L100: QUANTIDADE DE PNEUS: | Q100: 6
B101: VIDA ÚTIL DO PNEU: | G101: 100000 | L101: VIDA ÚTIL DO PNEU: | Q101: 100000
B102: PREÇO DO PNEU: | G102: 1533.77 | L102: PREÇO DO PNEU: | Q102: 860.69
B103: CONSUMO: | G103: 2.6 | H103: K/L | L103: CONSUMO: | Q103: 4.7
B104: Nº DE LUGARES: | F104: ATÉ 59 ALUNOS | L104: Nº DE LUGARES: | Q104: ATÉ 29 ALUNOS
B107: TIPO: | D107: VAN | L107: TIPO: | O107: KOMBI
B109: VALOR: | F109: 400 | L109: VALOR: | P109: KOMBI
B110: VIDA ÚTIL: | F110: 10 | H110: ANOS | L110: VIDA ÚTIL: | P110: 8 | R110: ANOS
B111: ANO DE FABRICAÇÃO | G111: VAN 2015 | L111: ANO DE FABRICAÇÃO | Q111: KOMBI 2015
B112: QUANTIDADE DE PNEUS: | F112: VAN6 | L112: QUANTIDADE DE PNEUS: | P112: KOMBI6
B113: VIDA ÚTIL DO PNEU: | G113: VAN 80.000 | L113: VIDA ÚTIL DO PNEU: | Q113: KOMBI 80.000
B114: PREÇO DO PNEU: | G114: 400 | L114: PREÇO DO PNEU: | Q114: 4444
B115: CONSUMO: | G115: 2 | H115: K/L | L115: CONSUMO: | Q115: 4 | R115: K/L
B116: Nº DE LUGARES: | F116: ATÉ 36 VAN | L116: Nº DE LUGARES: | P116: ATÉ 36 KIMBI
Q119: ÔNIBUS: | T119: LINEAR
Q120: MICRO ÔNIBUS | T120: MÉTODO DE COLE
Q121: VAN
B122: TRECHO PAVIMENTADO | Q122: KOMBI
B126: KM MAXIMO POR TRECHO | C126: CUSTO VARIAVEL | F126: CUSTOS INDIRETOS | I126: LUCRO | L126: TRIBUTOS
B127: 40 | C127: =$K$42*(B127*21) -> 4049.0369 | F127: =(C127+$K$65)*0.05 -> 1159.2991 | I127: =(C127+$K$65+F127)*6% -> 1460.7169 | L127: =(C127+$K$65+F127+I127)*14.25% -> 3677.3547
B128: 50 | C128: =$K$42*(B128*21) -> 5061.2962 | F128: =(C128+$K$65)*0.05 -> 1209.9121 | I128: =(C128+$K$65+F128)*6% -> 1524.4892 | L128: =(C128+$K$65+F128+I128)*14.25% -> 3837.9015
B129: 60 | C129: =$K$42*(B129*21) -> 6073.5554 | F129: =(C129+$K$65)*0.05 -> 1260.525 | I129: =(C129+$K$65+F129)*6% -> 1588.2615 | L129: =(C129+$K$65+F129+I129)*14.25% -> 3998.4484
B130: 70 | C130: =$K$42*(B130*21) -> 7085.8146 | F130: =(C130+$K$65)*0.05 -> 1311.138 | I130: =(C130+$K$65+F130)*6% -> 1652.0339 | L130: =(C130+$K$65+F130+I130)*14.25% -> 4158.9952
B131: 80 | C131: =$K$42*(B131*21) -> 8098.0739 | F131: =(C131+$K$65)*0.05 -> 1361.7509 | I131: =(C131+$K$65+F131)*6% -> 1715.8062 | L131: =(C131+$K$65+F131+I131)*14.25% -> 4319.5421
B132: 90 | C132: =$K$42*(B132*21) -> 9110.3331 | F132: =(C132+$K$65)*0.05 -> 1412.3639 | I132: =(C132+$K$65+F132)*6% -> 1779.5785 | L132: =(C132+$K$65+F132+I132)*14.25% -> 4480.0889
B133: 100 | C133: =$K$42*(B133*21) -> 10122.592 | F133: =(C133+$K$65)*0.05 -> 1462.9769 | I133: =(C133+$K$65+F133)*6% -> 1843.3509 | L133: =(C133+$K$65+F133+I133)*14.25% -> 4640.6358
B134: 110 | C134: =$K$42*(B134*21) -> 11134.852 | F134: =(C134+$K$65)*0.05 -> 1513.5898 | I134: =(C134+$K$65+F134)*6% -> 1907.1232 | L134: =(C134+$K$65+F134+I134)*14.25% -> 4801.1826
B135: 120 | C135: =$K$42*(B135*21) -> 12147.111 | F135: =(C135+$K$65)*0.05 -> 1564.2028 | I135: =(C135+$K$65+F135)*6% -> 1970.8955 | L135: =(C135+$K$65+F135+I135)*14.25% -> 4961.7295
...

Sheet 172 SUL-VERISSIMO-TANC-MAT-VESP
C2: Estado de Rondônia
H3: TRANSPORTE ESCOLAR RURAL - CÁCULO DO CUSTO MENSAL POR QUILÔMETRO.
E7: Veículo: | F7: ÔNIBUS: | K7: REGIONAL - CACOAL
A9: MUNICÍPIO - ROLIM DE MOURA | I9: ÔNIBUS RURAL ESCOLAR - ORE 3 | R9: PAVIMENTADO | S9: NÃO PAVIMENTADO
R10: =K43 -> 5599.8181 | S10: =K45 -> 6993.0917
A11: DADOS DO VEÍCULO: | G11: valor FIPE | K11: DISTÂNCIA DA ROTA POR DIA: | O11: =O12+O13 -> 115.32 | P11: KM | R11: =K65/O18*O14 -> 9180.1578 | S11: =K65/O18*O16 -> 9956.7872
A12: VEÍCULO NOVO: | E12: =Insumos!$B$4 -> 531068.38 | K12: TRECHO PAVIMENTADO: | O12: 55.32 | P12: KM | R12: =K72/O18*O14 -> 1029.9195 | S12: =K72/O18*O16 -> 1117.0494
A13: VIDA ÚTIL DO VEÍCULO (ANOS): | E13: ='DEPRECIAÇÃO LINEAR'!D15 -> 10 | K13: TRECHO NÃO PAVIMENTADO: | O13: 60 | P13: KM | R13: =K79/O18*O14 -> 1538.8198 | S13: =K79/O18*O16 -> 1669.002
A14: ANO DE FABRICAÇÃO: | E14: 2026 | K14: QUANTIDADE PERCORRIDA TRECHO PAVIMENTADO/MÊS: | O14: =O12*21 -> 1161.72 | P14: KM | R14: =SUM(R10:R13) -> 17348.715 | S14: =SUM(S10:S13) -> 19735.93
A15: IDADE DO VEÍCULO: | E15: 0 | G15: anos | R15: =IFERROR(R14/O14,0) -> 14.933646 | S15: =IFERROR(S14/O16,0) -> 15.663437
A16: Nº DE LUGARES: | E16: =IF($F$7=$D$95,F104,IF($F$7=$D$107,F116,IF($F$7=$N$95,Q104,IF($F$7=$O$107,P116,"")))) -> ATÉ 59 ALUNOS | K16: QUANTIDADE PERCORRIDA TRECHO NÃO PAVIMENTADO/MÊS: | O16: =O13*21 -> 1260 | P16: KM
R17: =R14+S14 -> 37084.645
K18: QUANTIDADE TOTAL DA ROTA MÊS: | O18: =O16+O14 -> 2421.72 | P18: KM | R18: =R17/O18 -> 15.31335
A19: PERCENTUAL DE DEPRECIAÇÃO
A20: ÍNDICE RESIDUAL DO VEÍCULO: 90% | O20: =K90 -> 15.31335 | R20: =K90 -> 15.31335
H21: 172 SUL - VERÍSSIMO - TANCREDO - MAT-VESP
A23: DADOS DE RODAGEM
A24: Nº DE PNEUS: | E24: =IF($F$7=$D$95,F100,IF($F$7=$D$107,F112,IF($F$7=$N$95,Q100,IF($F$7=$O$107,P112,"")))) -> 6
A25: PREÇO DO PNEU: | E25: =Insumos!$B$5 -> 2453.24
A26: Nº DE RECAPAGENS: | E26: 2
A27: VALOR DA RECAPAGEM: | E27: =Insumos!$B$6 -> 975.83
A28: VIDA ÚTIL DO PNEU COM AS RECAPAGENS: | E28: 100000
A31: DADOS DO COMBUSTÍVEL
A32: PREÇO DO LITRO DO DIESEL: | E32: =Insumos!$B$7 -> 7.6
A33: CONSUMO: | E33: =IF($F$7=$D$95,G103,IF($F$7=$D$107,G115,IF($F$7=$N$95,Q103,IF($F$7=$O$107,Q115,"")))) -> 2.6 | F33: km/l
A36: Item 1: CUSTOS VARIÁVEIS
E37: COEFICIENTE
A38: Item 1.1 | B38: COMBUSTÍVEL CONSUMO: | E38: =1/E33 -> 0.38461538 | F38: l/km | K38: =E32*E38 -> 2.9230769 | L38: por km
A39: Item 1.2 | B39: LUBRIFICANTES CONSUMO: | E39: 0.04 | F39: l/km | K39: =E39*E32 -> 0.304 | L39: por km
A40: Item 1.3 | B40: RODAGEM CONSUMO: | K40: =((E25*E24)+(E26*E24*E27))/E28 -> 0.264294 | L40: por km
A41: Item 1.4 | B41: MANUTENÇÃO CONSUMO: | E41: 3e-06 | F41: por veículo, sem rodagem | K41: =(E41*E12)-(K40) -> 1.3289111 | L41: por km
K42: =SUM(K38:K41) -> 4.8202821 | L42: por km
A43: TOTAL CUSTOS VARIÁVEIS - TRECHO PAVIMENTADO: | K43: =K42*O14 -> 5599.8181 | L43: por mês
A45: TOTAL CUSTOS VARIÁVEIS - TRECHO NÃO PAVIMENTADO: | K45: =K42*O16*1.1514 -> 6993.0917 | L45: por mês
A47: TOTAL DO TRECHO (PAVIMENTADO + NÃO PAVIMENTADO): | K47: =K43+K45 -> 12592.91 | L47: por mês
A49: ITEM 02: CUSTOS FIXOS
H50: Faixa de Idade
A51: Item 2.1 | C51: Despesa de Depreciação do veículo: | K51: =IF(L51="LINEAR",'DEPRECIAÇÃO LINEAR'!H23,(VLOOKUP(E15,'DEPRECIAÇÃO LINEAR'!W12:AM25,17,0))) -> 3983.0129 | L51: LINEAR
A52: Item 2.3 | C52: Custo com Pessoal:
B53: Subitem 2.3.1 | C53: Motorista: | K53: ='Motorista de Veiculo Pesado'!E90 -> 8468.4608
B54: Subitem 2.3.2 | C54: Monitor | K54: ='Monitor de Transporte Escolar'!E90 -> 4485.7265
A55: Item 2.4 | C55: Tributos relativos ao veículo:
B56: Subitem 2.4.1 | C56: IPVA: (1% sobre o valor do veículo): | J56: =1/100*E12 -> 5310.6838 | K56: =J56/12 -> 442.55698
B57: Subitem 2.4.2 | C57: Licenciamento anual: | J57: 230.25 | K57: =J57/12 -> 19.1875
B58: Subitem 2.4.3 | C58: Vistoria: | J58: 161.8 | K58: =J58/12 -> 13.483333
A59: Item 2.5 | C59: Seguro DPVAT: | J59: 0 | K59: =J59/12 -> 0
A60: Item 2.6 | C60: Custo de Lavagem do veículo | J60: =Insumos!$B$8 -> 350.88 | K60: =4*J60 -> 1403.52
A61: Item 2.7 | C61: Seguro de Terceiros: | J61: =Insumos!$B$9 -> 2680.95 | K61: =J61/12 -> 223.4125
A62: Item 2.8 | C62: Monitoramento Veicular: | J62: =Insumos!$B$10 -> 932.23 | K62: =J62/12 -> 77.685833
A63: Item 2.9 | C63: Cronotacógrafo: | J63: =Insumos!$B$11 -> 471.82 | K63: =J63/24 -> 19.659167
A64: Item 2.10 | C64: Plotagem (Programa Estadual de Transporte Escolar Ir e Vir) | J64: =Insumos!$B$12 -> 14.3724 | K64: =J64/60 -> 0.23954
A65: TOTAL DOS CUSTOS FIXOS | K65: =SUM(K51:K64) -> 19136.945 | L65: por mês
A67: CUSTO VARIÁVEL + CUSTO FIXO | K67: =K47+K65 -> 31729.855
A69: ITEM 03: CUSTO INDIRETO E LUCRO | I69: PERCENTUAL
A70: Item 3.1 | C70: Custo Indireto: | I70: =Insumos!$B$15 -> 0.0266 | K70: =I70*K67 -> 844.01414
A71: Item 3.2 | C71: Lucro Bruto: | I71: =Insumos!$B$16 -> 0.04 | K71: =I71*(K67+K70) -> 1302.9548
J72: TOTAL: | K72: =SUM(K70:K71) -> 2146.9689 | L72: por mês
A74: ITEM 04: TRIBUTOS RELATIVOS AO FATUTRAMENTO
A75: Base de cálculo (Custos Váriaveis + Custo Fixo) | I75: ALÍQUOTA | K75: =K67+K72 -> 33876.824
A76: Item 4.1 | C76: ISS | I76: =Insumos!$B$18 -> 0.05 | K76: =$K$75/(1-(SUM($I$76:$J$78)))*I76 -> 1854.2323
A77: Item 4.2 | C77: PIS | I77: =Insumos!$B$19 -> 0.0065 | K77: =$K$75/(1-(SUM($I$76:$J$78)))*I77 -> 241.0502
A78: Item 4.3 | C78: COFINS | I78: =Insumos!$B$20 -> 0.03 | K78: =$K$75/(1-(SUM($I$76:$J$78)))*I78 -> 1112.5394
A79: TOTAL DE TRIBUTOS: | K79: =SUM(K76:K78) -> 3207.8218 | L79: por mês
A82: TOTAL DO SERVIÇO PRESTADO:
A84: VALOR DO INTINERÁRIO AO MÊS
A85: Custos Váriaveis + Custos Fixos Custos Indiretos e Lucro + Tributos | K85: =K67+K72+K79 -> 37084.645
A89: CUSTO POR KM
A90: Valor do Intinerário / Quantidade de Km percorrida no mês (trecho pavimentado). | K90: =K85/O18 -> 15.31335 | L90: por Km
B95: TIPO: | D95: ÔNIBUS: | L95: TIPO: | N95: MICRO ÔNIBUS
B97: VALOR: | F97: 288912 | L97: VALOR: | Q97: 271500
B98: VIDA ÚTIL: | F98: 10 | H98: ANOS | L98: VIDA ÚTIL: | Q98: 10 | R98: ANOS
B99: ANO DE FABRICAÇÃO | G99: 2018 | L99: ANO DE FABRICAÇÃO | Q99: 2018
B100: QUANTIDADE DE PNEUS: | F100: 6 | L100: QUANTIDADE DE PNEUS: | Q100: 6
B101: VIDA ÚTIL DO PNEU: | G101: 100000 | L101: VIDA ÚTIL DO PNEU: | Q101: 100000
B102: PREÇO DO PNEU: | G102: 1533.77 | L102: PREÇO DO PNEU: | Q102: 860.69
B103: CONSUMO: | G103: 2.6 | H103: K/L | L103: CONSUMO: | Q103: 4.7
B104: Nº DE LUGARES: | F104: ATÉ 59 ALUNOS | L104: Nº DE LUGARES: | Q104: ATÉ 29 ALUNOS
B107: TIPO: | D107: VAN | L107: TIPO: | O107: KOMBI
B109: VALOR: | F109: 400 | L109: VALOR: | P109: KOMBI
B110: VIDA ÚTIL: | F110: 10 | H110: ANOS | L110: VIDA ÚTIL: | P110: 8 | R110: ANOS
B111: ANO DE FABRICAÇÃO | G111: VAN 2015 | L111: ANO DE FABRICAÇÃO | Q111: KOMBI 2015
B112: QUANTIDADE DE PNEUS: | F112: VAN6 | L112: QUANTIDADE DE PNEUS: | P112: KOMBI6
B113: VIDA ÚTIL DO PNEU: | G113: VAN 80.000 | L113: VIDA ÚTIL DO PNEU: | Q113: KOMBI 80.000
B114: PREÇO DO PNEU: | G114: 400 | L114: PREÇO DO PNEU: | Q114: 4444
B115: CONSUMO: | G115: 2 | H115: K/L | L115: CONSUMO: | Q115: 4 | R115: K/L
B116: Nº DE LUGARES: | F116: ATÉ 36 VAN | L116: Nº DE LUGARES: | P116: ATÉ 36 KIMBI
Q119: ÔNIBUS: | T119: LINEAR
Q120: MICRO ÔNIBUS | T120: MÉTODO DE COLE
Q121: VAN
B122: TRECHO PAVIMENTADO | Q122: KOMBI
B126: KM MAXIMO POR TRECHO | C126: CUSTO VARIAVEL | F126: CUSTOS INDIRETOS | I126: LUCRO | L126: TRIBUTOS
B127: 40 | C127: =$K$42*(B127*21) -> 4049.0369 | F127: =(C127+$K$65)*0.05 -> 1159.2991 | I127: =(C127+$K$65+F127)*6% -> 1460.7169 | L127: =(C127+$K$65+F127+I127)*14.25% -> 3677.3547
B128: 50 | C128: =$K$42*(B128*21) -> 5061.2962 | F128: =(C128+$K$65)*0.05 -> 1209.9121 | I128: =(C128+$K$65+F128)*6% -> 1524.4892 | L128: =(C128+$K$65+F128+I128)*14.25% -> 3837.9015
B129: 60 | C129: =$K$42*(B129*21) -> 6073.5554 | F129: =(C129+$K$65)*0.05 -> 1260.525 | I129: =(C129+$K$65+F129)*6% -> 1588.2615 | L129: =(C129+$K$65+F129+I129)*14.25% -> 3998.4484
B130: 70 | C130: =$K$42*(B130*21) -> 7085.8146 | F130: =(C130+$K$65)*0.05 -> 1311.138 | I130: =(C130+$K$65+F130)*6% -> 1652.0339 | L130: =(C130+$K$65+F130+I130)*14.25% -> 4158.9952
B131: 80 | C131: =$K$42*(B131*21) -> 8098.0739 | F131: =(C131+$K$65)*0.05 -> 1361.7509 | I131: =(C131+$K$65+F131)*6% -> 1715.8062 | L131: =(C131+$K$65+F131+I131)*14.25% -> 4319.5421
B132: 90 | C132: =$K$42*(B132*21) -> 9110.3331 | F132: =(C132+$K$65)*0.05 -> 1412.3639 | I132: =(C132+$K$65+F132)*6% -> 1779.5785 | L132: =(C132+$K$65+F132+I132)*14.25% -> 4480.0889
B133: 100 | C133: =$K$42*(B133*21) -> 10122.592 | F133: =(C133+$K$65)*0.05 -> 1462.9769 | I133: =(C133+$K$65+F133)*6% -> 1843.3509 | L133: =(C133+$K$65+F133+I133)*14.25% -> 4640.6358
B134: 110 | C134: =$K$42*(B134*21) -> 11134.852 | F134: =(C134+$K$65)*0.05 -> 1513.5898 | I134: =(C134+$K$65+F134)*6% -> 1907.1232 | L134: =(C134+$K$65+F134+I134)*14.25% -> 4801.1826
B135: 120 | C135: =$K$42*(B135*21) -> 12147.111 | F135: =(C135+$K$65)*0.05 -> 1564.2028 | I135: =(C135+$K$65+F135)*6% -> 1970.8955 | L135: =(C135+$K$65+F135+I135)*14.25% -> 4961.7295
...

Sheet 172 SUL-VERISSIMO-MAT
C2: Estado de Rondônia
H3: TRANSPORTE ESCOLAR RURAL - CÁCULO DO CUSTO MENSAL POR QUILÔMETRO.
E7: Veículo: | F7: ÔNIBUS: | K7: REGIONAL - CACOAL
A9: MUNICÍPIO - ROLIM DE MOURA | I9: ÔNIBUS RURAL ESCOLAR - ORE 3 | R9: PAVIMENTADO | S9: NÃO PAVIMENTADO
R10: =K43 -> 870.54294 | S10: =K45 -> 5897.5073
A11: DADOS DO VEÍCULO: | G11: valor FIPE | K11: DISTÂNCIA DA ROTA POR DIA: | O11: =O12+O13 -> 59.2 | P11: KM | R11: =K65/O18*O14 -> 2780.0292 | S11: =K65/O18*O16 -> 16356.916
A12: VEÍCULO NOVO: | E12: =Insumos!$B$4 -> 531068.38 | K12: TRECHO PAVIMENTADO: | O12: 8.6 | P12: KM | R12: =K72/O18*O14 -> 254.6349 | S12: =K72/O18*O16 -> 1498.2007
A13: VIDA ÚTIL DO VEÍCULO (ANOS): | E13: ='DEPRECIAÇÃO LINEAR'!D15 -> 10 | K13: TRECHO NÃO PAVIMENTADO: | O13: 50.6 | P13: KM | R13: =K79/O18*O14 -> 380.45423 | S13: =K79/O18*O16 -> 2238.4865
A14: ANO DE FABRICAÇÃO: | E14: 2026 | K14: QUANTIDADE PERCORRIDA TRECHO PAVIMENTADO/MÊS: | O14: =O12*21 -> 180.6 | P14: KM | R14: =SUM(R10:R13) -> 4285.6612 | S14: =SUM(S10:S13) -> 25991.11
A15: IDADE DO VEÍCULO: | E15: 0 | G15: anos | R15: =IFERROR(R14/O14,0) -> 23.730129 | S15: =IFERROR(S14/O16,0) -> 24.459919
A16: Nº DE LUGARES: | E16: =IF($F$7=$D$95,F104,IF($F$7=$D$107,F116,IF($F$7=$N$95,Q104,IF($F$7=$O$107,P116,"")))) -> ATÉ 59 ALUNOS | K16: QUANTIDADE PERCORRIDA TRECHO NÃO PAVIMENTADO/MÊS: | O16: =O13*21 -> 1062.6 | P16: KM
R17: =R14+S14 -> 30276.772
K18: QUANTIDADE TOTAL DA ROTA MÊS: | O18: =O16+O14 -> 1243.2 | P18: KM | R18: =R17/O18 -> 24.353902
A19: PERCENTUAL DE DEPRECIAÇÃO
A20: ÍNDICE RESIDUAL DO VEÍCULO: 90% | O20: =K90 -> 24.353902 | R20: =K90 -> 24.353902
H21: 172 SUL - VERÍSSIMO - MAT
A23: DADOS DE RODAGEM
A24: Nº DE PNEUS: | E24: =IF($F$7=$D$95,F100,IF($F$7=$D$107,F112,IF($F$7=$N$95,Q100,IF($F$7=$O$107,P112,"")))) -> 6
A25: PREÇO DO PNEU: | E25: =Insumos!$B$5 -> 2453.24
A26: Nº DE RECAPAGENS: | E26: 2
A27: VALOR DA RECAPAGEM: | E27: =Insumos!$B$6 -> 975.83
A28: VIDA ÚTIL DO PNEU COM AS RECAPAGENS: | E28: 100000
A31: DADOS DO COMBUSTÍVEL
A32: PREÇO DO LITRO DO DIESEL: | E32: =Insumos!$B$7 -> 7.6
A33: CONSUMO: | E33: =IF($F$7=$D$95,G103,IF($F$7=$D$107,G115,IF($F$7=$N$95,Q103,IF($F$7=$O$107,Q115,"")))) -> 2.6 | F33: km/l
A36: Item 1: CUSTOS VARIÁVEIS
E37: COEFICIENTE
A38: Item 1.1 | B38: COMBUSTÍVEL CONSUMO: | E38: =1/E33 -> 0.38461538 | F38: l/km | K38: =E32*E38 -> 2.9230769 | L38: por km
A39: Item 1.2 | B39: LUBRIFICANTES CONSUMO: | E39: 0.04 | F39: l/km | K39: =E39*E32 -> 0.304 | L39: por km
A40: Item 1.3 | B40: RODAGEM CONSUMO: | K40: =((E25*E24)+(E26*E24*E27))/E28 -> 0.264294 | L40: por km
A41: Item 1.4 | B41: MANUTENÇÃO CONSUMO: | E41: 3e-06 | F41: por veículo, sem rodagem | K41: =(E41*E12)-(K40) -> 1.3289111 | L41: por km
K42: =SUM(K38:K41) -> 4.8202821 | L42: por km
A43: TOTAL CUSTOS VARIÁVEIS - TRECHO PAVIMENTADO: | K43: =K42*O14 -> 870.54294 | L43: por mês
A45: TOTAL CUSTOS VARIÁVEIS - TRECHO NÃO PAVIMENTADO: | K45: =K42*O16*1.1514 -> 5897.5073 | L45: por mês
A47: TOTAL DO TRECHO (PAVIMENTADO + NÃO PAVIMENTADO): | K47: =K43+K45 -> 6768.0503 | L47: por mês
A49: ITEM 02: CUSTOS FIXOS
H50: Faixa de Idade
A51: Item 2.1 | C51: Despesa de Depreciação do veículo: | K51: =IF(L51="LINEAR",'DEPRECIAÇÃO LINEAR'!H23,(VLOOKUP(E15,'DEPRECIAÇÃO LINEAR'!W12:AM25,17,0))) -> 3983.0129 | L51: LINEAR
A52: Item 2.3 | C52: Custo com Pessoal:
B53: Subitem 2.3.1 | C53: Motorista: | K53: ='Motorista de Veiculo Pesado'!E90 -> 8468.4608
B54: Subitem 2.3.2 | C54: Monitor | K54: ='Monitor de Transporte Escolar'!E90 -> 4485.7265
A55: Item 2.4 | C55: Tributos relativos ao veículo:
B56: Subitem 2.4.1 | C56: IPVA: (1% sobre o valor do veículo): | J56: =1/100*E12 -> 5310.6838 | K56: =J56/12 -> 442.55698
B57: Subitem 2.4.2 | C57: Licenciamento anual: | J57: 230.25 | K57: =J57/12 -> 19.1875
B58: Subitem 2.4.3 | C58: Vistoria: | J58: 161.8 | K58: =J58/12 -> 13.483333
A59: Item 2.5 | C59: Seguro DPVAT: | J59: 0 | K59: =J59/12 -> 0
A60: Item 2.6 | C60: Custo de Lavagem do veículo | J60: =Insumos!$B$8 -> 350.88 | K60: =4*J60 -> 1403.52
A61: Item 2.7 | C61: Seguro de Terceiros: | J61: =Insumos!$B$9 -> 2680.95 | K61: =J61/12 -> 223.4125
A62: Item 2.8 | C62: Monitoramento Veicular: | J62: =Insumos!$B$10 -> 932.23 | K62: =J62/12 -> 77.685833
A63: Item 2.9 | C63: Cronotacógrafo: | J63: =Insumos!$B$11 -> 471.82 | K63: =J63/24 -> 19.659167
A64: Item 2.10 | C64: Plotagem (Programa Estadual de Transporte Escolar Ir e Vir) | J64: =Insumos!$B$12 -> 14.3724 | K64: =J64/60 -> 0.23954
A65: TOTAL DOS CUSTOS FIXOS | K65: =SUM(K51:K64) -> 19136.945 | L65: por mês
A67: CUSTO VARIÁVEL + CUSTO FIXO | K67: =K47+K65 -> 25904.995
A69: ITEM 03: CUSTO INDIRETO E LUCRO | I69: PERCENTUAL
A70: Item 3.1 | C70: Custo Indireto: | I70: =Insumos!$B$15 -> 0.0266 | K70: =I70*K67 -> 689.07287
A71: Item 3.2 | C71: Lucro Bruto: | I71: =Insumos!$B$16 -> 0.04 | K71: =I71*(K67+K70) -> 1063.7627
J72: TOTAL: | K72: =SUM(K70:K71) -> 1752.8356 | L72: por mês
A74: ITEM 04: TRIBUTOS RELATIVOS AO FATUTRAMENTO
A75: Base de cálculo (Custos Váriaveis + Custo Fixo) | I75: ALÍQUOTA | K75: =K67+K72 -> 27657.831
A76: Item 4.1 | C76: ISS | I76: =Insumos!$B$18 -> 0.05 | K76: =$K$75/(1-(SUM($I$76:$J$78)))*I76 -> 1513.8386
A77: Item 4.2 | C77: PIS | I77: =Insumos!$B$19 -> 0.0065 | K77: =$K$75/(1-(SUM($I$76:$J$78)))*I77 -> 196.79902
A78: Item 4.3 | C78: COFINS | I78: =Insumos!$B$20 -> 0.03 | K78: =$K$75/(1-(SUM($I$76:$J$78)))*I78 -> 908.30315
A79: TOTAL DE TRIBUTOS: | K79: =SUM(K76:K78) -> 2618.9407 | L79: por mês
A82: TOTAL DO SERVIÇO PRESTADO:
A84: VALOR DO INTINERÁRIO AO MÊS
A85: Custos Váriaveis + Custos Fixos Custos Indiretos e Lucro + Tributos | K85: =K67+K72+K79 -> 30276.772
A89: CUSTO POR KM
A90: Valor do Intinerário / Quantidade de Km percorrida no mês (trecho pavimentado). | K90: =K85/O18 -> 24.353902 | L90: por Km
B95: TIPO: | D95: ÔNIBUS: | L95: TIPO: | N95: MICRO ÔNIBUS
B97: VALOR: | F97: 288912 | L97: VALOR: | Q97: 271500
B98: VIDA ÚTIL: | F98: 10 | H98: ANOS | L98: VIDA ÚTIL: | Q98: 10 | R98: ANOS
B99: ANO DE FABRICAÇÃO | G99: 2018 | L99: ANO DE FABRICAÇÃO | Q99: 2018
B100: QUANTIDADE DE PNEUS: | F100: 6 | L100: QUANTIDADE DE PNEUS: | Q100: 6
B101: VIDA ÚTIL DO PNEU: | G101: 100000 | L101: VIDA ÚTIL DO PNEU: | Q101: 100000
B102: PREÇO DO PNEU: | G102: 1533.77 | L102: PREÇO DO PNEU: | Q102: 860.69
B103: CONSUMO: | G103: 2.6 | H103: K/L | L103: CONSUMO: | Q103: 4.7
B104: Nº DE LUGARES: | F104: ATÉ 59 ALUNOS | L104: Nº DE LUGARES: | Q104: ATÉ 29 ALUNOS
B107: TIPO: | D107: VAN | L107: TIPO: | O107: KOMBI
B109: VALOR: | F109: 400 | L109: VALOR: | P109: KOMBI
B110: VIDA ÚTIL: | F110: 10 | H110: ANOS | L110: VIDA ÚTIL: | P110: 8 | R110: ANOS
B111: ANO DE FABRICAÇÃO | G111: VAN 2015 | L111: ANO DE FABRICAÇÃO | Q111: KOMBI 2015
B112: QUANTIDADE DE PNEUS: | F112: VAN6 | L112: QUANTIDADE DE PNEUS: | P112: KOMBI6
B113: VIDA ÚTIL DO PNEU: | G113: VAN 80.000 | L113: VIDA ÚTIL DO PNEU: | Q113: KOMBI 80.000
B114: PREÇO DO PNEU: | G114: 400 | L114: PREÇO DO PNEU: | Q114: 4444
B115: CONSUMO: | G115: 2 | H115: K/L | L115: CONSUMO: | Q115: 4 | R115: K/L
B116: Nº DE LUGARES: | F116: ATÉ 36 VAN | L116: Nº DE LUGARES: | P116: ATÉ 36 KIMBI
Q119: ÔNIBUS: | T119: LINEAR
Q120: MICRO ÔNIBUS | T120: MÉTODO DE COLE
Q121: VAN
B122: TRECHO PAVIMENTADO | Q122: KOMBI
B126: KM MAXIMO POR TRECHO | C126: CUSTO VARIAVEL | F126: CUSTOS INDIRETOS | I126: LUCRO | L126: TRIBUTOS
B127: 40 | C127: =$K$42*(B127*21) -> 4049.0369 | F127: =(C127+$K$65)*0.05 -> 1159.2991 | I127: =(C127+$K$65+F127)*6% -> 1460.7169 | L127: =(C127+$K$65+F127+I127)*14.25% -> 3677.3547
B128: 50 | C128: =$K$42*(B128*21) -> 5061.2962 | F128: =(C128+$K$65)*0.05 -> 1209.9121 | I128: =(C128+$K$65+F128)*6% -> 1524.4892 | L128: =(C128+$K$65+F128+I128)*14.25% -> 3837.9015
B129: 60 | C129: =$K$42*(B129*21) -> 6073.5554 | F129: =(C129+$K$65)*0.05 -> 1260.525 | I129: =(C129+$K$65+F129)*6% -> 1588.2615 | L129: =(C129+$K$65+F129+I129)*14.25% -> 3998.4484
B130: 70 | C130: =$K$42*(B130*21) -> 7085.8146 | F130: =(C130+$K$65)*0.05 -> 1311.138 | I130: =(C130+$K$65+F130)*6% -> 1652.0339 | L130: =(C130+$K$65+F130+I130)*14.25% -> 4158.9952
B131: 80 | C131: =$K$42*(B131*21) -> 8098.0739 | F131: =(C131+$K$65)*0.05 -> 1361.7509 | I131: =(C131+$K$65+F131)*6% -> 1715.8062 | L131: =(C131+$K$65+F131+I131)*14.25% -> 4319.5421
B132: 90 | C132: =$K$42*(B132*21) -> 9110.3331 | F132: =(C132+$K$65)*0.05 -> 1412.3639 | I132: =(C132+$K$65+F132)*6% -> 1779.5785 | L132: =(C132+$K$65+F132+I132)*14.25% -> 4480.0889
B133: 100 | C133: =$K$42*(B133*21) -> 10122.592 | F133: =(C133+$K$65)*0.05 -> 1462.9769 | I133: =(C133+$K$65+F133)*6% -> 1843.3509 | L133: =(C133+$K$65+F133+I133)*14.25% -> 4640.6358
B134: 110 | C134: =$K$42*(B134*21) -> 11134.852 | F134: =(C134+$K$65)*0.05 -> 1513.5898 | I134: =(C134+$K$65+F134)*6% -> 1907.1232 | L134: =(C134+$K$65+F134+I134)*14.25% -> 4801.1826
B135: 120 | C135: =$K$42*(B135*21) -> 12147.111 | F135: =(C135+$K$65)*0.05 -> 1564.2028 | I135: =(C135+$K$65+F135)*6% -> 1970.8955 | L135: =(C135+$K$65+F135+I135)*14.25% -> 4961.7295
...

Sheet 164 SUL-VERISSIMO MAT-VESP
C2: Estado de Rondônia
H3: TRANSPORTE ESCOLAR RURAL - CÁCULO DO CUSTO MENSAL POR QUILÔMETRO.
E7: Veículo: | F7: ÔNIBUS: | K7: REGIONAL - CACOAL
A9: MUNICÍPIO - ROLIM DE MOURA | I9: ÔNIBUS RURAL ESCOLAR - ORE 3 | R9: PAVIMENTADO | S9: NÃO PAVIMENTADO
R10: =K43 -> 4543.0194 | S10: =K45 -> 6993.0917
A11: DADOS DO VEÍCULO: | G11: valor FIPE | K11: DISTÂNCIA DA ROTA POR DIA: | O11: =O12+O13 -> 104.88 | P11: KM | R11: =K65/O18*O14 -> 8189.036 | S11: =K65/O18*O16 -> 10947.909
A12: VEÍCULO NOVO: | E12: =Insumos!$B$4 -> 531068.38 | K12: TRECHO PAVIMENTADO: | O12: 44.88 | P12: KM | R12: =K72/O18*O14 -> 888.12662 | S12: =K72/O18*O16 -> 1187.3351
A13: VIDA ÚTIL DO VEÍCULO (ANOS): | E13: ='DEPRECIAÇÃO LINEAR'!D15 -> 10 | K13: TRECHO NÃO PAVIMENTADO: | O13: 60 | P13: KM | R13: =K79/O18*O14 -> 1326.9647 | S13: =K79/O18*O16 -> 1774.017
A14: ANO DE FABRICAÇÃO: | E14: 2026 | K14: QUANTIDADE PERCORRIDA TRECHO PAVIMENTADO/MÊS: | O14: =O12*21 -> 942.48 | P14: KM | R14: =SUM(R10:R13) -> 14947.147 | S14: =SUM(S10:S13) -> 20902.353
A15: IDADE DO VEÍCULO: | E15: 0 | G15: anos | R15: =IFERROR(R14/O14,0) -> 15.859378 | S15: =IFERROR(S14/O16,0) -> 16.589169
A16: Nº DE LUGARES: | E16: =IF($F$7=$D$95,F104,IF($F$7=$D$107,F116,IF($F$7=$N$95,Q104,IF($F$7=$O$107,P116,"")))) -> ATÉ 59 ALUNOS | K16: QUANTIDADE PERCORRIDA TRECHO NÃO PAVIMENTADO/MÊS: | O16: =O13*21 -> 1260 | P16: KM
R17: =R14+S14 -> 35849.499
K18: QUANTIDADE TOTAL DA ROTA MÊS: | O18: =O16+O14 -> 2202.48 | P18: KM | R18: =R17/O18 -> 16.276879
A19: PERCENTUAL DE DEPRECIAÇÃO
A20: ÍNDICE RESIDUAL DO VEÍCULO: 90% | H20: 164 SUL - VERÍSSIMO - MAT/VESP | O20: =K90 -> 16.276879 | R20: =K90 -> 16.276879
A23: DADOS DE RODAGEM
A24: Nº DE PNEUS: | E24: =IF($F$7=$D$95,F100,IF($F$7=$D$107,F112,IF($F$7=$N$95,Q100,IF($F$7=$O$107,P112,"")))) -> 6
A25: PREÇO DO PNEU: | E25: =Insumos!$B$5 -> 2453.24
A26: Nº DE RECAPAGENS: | E26: 2
A27: VALOR DA RECAPAGEM: | E27: =Insumos!$B$6 -> 975.83
A28: VIDA ÚTIL DO PNEU COM AS RECAPAGENS: | E28: 100000
A31: DADOS DO COMBUSTÍVEL
A32: PREÇO DO LITRO DO DIESEL: | E32: =Insumos!$B$7 -> 7.6
A33: CONSUMO: | E33: =IF($F$7=$D$95,G103,IF($F$7=$D$107,G115,IF($F$7=$N$95,Q103,IF($F$7=$O$107,Q115,"")))) -> 2.6 | F33: km/l
A36: Item 1: CUSTOS VARIÁVEIS
E37: COEFICIENTE
A38: Item 1.1 | B38: COMBUSTÍVEL CONSUMO: | E38: =1/E33 -> 0.38461538 | F38: l/km | K38: =E32*E38 -> 2.9230769 | L38: por km
A39: Item 1.2 | B39: LUBRIFICANTES CONSUMO: | E39: 0.04 | F39: l/km | K39: =E39*E32 -> 0.304 | L39: por km
A40: Item 1.3 | B40: RODAGEM CONSUMO: | K40: =((E25*E24)+(E26*E24*E27))/E28 -> 0.264294 | L40: por km
A41: Item 1.4 | B41: MANUTENÇÃO CONSUMO: | E41: 3e-06 | F41: por veículo, sem rodagem | K41: =(E41*E12)-(K40) -> 1.3289111 | L41: por km
K42: =SUM(K38:K41) -> 4.8202821 | L42: por km
A43: TOTAL CUSTOS VARIÁVEIS - TRECHO PAVIMENTADO: | K43: =K42*O14 -> 4543.0194 | L43: por mês
A45: TOTAL CUSTOS VARIÁVEIS - TRECHO NÃO PAVIMENTADO: | K45: =K42*O16*1.1514 -> 6993.0917 | L45: por mês
A47: TOTAL DO TRECHO (PAVIMENTADO + NÃO PAVIMENTADO): | K47: =K43+K45 -> 11536.111 | L47: por mês
A49: ITEM 02: CUSTOS FIXOS
H50: Faixa de Idade
A51: Item 2.1 | C51: Despesa de Depreciação do veículo: | K51: =IF(L51="LINEAR",'DEPRECIAÇÃO LINEAR'!H23,(VLOOKUP(E15,'DEPRECIAÇÃO LINEAR'!W12:AM25,17,0))) -> 3983.0129 | L51: LINEAR
A52: Item 2.3 | C52: Custo com Pessoal:
B53: Subitem 2.3.1 | C53: Motorista: | K53: ='Motorista de Veiculo Pesado'!E90 -> 8468.4608
B54: Subitem 2.3.2 | C54: Monitor | K54: ='Monitor de Transporte Escolar'!E90 -> 4485.7265
A55: Item 2.4 | C55: Tributos relativos ao veículo:
B56: Subitem 2.4.1 | C56: IPVA: (1% sobre o valor do veículo): | J56: =1/100*E12 -> 5310.6838 | K56: =J56/12 -> 442.55698
B57: Subitem 2.4.2 | C57: Licenciamento anual: | J57: 230.25 | K57: =J57/12 -> 19.1875
B58: Subitem 2.4.3 | C58: Vistoria: | J58: 161.8 | K58: =J58/12 -> 13.483333
A59: Item 2.5 | C59: Seguro DPVAT: | J59: 0 | K59: =J59/12 -> 0
A60: Item 2.6 | C60: Custo de Lavagem do veículo | J60: =Insumos!$B$8 -> 350.88 | K60: =4*J60 -> 1403.52
A61: Item 2.7 | C61: Seguro de Terceiros: | J61: =Insumos!$B$9 -> 2680.95 | K61: =J61/12 -> 223.4125
A62: Item 2.8 | C62: Monitoramento Veicular: | J62: =Insumos!$B$10 -> 932.23 | K62: =J62/12 -> 77.685833
A63: Item 2.9 | C63: Cronotacógrafo: | J63: =Insumos!$B$11 -> 471.82 | K63: =J63/24 -> 19.659167
A64: Item 2.10 | C64: Plotagem (Programa Estadual de Transporte Escolar Ir e Vir) | J64: =Insumos!$B$12 -> 14.3724 | K64: =J64/60 -> 0.23954
A65: TOTAL DOS CUSTOS FIXOS | K65: =SUM(K51:K64) -> 19136.945 | L65: por mês
A67: CUSTO VARIÁVEL + CUSTO FIXO | K67: =K47+K65 -> 30673.056
A69: ITEM 03: CUSTO INDIRETO E LUCRO | I69: PERCENTUAL
A70: Item 3.1 | C70: Custo Indireto: | I70: =Insumos!$B$15 -> 0.0266 | K70: =I70*K67 -> 815.90329
A71: Item 3.2 | C71: Lucro Bruto: | I71: =Insumos!$B$16 -> 0.04 | K71: =I71*(K67+K70) -> 1259.5584
J72: TOTAL: | K72: =SUM(K70:K71) -> 2075.4617 | L72: por mês
A74: ITEM 04: TRIBUTOS RELATIVOS AO FATUTRAMENTO
A75: Base de cálculo (Custos Váriaveis + Custo Fixo) | I75: ALÍQUOTA | K75: =K67+K72 -> 32748.518
A76: Item 4.1 | C76: ISS | I76: =Insumos!$B$18 -> 0.05 | K76: =$K$75/(1-(SUM($I$76:$J$78)))*I76 -> 1792.475
A77: Item 4.2 | C77: PIS | I77: =Insumos!$B$19 -> 0.0065 | K77: =$K$75/(1-(SUM($I$76:$J$78)))*I77 -> 233.02175
A78: Item 4.3 | C78: COFINS | I78: =Insumos!$B$20 -> 0.03 | K78: =$K$75/(1-(SUM($I$76:$J$78)))*I78 -> 1075.485
A79: TOTAL DE TRIBUTOS: | K79: =SUM(K76:K78) -> 3100.9817 | L79: por mês
A82: TOTAL DO SERVIÇO PRESTADO:
A84: VALOR DO INTINERÁRIO AO MÊS
A85: Custos Váriaveis + Custos Fixos Custos Indiretos e Lucro + Tributos | K85: =K67+K72+K79 -> 35849.499
A89: CUSTO POR KM
A90: Valor do Intinerário / Quantidade de Km percorrida no mês (trecho pavimentado). | K90: =K85/O18 -> 16.276879 | L90: por Km
B95: TIPO: | D95: ÔNIBUS: | L95: TIPO: | N95: MICRO ÔNIBUS
B97: VALOR: | F97: 288912 | L97: VALOR: | Q97: 271500
B98: VIDA ÚTIL: | F98: 10 | H98: ANOS | L98: VIDA ÚTIL: | Q98: 10 | R98: ANOS
B99: ANO DE FABRICAÇÃO | G99: 2018 | L99: ANO DE FABRICAÇÃO | Q99: 2018
B100: QUANTIDADE DE PNEUS: | F100: 6 | L100: QUANTIDADE DE PNEUS: | Q100: 6
B101: VIDA ÚTIL DO PNEU: | G101: 100000 | L101: VIDA ÚTIL DO PNEU: | Q101: 100000
B102: PREÇO DO PNEU: | G102: 1533.77 | L102: PREÇO DO PNEU: | Q102: 860.69
B103: CONSUMO: | G103: 2.6 | H103: K/L | L103: CONSUMO: | Q103: 4.7
B104: Nº DE LUGARES: | F104: ATÉ 59 ALUNOS | L104: Nº DE LUGARES: | Q104: ATÉ 29 ALUNOS
B107: TIPO: | D107: VAN | L107: TIPO: | O107: KOMBI
B109: VALOR: | F109: 400 | L109: VALOR: | P109: KOMBI
B110: VIDA ÚTIL: | F110: 10 | H110: ANOS | L110: VIDA ÚTIL: | P110: 8 | R110: ANOS
B111: ANO DE FABRICAÇÃO | G111: VAN 2015 | L111: ANO DE FABRICAÇÃO | Q111: KOMBI 2015
B112: QUANTIDADE DE PNEUS: | F112: VAN6 | L112: QUANTIDADE DE PNEUS: | P112: KOMBI6
B113: VIDA ÚTIL DO PNEU: | G113: VAN 80.000 | L113: VIDA ÚTIL DO PNEU: | Q113: KOMBI 80.000
B114: PREÇO DO PNEU: | G114: 400 | L114: PREÇO DO PNEU: | Q114: 4444
B115: CONSUMO: | G115: 2 | H115: K/L | L115: CONSUMO: | Q115: 4 | R115: K/L
B116: Nº DE LUGARES: | F116: ATÉ 36 VAN | L116: Nº DE LUGARES: | P116: ATÉ 36 KIMBI
Q119: ÔNIBUS: | T119: LINEAR
Q120: MICRO ÔNIBUS | T120: MÉTODO DE COLE
Q121: VAN
B122: TRECHO PAVIMENTADO | Q122: KOMBI
B126: KM MAXIMO POR TRECHO | C126: CUSTO VARIAVEL | F126: CUSTOS INDIRETOS | I126: LUCRO | L126: TRIBUTOS
B127: 40 | C127: =$K$42*(B127*21) -> 4049.0369 | F127: =(C127+$K$65)*0.05 -> 1159.2991 | I127: =(C127+$K$65+F127)*6% -> 1460.7169 | L127: =(C127+$K$65+F127+I127)*14.25% -> 3677.3547
B128: 50 | C128: =$K$42*(B128*21) -> 5061.2962 | F128: =(C128+$K$65)*0.05 -> 1209.9121 | I128: =(C128+$K$65+F128)*6% -> 1524.4892 | L128: =(C128+$K$65+F128+I128)*14.25% -> 3837.9015
B129: 60 | C129: =$K$42*(B129*21) -> 6073.5554 | F129: =(C129+$K$65)*0.05 -> 1260.525 | I129: =(C129+$K$65+F129)*6% -> 1588.2615 | L129: =(C129+$K$65+F129+I129)*14.25% -> 3998.4484
B130: 70 | C130: =$K$42*(B130*21) -> 7085.8146 | F130: =(C130+$K$65)*0.05 -> 1311.138 | I130: =(C130+$K$65+F130)*6% -> 1652.0339 | L130: =(C130+$K$65+F130+I130)*14.25% -> 4158.9952
B131: 80 | C131: =$K$42*(B131*21) -> 8098.0739 | F131: =(C131+$K$65)*0.05 -> 1361.7509 | I131: =(C131+$K$65+F131)*6% -> 1715.8062 | L131: =(C131+$K$65+F131+I131)*14.25% -> 4319.5421
B132: 90 | C132: =$K$42*(B132*21) -> 9110.3331 | F132: =(C132+$K$65)*0.05 -> 1412.3639 | I132: =(C132+$K$65+F132)*6% -> 1779.5785 | L132: =(C132+$K$65+F132+I132)*14.25% -> 4480.0889
B133: 100 | C133: =$K$42*(B133*21) -> 10122.592 | F133: =(C133+$K$65)*0.05 -> 1462.9769 | I133: =(C133+$K$65+F133)*6% -> 1843.3509 | L133: =(C133+$K$65+F133+I133)*14.25% -> 4640.6358
B134: 110 | C134: =$K$42*(B134*21) -> 11134.852 | F134: =(C134+$K$65)*0.05 -> 1513.5898 | I134: =(C134+$K$65+F134)*6% -> 1907.1232 | L134: =(C134+$K$65+F134+I134)*14.25% -> 4801.1826
B135: 120 | C135: =$K$42*(B135*21) -> 12147.111 | F135: =(C135+$K$65)*0.05 -> 1564.2028 | I135: =(C135+$K$65+F135)*6% -> 1970.8955 | L135: =(C135+$K$65+F135+I135)*14.25% -> 4961.7295
B136: 130 | C136: =$K$42*(B136*21) -> 13159.37 | F136: =(C136+$K$65)*0.05 -> 1614.8158 | I136: =(C136+$K$65+F136)*6% -> 2034.6678 | L136: =(C136+$K$65+F136+I136)*14.25% -> 5122.2763
...

Sheet 160 SUL VERISSIMO MAT
C2: Estado de Rondônia
H3: TRANSPORTE ESCOLAR RURAL - CÁCULO DO CUSTO MENSAL POR QUILÔMETRO.
E7: Veículo: | F7: ÔNIBUS: | K7: REGIONAL - CACOAL
A9: MUNICÍPIO - ROLIM DE MOURA | I9: ÔNIBUS RURAL ESCOLAR - ORE 3 | R9: PAVIMENTADO | S9: NÃO PAVIMENTADO
R10: =K43 -> 3299.9651 | S10: =K45 -> 3263.4428
A11: DADOS DO VEÍCULO: | G11: valor FIPE | K11: DISTÂNCIA DA ROTA POR DIA: | O11: =O12+O13 -> 60.6 | P11: KM | R11: =K65/O18*O14 -> 10294.792 | S11: =K65/O18*O16 -> 8842.1528
A12: VEÍCULO NOVO: | E12: =Insumos!$B$4 -> 531068.38 | K12: TRECHO PAVIMENTADO: | O12: 32.6 | P12: KM | R12: =K72/O18*O14 -> 935.49556 | S12: =K72/O18*O16 -> 803.49312
A13: VIDA ÚTIL DO VEÍCULO (ANOS): | E13: ='DEPRECIAÇÃO LINEAR'!D15 -> 10 | K13: TRECHO NÃO PAVIMENTADO: | O13: 28 | P13: KM | R13: =K79/O18*O14 -> 1397.7394 | S13: =K79/O18*O16 -> 1200.5124
A14: ANO DE FABRICAÇÃO: | E14: 2026 | K14: QUANTIDADE PERCORRIDA TRECHO PAVIMENTADO/MÊS: | O14: =O12*21 -> 684.6 | P14: KM | R14: =SUM(R10:R13) -> 15927.992 | S14: =SUM(S10:S13) -> 14109.601
A15: IDADE DO VEÍCULO: | E15: 0 | G15: anos | R15: =IFERROR(R14/O14,0) -> 23.26613 | S15: =IFERROR(S14/O16,0) -> 23.99592
A16: Nº DE LUGARES: | E16: =IF($F$7=$D$95,F104,IF($F$7=$D$107,F116,IF($F$7=$N$95,Q104,IF($F$7=$O$107,P116,"")))) -> ATÉ 59 ALUNOS | K16: QUANTIDADE PERCORRIDA TRECHO NÃO PAVIMENTADO/MÊS: | O16: =O13*21 -> 588 | P16: KM
R17: =R14+S14 -> 30037.593
K18: QUANTIDADE TOTAL DA ROTA MÊS: | O18: =O16+O14 -> 1272.6 | P18: KM | R18: =R17/O18 -> 23.603327
A19: PERCENTUAL DE DEPRECIAÇÃO
A20: ÍNDICE RESIDUAL DO VEÍCULO: 90% | O20: =K90 -> 23.603327 | R20: =K90 -> 23.603327
H21: 160 SUL - VERÍSSIMO - MATUTINO
A23: DADOS DE RODAGEM
A24: Nº DE PNEUS: | E24: =IF($F$7=$D$95,F100,IF($F$7=$D$107,F112,IF($F$7=$N$95,Q100,IF($F$7=$O$107,P112,"")))) -> 6
A25: PREÇO DO PNEU: | E25: =Insumos!$B$5 -> 2453.24
A26: Nº DE RECAPAGENS: | E26: 2
A27: VALOR DA RECAPAGEM: | E27: =Insumos!$B$6 -> 975.83
A28: VIDA ÚTIL DO PNEU COM AS RECAPAGENS: | E28: 100000
A31: DADOS DO COMBUSTÍVEL
A32: PREÇO DO LITRO DO DIESEL: | E32: =Insumos!$B$7 -> 7.6
A33: CONSUMO: | E33: =IF($F$7=$D$95,G103,IF($F$7=$D$107,G115,IF($F$7=$N$95,Q103,IF($F$7=$O$107,Q115,"")))) -> 2.6 | F33: km/l
A36: Item 1: CUSTOS VARIÁVEIS
E37: COEFICIENTE
A38: Item 1.1 | B38: COMBUSTÍVEL CONSUMO: | E38: =1/E33 -> 0.38461538 | F38: l/km | K38: =E32*E38 -> 2.9230769 | L38: por km
A39: Item 1.2 | B39: LUBRIFICANTES CONSUMO: | E39: 0.04 | F39: l/km | K39: =E39*E32 -> 0.304 | L39: por km
A40: Item 1.3 | B40: RODAGEM CONSUMO: | K40: =((E25*E24)+(E26*E24*E27))/E28 -> 0.264294 | L40: por km
A41: Item 1.4 | B41: MANUTENÇÃO CONSUMO: | E41: 3e-06 | F41: por veículo, sem rodagem | K41: =(E41*E12)-(K40) -> 1.3289111 | L41: por km
K42: =SUM(K38:K41) -> 4.8202821 | L42: por km
A43: TOTAL CUSTOS VARIÁVEIS - TRECHO PAVIMENTADO: | K43: =K42*O14 -> 3299.9651 | L43: por mês
A45: TOTAL CUSTOS VARIÁVEIS - TRECHO NÃO PAVIMENTADO: | K45: =K42*O16*1.1514 -> 3263.4428 | L45: por mês
A47: TOTAL DO TRECHO (PAVIMENTADO + NÃO PAVIMENTADO): | K47: =K43+K45 -> 6563.4079 | L47: por mês
A49: ITEM 02: CUSTOS FIXOS
H50: Faixa de Idade
A51: Item 2.1 | C51: Despesa de Depreciação do veículo: | K51: =IF(L51="LINEAR",'DEPRECIAÇÃO LINEAR'!H23,(VLOOKUP(E15,'DEPRECIAÇÃO LINEAR'!W12:AM25,17,0))) -> 3983.0129 | L51: LINEAR
A52: Item 2.3 | C52: Custo com Pessoal:
B53: Subitem 2.3.1 | C53: Motorista: | K53: ='Motorista de Veiculo Pesado'!E90 -> 8468.4608
B54: Subitem 2.3.2 | C54: Monitor | K54: ='Monitor de Transporte Escolar'!E90 -> 4485.7265
A55: Item 2.4 | C55: Tributos relativos ao veículo:
B56: Subitem 2.4.1 | C56: IPVA: (1% sobre o valor do veículo): | J56: =1/100*E12 -> 5310.6838 | K56: =J56/12 -> 442.55698
B57: Subitem 2.4.2 | C57: Licenciamento anual: | J57: 230.25 | K57: =J57/12 -> 19.1875
B58: Subitem 2.4.3 | C58: Vistoria: | J58: 161.8 | K58: =J58/12 -> 13.483333
A59: Item 2.5 | C59: Seguro DPVAT: | J59: 0 | K59: =J59/12 -> 0
A60: Item 2.6 | C60: Custo de Lavagem do veículo | J60: =Insumos!$B$8 -> 350.88 | K60: =4*J60 -> 1403.52
A61: Item 2.7 | C61: Seguro de Terceiros: | J61: =Insumos!$B$9 -> 2680.95 | K61: =J61/12 -> 223.4125
A62: Item 2.8 | C62: Monitoramento Veicular: | J62: =Insumos!$B$10 -> 932.23 | K62: =J62/12 -> 77.685833
A63: Item 2.9 | C63: Cronotacógrafo: | J63: =Insumos!$B$11 -> 471.82 | K63: =J63/24 -> 19.659167
A64: Item 2.10 | C64: Plotagem (Programa Estadual de Transporte Escolar Ir e Vir) | J64: =Insumos!$B$12 -> 14.3724 | K64: =J64/60 -> 0.23954
A65: TOTAL DOS CUSTOS FIXOS | K65: =SUM(K51:K64) -> 19136.945 | L65: por mês
A67: CUSTO VARIÁVEL + CUSTO FIXO | K67: =K47+K65 -> 25700.353
A69: ITEM 03: CUSTO INDIRETO E LUCRO | I69: PERCENTUAL
A70: Item 3.1 | C70: Custo Indireto: | I70: =Insumos!$B$15 -> 0.0266 | K70: =I70*K67 -> 683.62939
A71: Item 3.2 | C71: Lucro Bruto: | I71: =Insumos!$B$16 -> 0.04 | K71: =I71*(K67+K70) -> 1055.3593
J72: TOTAL: | K72: =SUM(K70:K71) -> 1738.9887 | L72: por mês
A74: ITEM 04: TRIBUTOS RELATIVOS AO FATUTRAMENTO
A75: Base de cálculo (Custos Váriaveis + Custo Fixo) | I75: ALÍQUOTA | K75: =K67+K72 -> 27439.342
A76: Item 4.1 | C76: ISS | I76: =Insumos!$B$18 -> 0.05 | K76: =$K$75/(1-(SUM($I$76:$J$78)))*I76 -> 1501.8797
A77: Item 4.2 | C77: PIS | I77: =Insumos!$B$19 -> 0.0065 | K77: =$K$75/(1-(SUM($I$76:$J$78)))*I77 -> 195.24436
A78: Item 4.3 | C78: COFINS | I78: =Insumos!$B$20 -> 0.03 | K78: =$K$75/(1-(SUM($I$76:$J$78)))*I78 -> 901.1278
A79: TOTAL DE TRIBUTOS: | K79: =SUM(K76:K78) -> 2598.2518 | L79: por mês
A82: TOTAL DO SERVIÇO PRESTADO:
A84: VALOR DO INTINERÁRIO AO MÊS
A85: Custos Váriaveis + Custos Fixos Custos Indiretos e Lucro + Tributos | K85: =K67+K72+K79 -> 30037.593
A89: CUSTO POR KM
A90: Valor do Intinerário / Quantidade de Km percorrida no mês (trecho pavimentado). | K90: =K85/O18 -> 23.603327 | L90: por Km
B95: TIPO: | D95: ÔNIBUS: | L95: TIPO: | N95: MICRO ÔNIBUS
B97: VALOR: | F97: 288912 | L97: VALOR: | Q97: 271500
B98: VIDA ÚTIL: | F98: 10 | H98: ANOS | L98: VIDA ÚTIL: | Q98: 10 | R98: ANOS
B99: ANO DE FABRICAÇÃO | G99: 2018 | L99: ANO DE FABRICAÇÃO | Q99: 2018
B100: QUANTIDADE DE PNEUS: | F100: 6 | L100: QUANTIDADE DE PNEUS: | Q100: 6
B101: VIDA ÚTIL DO PNEU: | G101: 100000 | L101: VIDA ÚTIL DO PNEU: | Q101: 100000
B102: PREÇO DO PNEU: | G102: 1533.77 | L102: PREÇO DO PNEU: | Q102: 860.69
B103: CONSUMO: | G103: 2.6 | H103: K/L | L103: CONSUMO: | Q103: 4.7
B104: Nº DE LUGARES: | F104: ATÉ 59 ALUNOS | L104: Nº DE LUGARES: | Q104: ATÉ 29 ALUNOS
B107: TIPO: | D107: VAN | L107: TIPO: | O107: KOMBI
B109: VALOR: | F109: 400 | L109: VALOR: | P109: KOMBI
B110: VIDA ÚTIL: | F110: 10 | H110: ANOS | L110: VIDA ÚTIL: | P110: 8 | R110: ANOS
B111: ANO DE FABRICAÇÃO | G111: VAN 2015 | L111: ANO DE FABRICAÇÃO | Q111: KOMBI 2015
B112: QUANTIDADE DE PNEUS: | F112: VAN6 | L112: QUANTIDADE DE PNEUS: | P112: KOMBI6
B113: VIDA ÚTIL DO PNEU: | G113: VAN 80.000 | L113: VIDA ÚTIL DO PNEU: | Q113: KOMBI 80.000
B114: PREÇO DO PNEU: | G114: 400 | L114: PREÇO DO PNEU: | Q114: 4444
B115: CONSUMO: | G115: 2 | H115: K/L | L115: CONSUMO: | Q115: 4 | R115: K/L
B116: Nº DE LUGARES: | F116: ATÉ 36 VAN | L116: Nº DE LUGARES: | P116: ATÉ 36 KIMBI
Q119: ÔNIBUS: | T119: LINEAR
Q120: MICRO ÔNIBUS | T120: MÉTODO DE COLE
Q121: VAN
B122: TRECHO PAVIMENTADO | Q122: KOMBI
B126: KM MAXIMO POR TRECHO | C126: CUSTO VARIAVEL | F126: CUSTOS INDIRETOS | I126: LUCRO | L126: TRIBUTOS
B127: 40 | C127: =$K$42*(B127*21) -> 4049.0369 | F127: =(C127+$K$65)*0.05 -> 1159.2991 | I127: =(C127+$K$65+F127)*6% -> 1460.7169 | L127: =(C127+$K$65+F127+I127)*14.25% -> 3677.3547
B128: 50 | C128: =$K$42*(B128*21) -> 5061.2962 | F128: =(C128+$K$65)*0.05 -> 1209.9121 | I128: =(C128+$K$65+F128)*6% -> 1524.4892 | L128: =(C128+$K$65+F128+I128)*14.25% -> 3837.9015
B129: 60 | C129: =$K$42*(B129*21) -> 6073.5554 | F129: =(C129+$K$65)*0.05 -> 1260.525 | I129: =(C129+$K$65+F129)*6% -> 1588.2615 | L129: =(C129+$K$65+F129+I129)*14.25% -> 3998.4484
B130: 70 | C130: =$K$42*(B130*21) -> 7085.8146 | F130: =(C130+$K$65)*0.05 -> 1311.138 | I130: =(C130+$K$65+F130)*6% -> 1652.0339 | L130: =(C130+$K$65+F130+I130)*14.25% -> 4158.9952
B131: 80 | C131: =$K$42*(B131*21) -> 8098.0739 | F131: =(C131+$K$65)*0.05 -> 1361.7509 | I131: =(C131+$K$65+F131)*6% -> 1715.8062 | L131: =(C131+$K$65+F131+I131)*14.25% -> 4319.5421
B132: 90 | C132: =$K$42*(B132*21) -> 9110.3331 | F132: =(C132+$K$65)*0.05 -> 1412.3639 | I132: =(C132+$K$65+F132)*6% -> 1779.5785 | L132: =(C132+$K$65+F132+I132)*14.25% -> 4480.0889
B133: 100 | C133: =$K$42*(B133*21) -> 10122.592 | F133: =(C133+$K$65)*0.05 -> 1462.9769 | I133: =(C133+$K$65+F133)*6% -> 1843.3509 | L133: =(C133+$K$65+F133+I133)*14.25% -> 4640.6358
B134: 110 | C134: =$K$42*(B134*21) -> 11134.852 | F134: =(C134+$K$65)*0.05 -> 1513.5898 | I134: =(C134+$K$65+F134)*6% -> 1907.1232 | L134: =(C134+$K$65+F134+I134)*14.25% -> 4801.1826
B135: 120 | C135: =$K$42*(B135*21) -> 12147.111 | F135: =(C135+$K$65)*0.05 -> 1564.2028 | I135: =(C135+$K$65+F135)*6% -> 1970.8955 | L135: =(C135+$K$65+F135+I135)*14.25% -> 4961.7295
...

Sheet 168 NORTE-VERÍSSIMO-MAT-VESP
C2: Estado de Rondônia
H3: TRANSPORTE ESCOLAR RURAL - CÁCULO DO CUSTO MENSAL POR QUILÔMETRO.
E7: Veículo: | F7: ÔNIBUS: | K7: REGIONAL - CACOAL
A9: MUNICÍPIO - ROLIM DE MOURA | I9: ÔNIBUS RURAL ESCOLAR - ORE 3 | R9: PAVIMENTADO | S9: NÃO PAVIMENTADO
R10: =K43 -> 3336.4064 | S10: =K45 -> 6993.0917
A11: DADOS DO VEÍCULO: | G11: valor FIPE | K11: DISTÂNCIA DA ROTA POR DIA: | O11: =O12+O13 -> 92.96 | P11: KM | R11: =K65/O18*O14 -> 6785.2163 | S11: =K65/O18*O16 -> 12351.729
A12: VEÍCULO NOVO: | E12: =Insumos!$B$4 -> 531068.38 | K12: TRECHO PAVIMENTADO: | O12: 32.96 | P12: KM | R12: =K72/O18*O14 -> 706.9301 | S12: =K72/O18*O16 -> 1286.8873
A13: VIDA ÚTIL DO VEÍCULO (ANOS): | E13: ='DEPRECIAÇÃO LINEAR'!D15 -> 10 | K13: TRECHO NÃO PAVIMENTADO: | O13: 60 | P13: KM | R13: =K79/O18*O14 -> 1056.236 | S13: =K79/O18*O16 -> 1922.7597
A14: ANO DE FABRICAÇÃO: | E14: 2026 | K14: QUANTIDADE PERCORRIDA TRECHO PAVIMENTADO/MÊS: | O14: =O12*21 -> 692.16 | P14: KM | R14: =SUM(R10:R13) -> 11884.789 | S14: =SUM(S10:S13) -> 22554.467
A15: IDADE DO VEÍCULO: | E15: 0 | G15: anos | R15: =IFERROR(R14/O14,0) -> 17.17058 | S15: =IFERROR(S14/O16,0) -> 17.900371
A16: Nº DE LUGARES: | E16: =IF($F$7=$D$95,F104,IF($F$7=$D$107,F116,IF($F$7=$N$95,Q104,IF($F$7=$O$107,P116,"")))) -> ATÉ 59 ALUNOS | K16: QUANTIDADE PERCORRIDA TRECHO NÃO PAVIMENTADO/MÊS: | O16: =O13*21 -> 1260 | P16: KM
R17: =R14+S14 -> 34439.256
K18: QUANTIDADE TOTAL DA ROTA MÊS: | O18: =O16+O14 -> 1952.16 | P18: KM | R18: =R17/O18 -> 17.641616
A19: PERCENTUAL DE DEPRECIAÇÃO
A20: ÍNDICE RESIDUAL DO VEÍCULO: 90% | O20: =K90 -> 17.641616 | R20: =K90 -> 17.641616
H21: 168 NORTE-VERISSIMO- MAT/VESP
A23: DADOS DE RODAGEM
A24: Nº DE PNEUS: | E24: =IF($F$7=$D$95,F100,IF($F$7=$D$107,F112,IF($F$7=$N$95,Q100,IF($F$7=$O$107,P112,"")))) -> 6
A25: PREÇO DO PNEU: | E25: =Insumos!$B$5 -> 2453.24
A26: Nº DE RECAPAGENS: | E26: 2
A27: VALOR DA RECAPAGEM: | E27: =Insumos!$B$6 -> 975.83
A28: VIDA ÚTIL DO PNEU COM AS RECAPAGENS: | E28: 100000
A31: DADOS DO COMBUSTÍVEL
A32: PREÇO DO LITRO DO DIESEL: | E32: =Insumos!$B$7 -> 7.6
A33: CONSUMO: | E33: =IF($F$7=$D$95,G103,IF($F$7=$D$107,G115,IF($F$7=$N$95,Q103,IF($F$7=$O$107,Q115,"")))) -> 2.6 | F33: km/l
A36: Item 1: CUSTOS VARIÁVEIS
E37: COEFICIENTE
A38: Item 1.1 | B38: COMBUSTÍVEL CONSUMO: | E38: =1/E33 -> 0.38461538 | F38: l/km | K38: =E32*E38 -> 2.9230769 | L38: por km
A39: Item 1.2 | B39: LUBRIFICANTES CONSUMO: | E39: 0.04 | F39: l/km | K39: =E39*E32 -> 0.304 | L39: por km
A40: Item 1.3 | B40: RODAGEM CONSUMO: | K40: =((E25*E24)+(E26*E24*E27))/E28 -> 0.264294 | L40: por km
A41: Item 1.4 | B41: MANUTENÇÃO CONSUMO: | E41: 3e-06 | F41: por veículo, sem rodagem | K41: =(E41*E12)-(K40) -> 1.3289111 | L41: por km
K42: =SUM(K38:K41) -> 4.8202821 | L42: por km
A43: TOTAL CUSTOS VARIÁVEIS - TRECHO PAVIMENTADO: | K43: =K42*O14 -> 3336.4064 | L43: por mês
A45: TOTAL CUSTOS VARIÁVEIS - TRECHO NÃO PAVIMENTADO: | K45: =K42*O16*1.1514 -> 6993.0917 | L45: por mês
A47: TOTAL DO TRECHO (PAVIMENTADO + NÃO PAVIMENTADO): | K47: =K43+K45 -> 10329.498 | L47: por mês
A49: ITEM 02: CUSTOS FIXOS
H50: Faixa de Idade
A51: Item 2.1 | C51: Despesa de Depreciação do veículo: | K51: =IF(L51="LINEAR",'DEPRECIAÇÃO LINEAR'!H23,(VLOOKUP(E15,'DEPRECIAÇÃO LINEAR'!W12:AM25,17,0))) -> 3983.0129 | L51: LINEAR
A52: Item 2.3 | C52: Custo com Pessoal:
B53: Subitem 2.3.1 | C53: Motorista: | K53: ='Motorista de Veiculo Pesado'!E90 -> 8468.4608
B54: Subitem 2.3.2 | C54: Monitor | K54: ='Monitor de Transporte Escolar'!E90 -> 4485.7265
A55: Item 2.4 | C55: Tributos relativos ao veículo:
B56: Subitem 2.4.1 | C56: IPVA: (1% sobre o valor do veículo): | J56: =1/100*E12 -> 5310.6838 | K56: =J56/12 -> 442.55698
B57: Subitem 2.4.2 | C57: Licenciamento anual: | J57: 230.25 | K57: =J57/12 -> 19.1875
B58: Subitem 2.4.3 | C58: Vistoria: | J58: 161.8 | K58: =J58/12 -> 13.483333
A59: Item 2.5 | C59: Seguro DPVAT: | J59: 0 | K59: =J59/12 -> 0
A60: Item 2.6 | C60: Custo de Lavagem do veículo | J60: =Insumos!$B$8 -> 350.88 | K60: =4*J60 -> 1403.52
A61: Item 2.7 | C61: Seguro de Terceiros: | J61: =Insumos!$B$9 -> 2680.95 | K61: =J61/12 -> 223.4125
A62: Item 2.8 | C62: Monitoramento Veicular: | J62: =Insumos!$B$10 -> 932.23 | K62: =J62/12 -> 77.685833
A63: Item 2.9 | C63: Cronotacógrafo: | J63: =Insumos!$B$11 -> 471.82 | K63: =J63/24 -> 19.659167
A64: Item 2.10 | C64: Plotagem (Programa Estadual de Transporte Escolar Ir e Vir) | J64: =Insumos!$B$12 -> 14.3724 | K64: =J64/60 -> 0.23954
A65: TOTAL DOS CUSTOS FIXOS | K65: =SUM(K51:K64) -> 19136.945 | L65: por mês
A67: CUSTO VARIÁVEL + CUSTO FIXO | K67: =K47+K65 -> 29466.443
A69: ITEM 03: CUSTO INDIRETO E LUCRO | I69: PERCENTUAL
A70: Item 3.1 | C70: Custo Indireto: | I70: =Insumos!$B$15 -> 0.0266 | K70: =I70*K67 -> 783.80739
A71: Item 3.2 | C71: Lucro Bruto: | I71: =Insumos!$B$16 -> 0.04 | K71: =I71*(K67+K70) -> 1210.01
J72: TOTAL: | K72: =SUM(K70:K71) -> 1993.8174 | L72: por mês
A74: ITEM 04: TRIBUTOS RELATIVOS AO FATUTRAMENTO
A75: Base de cálculo (Custos Váriaveis + Custo Fixo) | I75: ALÍQUOTA | K75: =K67+K72 -> 31460.261
A76: Item 4.1 | C76: ISS | I76: =Insumos!$B$18 -> 0.05 | K76: =$K$75/(1-(SUM($I$76:$J$78)))*I76 -> 1721.9628
A77: Item 4.2 | C77: PIS | I77: =Insumos!$B$19 -> 0.0065 | K77: =$K$75/(1-(SUM($I$76:$J$78)))*I77 -> 223.85517
A78: Item 4.3 | C78: COFINS | I78: =Insumos!$B$20 -> 0.03 | K78: =$K$75/(1-(SUM($I$76:$J$78)))*I78 -> 1033.1777
A79: TOTAL DE TRIBUTOS: | K79: =SUM(K76:K78) -> 2978.9957 | L79: por mês
A82: TOTAL DO SERVIÇO PRESTADO:
A84: VALOR DO INTINERÁRIO AO MÊS
A85: Custos Váriaveis + Custos Fixos Custos Indiretos e Lucro + Tributos | K85: =K67+K72+K79 -> 34439.256
A89: CUSTO POR KM
A90: Valor do Intinerário / Quantidade de Km percorrida no mês (trecho pavimentado). | K90: =K85/O18 -> 17.641616 | L90: por Km
B95: TIPO: | D95: ÔNIBUS: | L95: TIPO: | N95: MICRO ÔNIBUS
B97: VALOR: | F97: 288912 | L97: VALOR: | Q97: 271500
B98: VIDA ÚTIL: | F98: 10 | H98: ANOS | L98: VIDA ÚTIL: | Q98: 10 | R98: ANOS
B99: ANO DE FABRICAÇÃO | G99: 2018 | L99: ANO DE FABRICAÇÃO | Q99: 2018
B100: QUANTIDADE DE PNEUS: | F100: 6 | L100: QUANTIDADE DE PNEUS: | Q100: 6
B101: VIDA ÚTIL DO PNEU: | G101: 100000 | L101: VIDA ÚTIL DO PNEU: | Q101: 100000
B102: PREÇO DO PNEU: | G102: 1533.77 | L102: PREÇO DO PNEU: | Q102: 860.69
B103: CONSUMO: | G103: 2.6 | H103: K/L | L103: CONSUMO: | Q103: 4.7
B104: Nº DE LUGARES: | F104: ATÉ 59 ALUNOS | L104: Nº DE LUGARES: | Q104: ATÉ 29 ALUNOS
B107: TIPO: | D107: VAN | L107: TIPO: | O107: KOMBI
B109: VALOR: | F109: 400 | L109: VALOR: | P109: KOMBI
B110: VIDA ÚTIL: | F110: 10 | H110: ANOS | L110: VIDA ÚTIL: | P110: 8 | R110: ANOS
B111: ANO DE FABRICAÇÃO | G111: VAN 2015 | L111: ANO DE FABRICAÇÃO | Q111: KOMBI 2015
B112: QUANTIDADE DE PNEUS: | F112: VAN6 | L112: QUANTIDADE DE PNEUS: | P112: KOMBI6
B113: VIDA ÚTIL DO PNEU: | G113: VAN 80.000 | L113: VIDA ÚTIL DO PNEU: | Q113: KOMBI 80.000
B114: PREÇO DO PNEU: | G114: 400 | L114: PREÇO DO PNEU: | Q114: 4444
B115: CONSUMO: | G115: 2 | H115: K/L | L115: CONSUMO: | Q115: 4 | R115: K/L
B116: Nº DE LUGARES: | F116: ATÉ 36 VAN | L116: Nº DE LUGARES: | P116: ATÉ 36 KIMBI
Q119: ÔNIBUS: | T119: LINEAR
Q120: MICRO ÔNIBUS | T120: MÉTODO DE COLE
Q121: VAN
B122: TRECHO PAVIMENTADO | Q122: KOMBI
B126: KM MAXIMO POR TRECHO | C126: CUSTO VARIAVEL | F126: CUSTOS INDIRETOS | I126: LUCRO | L126: TRIBUTOS
B127: 40 | C127: =$K$42*(B127*21) -> 4049.0369 | F127: =(C127+$K$65)*0.05 -> 1159.2991 | I127: =(C127+$K$65+F127)*6% -> 1460.7169 | L127: =(C127+$K$65+F127+I127)*14.25% -> 3677.3547
B128: 50 | C128: =$K$42*(B128*21) -> 5061.2962 | F128: =(C128+$K$65)*0.05 -> 1209.9121 | I128: =(C128+$K$65+F128)*6% -> 1524.4892 | L128: =(C128+$K$65+F128+I128)*14.25% -> 3837.9015
B129: 60 | C129: =$K$42*(B129*21) -> 6073.5554 | F129: =(C129+$K$65)*0.05 -> 1260.525 | I129: =(C129+$K$65+F129)*6% -> 1588.2615 | L129: =(C129+$K$65+F129+I129)*14.25% -> 3998.4484
B130: 70 | C130: =$K$42*(B130*21) -> 7085.8146 | F130: =(C130+$K$65)*0.05 -> 1311.138 | I130: =(C130+$K$65+F130)*6% -> 1652.0339 | L130: =(C130+$K$65+F130+I130)*14.25% -> 4158.9952
B131: 80 | C131: =$K$42*(B131*21) -> 8098.0739 | F131: =(C131+$K$65)*0.05 -> 1361.7509 | I131: =(C131+$K$65+F131)*6% -> 1715.8062 | L131: =(C131+$K$65+F131+I131)*14.25% -> 4319.5421
B132: 90 | C132: =$K$42*(B132*21) -> 9110.3331 | F132: =(C132+$K$65)*0.05 -> 1412.3639 | I132: =(C132+$K$65+F132)*6% -> 1779.5785 | L132: =(C132+$K$65+F132+I132)*14.25% -> 4480.0889
B133: 100 | C133: =$K$42*(B133*21) -> 10122.592 | F133: =(C133+$K$65)*0.05 -> 1462.9769 | I133: =(C133+$K$65+F133)*6% -> 1843.3509 | L133: =(C133+$K$65+F133+I133)*14.25% -> 4640.6358
B134: 110 | C134: =$K$42*(B134*21) -> 11134.852 | F134: =(C134+$K$65)*0.05 -> 1513.5898 | I134: =(C134+$K$65+F134)*6% -> 1907.1232 | L134: =(C134+$K$65+F134+I134)*14.25% -> 4801.1826
B135: 120 | C135: =$K$42*(B135*21) -> 12147.111 | F135: =(C135+$K$65)*0.05 -> 1564.2028 | I135: =(C135+$K$65+F135)*6% -> 1970.8955 | L135: =(C135+$K$65+F135+I135)*14.25% -> 4961.7295
...

Sheet 168 SUL-VERÍSSIMO-MAT-VESP
C2: Estado de Rondônia
H3: TRANSPORTE ESCOLAR RURAL - CÁCULO DO CUSTO MENSAL POR QUILÔMETRO.
E7: Veículo: | F7: ÔNIBUS: | K7: REGIONAL - CACOAL
A9: MUNICÍPIO - ROLIM DE MOURA | I9: ÔNIBUS RURAL ESCOLAR - ORE 3 | R9: PAVIMENTADO | S9: NÃO PAVIMENTADO
R10: =K43 -> 3336.4064 | S10: =K45 -> 6993.0917
A11: DADOS DO VEÍCULO: | G11: valor FIPE | K11: DISTÂNCIA DA ROTA POR DIA: | O11: =O12+O13 -> 92.96 | P11: KM | R11: =K65/O18*O14 -> 6785.2163 | S11: =K65/O18*O16 -> 12351.729
A12: VEÍCULO NOVO: | E12: =Insumos!$B$4 -> 531068.38 | K12: TRECHO PAVIMENTADO: | O12: 32.96 | P12: KM | R12: =K72/O18*O14 -> 706.9301 | S12: =K72/O18*O16 -> 1286.8873
A13: VIDA ÚTIL DO VEÍCULO (ANOS): | E13: ='DEPRECIAÇÃO LINEAR'!D15 -> 10 | K13: TRECHO NÃO PAVIMENTADO: | O13: 60 | P13: KM | R13: =K79/O18*O14 -> 1056.236 | S13: =K79/O18*O16 -> 1922.7597
A14: ANO DE FABRICAÇÃO: | E14: 2026 | K14: QUANTIDADE PERCORRIDA TRECHO PAVIMENTADO/MÊS: | O14: =O12*21 -> 692.16 | P14: KM | R14: =SUM(R10:R13) -> 11884.789 | S14: =SUM(S10:S13) -> 22554.467
A15: IDADE DO VEÍCULO: | E15: 0 | G15: anos | R15: =IFERROR(R14/O14,0) -> 17.17058 | S15: =IFERROR(S14/O16,0) -> 17.900371
A16: Nº DE LUGARES: | E16: =IF($F$7=$D$95,F104,IF($F$7=$D$107,F116,IF($F$7=$N$95,Q104,IF($F$7=$O$107,P116,"")))) -> ATÉ 59 ALUNOS | K16: QUANTIDADE PERCORRIDA TRECHO NÃO PAVIMENTADO/MÊS: | O16: =O13*21 -> 1260 | P16: KM
R17: =R14+S14 -> 34439.256
K18: QUANTIDADE TOTAL DA ROTA MÊS: | O18: =O16+O14 -> 1952.16 | P18: KM | R18: =R17/O18 -> 17.641616
A19: PERCENTUAL DE DEPRECIAÇÃO
A20: ÍNDICE RESIDUAL DO VEÍCULO: 90% | O20: =K90 -> 17.641616 | R20: =K90 -> 17.641616
H21: 168 SUL-VERISSIMO- MAT/VESP
A23: DADOS DE RODAGEM
A24: Nº DE PNEUS: | E24: =IF($F$7=$D$95,F100,IF($F$7=$D$107,F112,IF($F$7=$N$95,Q100,IF($F$7=$O$107,P112,"")))) -> 6
A25: PREÇO DO PNEU: | E25: =Insumos!$B$5 -> 2453.24
A26: Nº DE RECAPAGENS: | E26: 2
A27: VALOR DA RECAPAGEM: | E27: =Insumos!$B$6 -> 975.83
A28: VIDA ÚTIL DO PNEU COM AS RECAPAGENS: | E28: 100000
A31: DADOS DO COMBUSTÍVEL
A32: PREÇO DO LITRO DO DIESEL: | E32: =Insumos!$B$7 -> 7.6
A33: CONSUMO: | E33: =IF($F$7=$D$95,G103,IF($F$7=$D$107,G115,IF($F$7=$N$95,Q103,IF($F$7=$O$107,Q115,"")))) -> 2.6 | F33: km/l
A36: Item 1: CUSTOS VARIÁVEIS
E37: COEFICIENTE
A38: Item 1.1 | B38: COMBUSTÍVEL CONSUMO: | E38: =1/E33 -> 0.38461538 | F38: l/km | K38: =E32*E38 -> 2.9230769 | L38: por km
A39: Item 1.2 | B39: LUBRIFICANTES CONSUMO: | E39: 0.04 | F39: l/km | K39: =E39*E32 -> 0.304 | L39: por km
A40: Item 1.3 | B40: RODAGEM CONSUMO: | K40: =((E25*E24)+(E26*E24*E27))/E28 -> 0.264294 | L40: por km
A41: Item 1.4 | B41: MANUTENÇÃO CONSUMO: | E41: 3e-06 | F41: por veículo, sem rodagem | K41: =(E41*E12)-(K40) -> 1.3289111 | L41: por km
K42: =SUM(K38:K41) -> 4.8202821 | L42: por km
A43: TOTAL CUSTOS VARIÁVEIS - TRECHO PAVIMENTADO: | K43: =K42*O14 -> 3336.4064 | L43: por mês
A45: TOTAL CUSTOS VARIÁVEIS - TRECHO NÃO PAVIMENTADO: | K45: =K42*O16*1.1514 -> 6993.0917 | L45: por mês
A47: TOTAL DO TRECHO (PAVIMENTADO + NÃO PAVIMENTADO): | K47: =K43+K45 -> 10329.498 | L47: por mês
A49: ITEM 02: CUSTOS FIXOS
H50: Faixa de Idade
A51: Item 2.1 | C51: Despesa de Depreciação do veículo: | K51: =IF(L51="LINEAR",'DEPRECIAÇÃO LINEAR'!H23,(VLOOKUP(E15,'DEPRECIAÇÃO LINEAR'!W12:AM25,17,0))) -> 3983.0129 | L51: LINEAR
A52: Item 2.3 | C52: Custo com Pessoal:
B53: Subitem 2.3.1 | C53: Motorista: | K53: ='Motorista de Veiculo Pesado'!E90 -> 8468.4608
B54: Subitem 2.3.2 | C54: Monitor | K54: ='Monitor de Transporte Escolar'!E90 -> 4485.7265
A55: Item 2.4 | C55: Tributos relativos ao veículo:
B56: Subitem 2.4.1 | C56: IPVA: (1% sobre o valor do veículo): | J56: =1/100*E12 -> 5310.6838 | K56: =J56/12 -> 442.55698
B57: Subitem 2.4.2 | C57: Licenciamento anual: | J57: 230.25 | K57: =J57/12 -> 19.1875
B58: Subitem 2.4.3 | C58: Vistoria: | J58: 161.8 | K58: =J58/12 -> 13.483333
A59: Item 2.5 | C59: Seguro DPVAT: | J59: 0 | K59: =J59/12 -> 0
A60: Item 2.6 | C60: Custo de Lavagem do veículo | J60: =Insumos!$B$8 -> 350.88 | K60: =4*J60 -> 1403.52
A61: Item 2.7 | C61: Seguro de Terceiros: | J61: =Insumos!$B$9 -> 2680.95 | K61: =J61/12 -> 223.4125
A62: Item 2.8 | C62: Monitoramento Veicular: | J62: =Insumos!$B$10 -> 932.23 | K62: =J62/12 -> 77.685833
A63: Item 2.9 | C63: Cronotacógrafo: | J63: =Insumos!$B$11 -> 471.82 | K63: =J63/24 -> 19.659167
A64: Item 2.10 | C64: Plotagem (Programa Estadual de Transporte Escolar Ir e Vir) | J64: =Insumos!$B$12 -> 14.3724 | K64: =J64/60 -> 0.23954
A65: TOTAL DOS CUSTOS FIXOS | K65: =SUM(K51:K64) -> 19136.945 | L65: por mês
A67: CUSTO VARIÁVEL + CUSTO FIXO | K67: =K47+K65 -> 29466.443
A69: ITEM 03: CUSTO INDIRETO E LUCRO | I69: PERCENTUAL
A70: Item 3.1 | C70: Custo Indireto: | I70: =Insumos!$B$15 -> 0.0266 | K70: =I70*K67 -> 783.80739
A71: Item 3.2 | C71: Lucro Bruto: | I71: =Insumos!$B$16 -> 0.04 | K71: =I71*(K67+K70) -> 1210.01
J72: TOTAL: | K72: =SUM(K70:K71) -> 1993.8174 | L72: por mês
A74: ITEM 04: TRIBUTOS RELATIVOS AO FATUTRAMENTO
A75: Base de cálculo (Custos Váriaveis + Custo Fixo) | I75: ALÍQUOTA | K75: =K67+K72 -> 31460.261
A76: Item 4.1 | C76: ISS | I76: =Insumos!$B$18 -> 0.05 | K76: =$K$75/(1-(SUM($I$76:$J$78)))*I76 -> 1721.9628
A77: Item 4.2 | C77: PIS | I77: =Insumos!$B$19 -> 0.0065 | K77: =$K$75/(1-(SUM($I$76:$J$78)))*I77 -> 223.85517
A78: Item 4.3 | C78: COFINS | I78: =Insumos!$B$20 -> 0.03 | K78: =$K$75/(1-(SUM($I$76:$J$78)))*I78 -> 1033.1777
A79: TOTAL DE TRIBUTOS: | K79: =SUM(K76:K78) -> 2978.9957 | L79: por mês
A82: TOTAL DO SERVIÇO PRESTADO:
A84: VALOR DO INTINERÁRIO AO MÊS
A85: Custos Váriaveis + Custos Fixos Custos Indiretos e Lucro + Tributos | K85: =K67+K72+K79 -> 34439.256
A89: CUSTO POR KM
A90: Valor do Intinerário / Quantidade de Km percorrida no mês (trecho pavimentado). | K90: =K85/O18 -> 17.641616 | L90: por Km
B95: TIPO: | D95: ÔNIBUS: | L95: TIPO: | N95: MICRO ÔNIBUS
B97: VALOR: | F97: 288912 | L97: VALOR: | Q97: 271500
B98: VIDA ÚTIL: | F98: 10 | H98: ANOS | L98: VIDA ÚTIL: | Q98: 10 | R98: ANOS
B99: ANO DE FABRICAÇÃO | G99: 2018 | L99: ANO DE FABRICAÇÃO | Q99: 2018
B100: QUANTIDADE DE PNEUS: | F100: 6 | L100: QUANTIDADE DE PNEUS: | Q100: 6
B101: VIDA ÚTIL DO PNEU: | G101: 100000 | L101: VIDA ÚTIL DO PNEU: | Q101: 100000
B102: PREÇO DO PNEU: | G102: 1533.77 | L102: PREÇO DO PNEU: | Q102: 860.69
B103: CONSUMO: | G103: 2.6 | H103: K/L | L103: CONSUMO: | Q103: 4.7
B104: Nº DE LUGARES: | F104: ATÉ 59 ALUNOS | L104: Nº DE LUGARES: | Q104: ATÉ 29 ALUNOS
B107: TIPO: | D107: VAN | L107: TIPO: | O107: KOMBI
B109: VALOR: | F109: 400 | L109: VALOR: | P109: KOMBI
B110: VIDA ÚTIL: | F110: 10 | H110: ANOS | L110: VIDA ÚTIL: | P110: 8 | R110: ANOS
B111: ANO DE FABRICAÇÃO | G111: VAN 2015 | L111: ANO DE FABRICAÇÃO | Q111: KOMBI 2015
B112: QUANTIDADE DE PNEUS: | F112: VAN6 | L112: QUANTIDADE DE PNEUS: | P112: KOMBI6
B113: VIDA ÚTIL DO PNEU: | G113: VAN 80.000 | L113: VIDA ÚTIL DO PNEU: | Q113: KOMBI 80.000
B114: PREÇO DO PNEU: | G114: 400 | L114: PREÇO DO PNEU: | Q114: 4444
B115: CONSUMO: | G115: 2 | H115: K/L | L115: CONSUMO: | Q115: 4 | R115: K/L
B116: Nº DE LUGARES: | F116: ATÉ 36 VAN | L116: Nº DE LUGARES: | P116: ATÉ 36 KIMBI
Q119: ÔNIBUS: | T119: LINEAR
Q120: MICRO ÔNIBUS | T120: MÉTODO DE COLE
Q121: VAN
B122: TRECHO PAVIMENTADO | Q122: KOMBI
B126: KM MAXIMO POR TRECHO | C126: CUSTO VARIAVEL | F126: CUSTOS INDIRETOS | I126: LUCRO | L126: TRIBUTOS
B127: 40 | C127: =$K$42*(B127*21) -> 4049.0369 | F127: =(C127+$K$65)*0.05 -> 1159.2991 | I127: =(C127+$K$65+F127)*6% -> 1460.7169 | L127: =(C127+$K$65+F127+I127)*14.25% -> 3677.3547
B128: 50 | C128: =$K$42*(B128*21) -> 5061.2962 | F128: =(C128+$K$65)*0.05 -> 1209.9121 | I128: =(C128+$K$65+F128)*6% -> 1524.4892 | L128: =(C128+$K$65+F128+I128)*14.25% -> 3837.9015
B129: 60 | C129: =$K$42*(B129*21) -> 6073.5554 | F129: =(C129+$K$65)*0.05 -> 1260.525 | I129: =(C129+$K$65+F129)*6% -> 1588.2615 | L129: =(C129+$K$65+F129+I129)*14.25% -> 3998.4484
B130: 70 | C130: =$K$42*(B130*21) -> 7085.8146 | F130: =(C130+$K$65)*0.05 -> 1311.138 | I130: =(C130+$K$65+F130)*6% -> 1652.0339 | L130: =(C130+$K$65+F130+I130)*14.25% -> 4158.9952
B131: 80 | C131: =$K$42*(B131*21) -> 8098.0739 | F131: =(C131+$K$65)*0.05 -> 1361.7509 | I131: =(C131+$K$65+F131)*6% -> 1715.8062 | L131: =(C131+$K$65+F131+I131)*14.25% -> 4319.5421
B132: 90 | C132: =$K$42*(B132*21) -> 9110.3331 | F132: =(C132+$K$65)*0.05 -> 1412.3639 | I132: =(C132+$K$65+F132)*6% -> 1779.5785 | L132: =(C132+$K$65+F132+I132)*14.25% -> 4480.0889
B133: 100 | C133: =$K$42*(B133*21) -> 10122.592 | F133: =(C133+$K$65)*0.05 -> 1462.9769 | I133: =(C133+$K$65+F133)*6% -> 1843.3509 | L133: =(C133+$K$65+F133+I133)*14.25% -> 4640.6358
B134: 110 | C134: =$K$42*(B134*21) -> 11134.852 | F134: =(C134+$K$65)*0.05 -> 1513.5898 | I134: =(C134+$K$65+F134)*6% -> 1907.1232 | L134: =(C134+$K$65+F134+I134)*14.25% -> 4801.1826
B135: 120 | C135: =$K$42*(B135*21) -> 12147.111 | F135: =(C135+$K$65)*0.05 -> 1564.2028 | I135: =(C135+$K$65+F135)*6% -> 1970.8955 | L135: =(C135+$K$65+F135+I135)*14.25% -> 4961.7295
...

Sheet 172 NORTE-VERISSIMO-MAT-VESP
C2: Estado de Rondônia
H3: TRANSPORTE ESCOLAR RURAL - CÁCULO DO CUSTO MENSAL POR QUILÔMETRO.
E7: Veículo: | F7: ÔNIBUS: | K7: REGIONAL - CACOAL
A9: MUNICÍPIO - ROLIM DE MOURA | I9: ÔNIBUS RURAL ESCOLAR - ORE 3 | R9: PAVIMENTADO | S9: NÃO PAVIMENTADO
R10: =K43 -> 1712.7426 | S10: =K45 -> 7925.5039
A11: DADOS DO VEÍCULO: | G11: valor FIPE | K11: DISTÂNCIA DA ROTA POR DIA: | O11: =O12+O13 -> 84.92 | P11: KM | R11: =K65/O18*O14 -> 3812.9664 | S11: =K65/O18*O16 -> 15323.979
A12: VEÍCULO NOVO: | E12: =Insumos!$B$4 -> 531068.38 | K12: TRECHO PAVIMENTADO: | O12: 16.92 | P12: KM | R12: =K72/O18*O14 -> 387.94152 | S12: =K72/O18*O16 -> 1559.103
A13: VIDA ÚTIL DO VEÍCULO (ANOS): | E13: ='DEPRECIAÇÃO LINEAR'!D15 -> 10 | K13: TRECHO NÃO PAVIMENTADO: | O13: 68 | P13: KM | R13: =K79/O18*O14 -> 579.62986 | S13: =K79/O18*O16 -> 2329.4817
A14: ANO DE FABRICAÇÃO: | E14: 2026 | K14: QUANTIDADE PERCORRIDA TRECHO PAVIMENTADO/MÊS: | O14: =O12*21 -> 355.32 | P14: KM | R14: =SUM(R10:R13) -> 6493.2804 | S14: =SUM(S10:S13) -> 27138.067
A15: IDADE DO VEÍCULO: | E15: 0 | G15: anos | R15: =IFERROR(R14/O14,0) -> 18.274458 | S15: =IFERROR(S14/O16,0) -> 19.004249
A16: Nº DE LUGARES: | E16: =IF($F$7=$D$95,F104,IF($F$7=$D$107,F116,IF($F$7=$N$95,Q104,IF($F$7=$O$107,P116,"")))) -> ATÉ 59 ALUNOS | K16: QUANTIDADE PERCORRIDA TRECHO NÃO PAVIMENTADO/MÊS: | O16: =O13*21 -> 1428 | P16: KM
R17: =R14+S14 -> 33631.348
K18: QUANTIDADE TOTAL DA ROTA MÊS: | O18: =O16+O14 -> 1783.32 | P18: KM | R18: =R17/O18 -> 18.858841
A19: PERCENTUAL DE DEPRECIAÇÃO
A20: ÍNDICE RESIDUAL DO VEÍCULO: 90% | O20: =K90 -> 18.858841 | R20: =K90 -> 18.858841
H21: 172 NORTE - VERISSIMO - MAT/VESP
A23: DADOS DE RODAGEM
A24: Nº DE PNEUS: | E24: =IF($F$7=$D$95,F100,IF($F$7=$D$107,F112,IF($F$7=$N$95,Q100,IF($F$7=$O$107,P112,"")))) -> 6
A25: PREÇO DO PNEU: | E25: =Insumos!$B$5 -> 2453.24
A26: Nº DE RECAPAGENS: | E26: 2
A27: VALOR DA RECAPAGEM: | E27: =Insumos!$B$6 -> 975.83
A28: VIDA ÚTIL DO PNEU COM AS RECAPAGENS: | E28: 100000
A31: DADOS DO COMBUSTÍVEL
A32: PREÇO DO LITRO DO DIESEL: | E32: =Insumos!$B$7 -> 7.6
A33: CONSUMO: | E33: =IF($F$7=$D$95,G103,IF($F$7=$D$107,G115,IF($F$7=$N$95,Q103,IF($F$7=$O$107,Q115,"")))) -> 2.6 | F33: km/l
A36: Item 1: CUSTOS VARIÁVEIS
E37: COEFICIENTE
A38: Item 1.1 | B38: COMBUSTÍVEL CONSUMO: | E38: =1/E33 -> 0.38461538 | F38: l/km | K38: =E32*E38 -> 2.9230769 | L38: por km
A39: Item 1.2 | B39: LUBRIFICANTES CONSUMO: | E39: 0.04 | F39: l/km | K39: =E39*E32 -> 0.304 | L39: por km
A40: Item 1.3 | B40: RODAGEM CONSUMO: | K40: =((E25*E24)+(E26*E24*E27))/E28 -> 0.264294 | L40: por km
A41: Item 1.4 | B41: MANUTENÇÃO CONSUMO: | E41: 3e-06 | F41: por veículo, sem rodagem | K41: =(E41*E12)-(K40) -> 1.3289111 | L41: por km
K42: =SUM(K38:K41) -> 4.8202821 | L42: por km
A43: TOTAL CUSTOS VARIÁVEIS - TRECHO PAVIMENTADO: | K43: =K42*O14 -> 1712.7426 | L43: por mês
A45: TOTAL CUSTOS VARIÁVEIS - TRECHO NÃO PAVIMENTADO: | K45: =K42*O16*1.1514 -> 7925.5039 | L45: por mês
A47: TOTAL DO TRECHO (PAVIMENTADO + NÃO PAVIMENTADO): | K47: =K43+K45 -> 9638.2465 | L47: por mês
A49: ITEM 02: CUSTOS FIXOS
H50: Faixa de Idade
A51: Item 2.1 | C51: Despesa de Depreciação do veículo: | K51: =IF(L51="LINEAR",'DEPRECIAÇÃO LINEAR'!H23,(VLOOKUP(E15,'DEPRECIAÇÃO LINEAR'!W12:AM25,17,0))) -> 3983.0129 | L51: LINEAR
A52: Item 2.3 | C52: Custo com Pessoal:
B53: Subitem 2.3.1 | C53: Motorista: | K53: ='Motorista de Veiculo Pesado'!E90 -> 8468.4608
B54: Subitem 2.3.2 | C54: Monitor | K54: ='Monitor de Transporte Escolar'!E90 -> 4485.7265
A55: Item 2.4 | C55: Tributos relativos ao veículo:
B56: Subitem 2.4.1 | C56: IPVA: (1% sobre o valor do veículo): | J56: =1/100*E12 -> 5310.6838 | K56: =J56/12 -> 442.55698
B57: Subitem 2.4.2 | C57: Licenciamento anual: | J57: 230.25 | K57: =J57/12 -> 19.1875
B58: Subitem 2.4.3 | C58: Vistoria: | J58: 161.8 | K58: =J58/12 -> 13.483333
A59: Item 2.5 | C59: Seguro DPVAT: | J59: 0 | K59: =J59/12 -> 0
A60: Item 2.6 | C60: Custo de Lavagem do veículo | J60: =Insumos!$B$8 -> 350.88 | K60: =4*J60 -> 1403.52
A61: Item 2.7 | C61: Seguro de Terceiros: | J61: =Insumos!$B$9 -> 2680.95 | K61: =J61/12 -> 223.4125
A62: Item 2.8 | C62: Monitoramento Veicular: | J62: =Insumos!$B$10 -> 932.23 | K62: =J62/12 -> 77.685833
A63: Item 2.9 | C63: Cronotacógrafo: | J63: =Insumos!$B$11 -> 471.82 | K63: =J63/24 -> 19.659167
A64: Item 2.10 | C64: Plotagem (Programa Estadual de Transporte Escolar Ir e Vir) | J64: =Insumos!$B$12 -> 14.3724 | K64: =J64/60 -> 0.23954
A65: TOTAL DOS CUSTOS FIXOS | K65: =SUM(K51:K64) -> 19136.945 | L65: por mês
A67: CUSTO VARIÁVEL + CUSTO FIXO | K67: =K47+K65 -> 28775.192
A69: ITEM 03: CUSTO INDIRETO E LUCRO | I69: PERCENTUAL
A70: Item 3.1 | C70: Custo Indireto: | I70: =Insumos!$B$15 -> 0.0266 | K70: =I70*K67 -> 765.42009
A71: Item 3.2 | C71: Lucro Bruto: | I71: =Insumos!$B$16 -> 0.04 | K71: =I71*(K67+K70) -> 1181.6245
J72: TOTAL: | K72: =SUM(K70:K71) -> 1947.0446 | L72: por mês
A74: ITEM 04: TRIBUTOS RELATIVOS AO FATUTRAMENTO
A75: Base de cálculo (Custos Váriaveis + Custo Fixo) | I75: ALÍQUOTA | K75: =K67+K72 -> 30722.236
A76: Item 4.1 | C76: ISS | I76: =Insumos!$B$18 -> 0.05 | K76: =$K$75/(1-(SUM($I$76:$J$78)))*I76 -> 1681.5674
A77: Item 4.2 | C77: PIS | I77: =Insumos!$B$19 -> 0.0065 | K77: =$K$75/(1-(SUM($I$76:$J$78)))*I77 -> 218.60376
A78: Item 4.3 | C78: COFINS | I78: =Insumos!$B$20 -> 0.03 | K78: =$K$75/(1-(SUM($I$76:$J$78)))*I78 -> 1008.9404
A79: TOTAL DE TRIBUTOS: | K79: =SUM(K76:K78) -> 2909.1116 | L79: por mês
A82: TOTAL DO SERVIÇO PRESTADO:
A84: VALOR DO INTINERÁRIO AO MÊS
A85: Custos Váriaveis + Custos Fixos Custos Indiretos e Lucro + Tributos | K85: =K67+K72+K79 -> 33631.348
A89: CUSTO POR KM
A90: Valor do Intinerário / Quantidade de Km percorrida no mês (trecho pavimentado). | K90: =K85/O18 -> 18.858841 | L90: por Km
B95: TIPO: | D95: ÔNIBUS: | L95: TIPO: | N95: MICRO ÔNIBUS
B97: VALOR: | F97: 288912 | L97: VALOR: | Q97: 271500
B98: VIDA ÚTIL: | F98: 10 | H98: ANOS | L98: VIDA ÚTIL: | Q98: 10 | R98: ANOS
B99: ANO DE FABRICAÇÃO | G99: 2018 | L99: ANO DE FABRICAÇÃO | Q99: 2018
B100: QUANTIDADE DE PNEUS: | F100: 6 | L100: QUANTIDADE DE PNEUS: | Q100: 6
B101: VIDA ÚTIL DO PNEU: | G101: 100000 | L101: VIDA ÚTIL DO PNEU: | Q101: 100000
B102: PREÇO DO PNEU: | G102: 1533.77 | L102: PREÇO DO PNEU: | Q102: 860.69
B103: CONSUMO: | G103: 2.6 | H103: K/L | L103: CONSUMO: | Q103: 4.7
B104: Nº DE LUGARES: | F104: ATÉ 59 ALUNOS | L104: Nº DE LUGARES: | Q104: ATÉ 29 ALUNOS
B107: TIPO: | D107: VAN | L107: TIPO: | O107: KOMBI
B109: VALOR: | F109: 400 | L109: VALOR: | P109: KOMBI
B110: VIDA ÚTIL: | F110: 10 | H110: ANOS | L110: VIDA ÚTIL: | P110: 8 | R110: ANOS
B111: ANO DE FABRICAÇÃO | G111: VAN 2015 | L111: ANO DE FABRICAÇÃO | Q111: KOMBI 2015
B112: QUANTIDADE DE PNEUS: | F112: VAN6 | L112: QUANTIDADE DE PNEUS: | P112: KOMBI6
B113: VIDA ÚTIL DO PNEU: | G113: VAN 80.000 | L113: VIDA ÚTIL DO PNEU: | Q113: KOMBI 80.000
B114: PREÇO DO PNEU: | G114: 400 | L114: PREÇO DO PNEU: | Q114: 4444
B115: CONSUMO: | G115: 2 | H115: K/L | L115: CONSUMO: | Q115: 4 | R115: K/L
B116: Nº DE LUGARES: | F116: ATÉ 36 VAN | L116: Nº DE LUGARES: | P116: ATÉ 36 KIMBI
Q119: ÔNIBUS: | T119: LINEAR
Q120: MICRO ÔNIBUS | T120: MÉTODO DE COLE
Q121: VAN
B122: TRECHO PAVIMENTADO | Q122: KOMBI
B126: KM MAXIMO POR TRECHO | C126: CUSTO VARIAVEL | F126: CUSTOS INDIRETOS | I126: LUCRO | L126: TRIBUTOS
B127: 40 | C127: =$K$42*(B127*21) -> 4049.0369 | F127: =(C127+$K$65)*0.05 -> 1159.2991 | I127: =(C127+$K$65+F127)*6% -> 1460.7169 | L127: =(C127+$K$65+F127+I127)*14.25% -> 3677.3547
B128: 50 | C128: =$K$42*(B128*21) -> 5061.2962 | F128: =(C128+$K$65)*0.05 -> 1209.9121 | I128: =(C128+$K$65+F128)*6% -> 1524.4892 | L128: =(C128+$K$65+F128+I128)*14.25% -> 3837.9015
B129: 60 | C129: =$K$42*(B129*21) -> 6073.5554 | F129: =(C129+$K$65)*0.05 -> 1260.525 | I129: =(C129+$K$65+F129)*6% -> 1588.2615 | L129: =(C129+$K$65+F129+I129)*14.25% -> 3998.4484
B130: 70 | C130: =$K$42*(B130*21) -> 7085.8146 | F130: =(C130+$K$65)*0.05 -> 1311.138 | I130: =(C130+$K$65+F130)*6% -> 1652.0339 | L130: =(C130+$K$65+F130+I130)*14.25% -> 4158.9952
B131: 80 | C131: =$K$42*(B131*21) -> 8098.0739 | F131: =(C131+$K$65)*0.05 -> 1361.7509 | I131: =(C131+$K$65+F131)*6% -> 1715.8062 | L131: =(C131+$K$65+F131+I131)*14.25% -> 4319.5421
B132: 90 | C132: =$K$42*(B132*21) -> 9110.3331 | F132: =(C132+$K$65)*0.05 -> 1412.3639 | I132: =(C132+$K$65+F132)*6% -> 1779.5785 | L132: =(C132+$K$65+F132+I132)*14.25% -> 4480.0889
B133: 100 | C133: =$K$42*(B133*21) -> 10122.592 | F133: =(C133+$K$65)*0.05 -> 1462.9769 | I133: =(C133+$K$65+F133)*6% -> 1843.3509 | L133: =(C133+$K$65+F133+I133)*14.25% -> 4640.6358
B134: 110 | C134: =$K$42*(B134*21) -> 11134.852 | F134: =(C134+$K$65)*0.05 -> 1513.5898 | I134: =(C134+$K$65+F134)*6% -> 1907.1232 | L134: =(C134+$K$65+F134+I134)*14.25% -> 4801.1826
B135: 120 | C135: =$K$42*(B135*21) -> 12147.111 | F135: =(C135+$K$65)*0.05 -> 1564.2028 | I135: =(C135+$K$65+F135)*6% -> 1970.8955 | L135: =(C135+$K$65+F135+I135)*14.25% -> 4961.7295
...

Sheet 176 NORTE MAT-VESP
C2: Estado de Rondônia
H3: TRANSPORTE ESCOLAR RURAL - CÁCULO DO CUSTO MENSAL POR QUILÔMETRO.
E7: Veículo: | F7: ÔNIBUS: | K7: REGIONAL - CACOAL
A9: MUNICÍPIO - ROLIM DE MOURA | I9: ÔNIBUS RURAL ESCOLAR - ORE 3 | R9: PAVIMENTADO | S9: NÃO PAVIMENTADO
R10: =K43 -> 0 | S10: =K45 -> 7692.4009
A11: DADOS DO VEÍCULO: | G11: valor FIPE | K11: DISTÂNCIA DA ROTA POR DIA: | O11: =O12+O13 -> 66 | P11: KM | R11: =K65/O18*O14 -> 0 | S11: =K65/O18*O16 -> 19136.945
A12: VEÍCULO NOVO: | E12: =Insumos!$B$4 -> 531068.38 | K12: TRECHO PAVIMENTADO: | O12: 0 | P12: KM | R12: =K72/O18*O14 -> 0 | S12: =K72/O18*O16 -> 1815.3809
A13: VIDA ÚTIL DO VEÍCULO (ANOS): | E13: ='DEPRECIAÇÃO LINEAR'!D15 -> 10 | K13: TRECHO NÃO PAVIMENTADO: | O13: 66 | P13: KM | R13: =K79/O18*O14 -> 0 | S13: =K79/O18*O16 -> 2712.3906
A14: ANO DE FABRICAÇÃO: | E14: 2026 | K14: QUANTIDADE PERCORRIDA TRECHO PAVIMENTADO/MÊS: | O14: =O12*21 -> 0 | P14: KM | R14: =SUM(R10:R13) -> 0 | S14: =SUM(S10:S13) -> 31357.117
A15: IDADE DO VEÍCULO: | E15: 0 | G15: anos | R15: =IFERROR(R14/O14,0) -> 0 | S15: =IFERROR(S14/O16,0) -> 22.624183
A16: Nº DE LUGARES: | E16: =IF($F$7=$D$95,F104,IF($F$7=$D$107,F116,IF($F$7=$N$95,Q104,IF($F$7=$O$107,P116,"")))) -> ATÉ 59 ALUNOS | K16: QUANTIDADE PERCORRIDA TRECHO NÃO PAVIMENTADO/MÊS: | O16: =O13*21 -> 1386 | P16: KM
R17: =R14+S14 -> 31357.117
K18: QUANTIDADE TOTAL DA ROTA MÊS: | O18: =O16+O14 -> 1386 | P18: KM | R18: =R17/O18 -> 22.624183
A19: PERCENTUAL DE DEPRECIAÇÃO
A20: ÍNDICE RESIDUAL DO VEÍCULO: 90% | O20: =K90 -> 22.624183 | R20: =K90 -> 22.624183
H21: 176 NORTE - MATUTINO/VESPERTINO
A23: DADOS DE RODAGEM
A24: Nº DE PNEUS: | E24: =IF($F$7=$D$95,F100,IF($F$7=$D$107,F112,IF($F$7=$N$95,Q100,IF($F$7=$O$107,P112,"")))) -> 6
A25: PREÇO DO PNEU: | E25: =Insumos!$B$5 -> 2453.24
A26: Nº DE RECAPAGENS: | E26: 2
A27: VALOR DA RECAPAGEM: | E27: =Insumos!$B$6 -> 975.83
A28: VIDA ÚTIL DO PNEU COM AS RECAPAGENS: | E28: 100000
A31: DADOS DO COMBUSTÍVEL
A32: PREÇO DO LITRO DO DIESEL: | E32: =Insumos!$B$7 -> 7.6
A33: CONSUMO: | E33: =IF($F$7=$D$95,G103,IF($F$7=$D$107,G115,IF($F$7=$N$95,Q103,IF($F$7=$O$107,Q115,"")))) -> 2.6 | F33: km/l
A36: Item 1: CUSTOS VARIÁVEIS
E37: COEFICIENTE
A38: Item 1.1 | B38: COMBUSTÍVEL CONSUMO: | E38: =1/E33 -> 0.38461538 | F38: l/km | K38: =E32*E38 -> 2.9230769 | L38: por km
A39: Item 1.2 | B39: LUBRIFICANTES CONSUMO: | E39: 0.04 | F39: l/km | K39: =E39*E32 -> 0.304 | L39: por km
A40: Item 1.3 | B40: RODAGEM CONSUMO: | K40: =((E25*E24)+(E26*E24*E27))/E28 -> 0.264294 | L40: por km
A41: Item 1.4 | B41: MANUTENÇÃO CONSUMO: | E41: 3e-06 | F41: por veículo, sem rodagem | K41: =(E41*E12)-(K40) -> 1.3289111 | L41: por km
K42: =SUM(K38:K41) -> 4.8202821 | L42: por km
A43: TOTAL CUSTOS VARIÁVEIS - TRECHO PAVIMENTADO: | K43: =K42*O14 -> 0 | L43: por mês
A45: TOTAL CUSTOS VARIÁVEIS - TRECHO NÃO PAVIMENTADO: | K45: =K42*O16*1.1514 -> 7692.4009 | L45: por mês
A47: TOTAL DO TRECHO (PAVIMENTADO + NÃO PAVIMENTADO): | K47: =K43+K45 -> 7692.4009 | L47: por mês
A49: ITEM 02: CUSTOS FIXOS
H50: Faixa de Idade
A51: Item 2.1 | C51: Despesa de Depreciação do veículo: | K51: =IF(L51="LINEAR",'DEPRECIAÇÃO LINEAR'!H23,(VLOOKUP(E15,'DEPRECIAÇÃO LINEAR'!W12:AM25,17,0))) -> 3983.0129 | L51: LINEAR
A52: Item 2.3 | C52: Custo com Pessoal:
B53: Subitem 2.3.1 | C53: Motorista: | K53: ='Motorista de Veiculo Pesado'!E90 -> 8468.4608
B54: Subitem 2.3.2 | C54: Monitor | K54: ='Monitor de Transporte Escolar'!E90 -> 4485.7265
A55: Item 2.4 | C55: Tributos relativos ao veículo:
B56: Subitem 2.4.1 | C56: IPVA: (1% sobre o valor do veículo): | J56: =1/100*E12 -> 5310.6838 | K56: =J56/12 -> 442.55698
B57: Subitem 2.4.2 | C57: Licenciamento anual: | J57: 230.25 | K57: =J57/12 -> 19.1875
B58: Subitem 2.4.3 | C58: Vistoria: | J58: 161.8 | K58: =J58/12 -> 13.483333
A59: Item 2.5 | C59: Seguro DPVAT: | J59: 0 | K59: =J59/12 -> 0
A60: Item 2.6 | C60: Custo de Lavagem do veículo | J60: =Insumos!$B$8 -> 350.88 | K60: =4*J60 -> 1403.52
A61: Item 2.7 | C61: Seguro de Terceiros: | J61: =Insumos!$B$9 -> 2680.95 | K61: =J61/12 -> 223.4125
A62: Item 2.8 | C62: Monitoramento Veicular: | J62: =Insumos!$B$10 -> 932.23 | K62: =J62/12 -> 77.685833
A63: Item 2.9 | C63: Cronotacógrafo: | J63: =Insumos!$B$11 -> 471.82 | K63: =J63/24 -> 19.659167
A64: Item 2.10 | C64: Plotagem (Programa Estadual de Transporte Escolar Ir e Vir) | J64: =Insumos!$B$12 -> 14.3724 | K64: =J64/60 -> 0.23954
A65: TOTAL DOS CUSTOS FIXOS | K65: =SUM(K51:K64) -> 19136.945 | L65: por mês
A67: CUSTO VARIÁVEL + CUSTO FIXO | K67: =K47+K65 -> 26829.346
A69: ITEM 03: CUSTO INDIRETO E LUCRO | I69: PERCENTUAL
A70: Item 3.1 | C70: Custo Indireto: | I70: =Insumos!$B$15 -> 0.0266 | K70: =I70*K67 -> 713.6606
A71: Item 3.2 | C71: Lucro Bruto: | I71: =Insumos!$B$16 -> 0.04 | K71: =I71*(K67+K70) -> 1101.7203
J72: TOTAL: | K72: =SUM(K70:K71) -> 1815.3809 | L72: por mês
A74: ITEM 04: TRIBUTOS RELATIVOS AO FATUTRAMENTO
A75: Base de cálculo (Custos Váriaveis + Custo Fixo) | I75: ALÍQUOTA | K75: =K67+K72 -> 28644.727
A76: Item 4.1 | C76: ISS | I76: =Insumos!$B$18 -> 0.05 | K76: =$K$75/(1-(SUM($I$76:$J$78)))*I76 -> 1567.8559
A77: Item 4.2 | C77: PIS | I77: =Insumos!$B$19 -> 0.0065 | K77: =$K$75/(1-(SUM($I$76:$J$78)))*I77 -> 203.82126
A78: Item 4.3 | C78: COFINS | I78: =Insumos!$B$20 -> 0.03 | K78: =$K$75/(1-(SUM($I$76:$J$78)))*I78 -> 940.71352
A79: TOTAL DE TRIBUTOS: | K79: =SUM(K76:K78) -> 2712.3906 | L79: por mês
A82: TOTAL DO SERVIÇO PRESTADO:
A84: VALOR DO INTINERÁRIO AO MÊS
A85: Custos Váriaveis + Custos Fixos Custos Indiretos e Lucro + Tributos | K85: =K67+K72+K79 -> 31357.117
A89: CUSTO POR KM
A90: Valor do Intinerário / Quantidade de Km percorrida no mês (trecho pavimentado). | K90: =K85/O18 -> 22.624183 | L90: por Km
B95: TIPO: | D95: ÔNIBUS: | L95: TIPO: | N95: MICRO ÔNIBUS
B97: VALOR: | F97: 288912 | L97: VALOR: | Q97: 271500
B98: VIDA ÚTIL: | F98: 10 | H98: ANOS | L98: VIDA ÚTIL: | Q98: 10 | R98: ANOS
B99: ANO DE FABRICAÇÃO | G99: 2018 | L99: ANO DE FABRICAÇÃO | Q99: 2018
B100: QUANTIDADE DE PNEUS: | F100: 6 | L100: QUANTIDADE DE PNEUS: | Q100: 6
B101: VIDA ÚTIL DO PNEU: | G101: 100000 | L101: VIDA ÚTIL DO PNEU: | Q101: 100000
B102: PREÇO DO PNEU: | G102: 1533.77 | L102: PREÇO DO PNEU: | Q102: 860.69
B103: CONSUMO: | G103: 2.6 | H103: K/L | L103: CONSUMO: | Q103: 4.7
B104: Nº DE LUGARES: | F104: ATÉ 59 ALUNOS | L104: Nº DE LUGARES: | Q104: ATÉ 29 ALUNOS
B107: TIPO: | D107: VAN | L107: TIPO: | O107: KOMBI
B109: VALOR: | F109: 400 | L109: VALOR: | P109: KOMBI
B110: VIDA ÚTIL: | F110: 10 | H110: ANOS | L110: VIDA ÚTIL: | P110: 8 | R110: ANOS
B111: ANO DE FABRICAÇÃO | G111: VAN 2015 | L111: ANO DE FABRICAÇÃO | Q111: KOMBI 2015
B112: QUANTIDADE DE PNEUS: | F112: VAN6 | L112: QUANTIDADE DE PNEUS: | P112: KOMBI6
B113: VIDA ÚTIL DO PNEU: | G113: VAN 80.000 | L113: VIDA ÚTIL DO PNEU: | Q113: KOMBI 80.000
B114: PREÇO DO PNEU: | G114: 400 | L114: PREÇO DO PNEU: | Q114: 4444
B115: CONSUMO: | G115: 2 | H115: K/L | L115: CONSUMO: | Q115: 4 | R115: K/L
B116: Nº DE LUGARES: | F116: ATÉ 36 VAN | L116: Nº DE LUGARES: | P116: ATÉ 36 KIMBI
Q119: ÔNIBUS: | T119: LINEAR
Q120: MICRO ÔNIBUS | T120: MÉTODO DE COLE
Q121: VAN
B122: TRECHO PAVIMENTADO | Q122: KOMBI
B126: KM MAXIMO POR TRECHO | C126: CUSTO VARIAVEL | F126: CUSTOS INDIRETOS | I126: LUCRO | L126: TRIBUTOS
B127: 40 | C127: =$K$42*(B127*21) -> 4049.0369 | F127: =(C127+$K$65)*0.05 -> 1159.2991 | I127: =(C127+$K$65+F127)*6% -> 1460.7169 | L127: =(C127+$K$65+F127+I127)*14.25% -> 3677.3547
B128: 50 | C128: =$K$42*(B128*21) -> 5061.2962 | F128: =(C128+$K$65)*0.05 -> 1209.9121 | I128: =(C128+$K$65+F128)*6% -> 1524.4892 | L128: =(C128+$K$65+F128+I128)*14.25% -> 3837.9015
B129: 60 | C129: =$K$42*(B129*21) -> 6073.5554 | F129: =(C129+$K$65)*0.05 -> 1260.525 | I129: =(C129+$K$65+F129)*6% -> 1588.2615 | L129: =(C129+$K$65+F129+I129)*14.25% -> 3998.4484
B130: 70 | C130: =$K$42*(B130*21) -> 7085.8146 | F130: =(C130+$K$65)*0.05 -> 1311.138 | I130: =(C130+$K$65+F130)*6% -> 1652.0339 | L130: =(C130+$K$65+F130+I130)*14.25% -> 4158.9952
B131: 80 | C131: =$K$42*(B131*21) -> 8098.0739 | F131: =(C131+$K$65)*0.05 -> 1361.7509 | I131: =(C131+$K$65+F131)*6% -> 1715.8062 | L131: =(C131+$K$65+F131+I131)*14.25% -> 4319.5421
B132: 90 | C132: =$K$42*(B132*21) -> 9110.3331 | F132: =(C132+$K$65)*0.05 -> 1412.3639 | I132: =(C132+$K$65+F132)*6% -> 1779.5785 | L132: =(C132+$K$65+F132+I132)*14.25% -> 4480.0889
B133: 100 | C133: =$K$42*(B133*21) -> 10122.592 | F133: =(C133+$K$65)*0.05 -> 1462.9769 | I133: =(C133+$K$65+F133)*6% -> 1843.3509 | L133: =(C133+$K$65+F133+I133)*14.25% -> 4640.6358
B134: 110 | C134: =$K$42*(B134*21) -> 11134.852 | F134: =(C134+$K$65)*0.05 -> 1513.5898 | I134: =(C134+$K$65+F134)*6% -> 1907.1232 | L134: =(C134+$K$65+F134+I134)*14.25% -> 4801.1826
B135: 120 | C135: =$K$42*(B135*21) -> 12147.111 | F135: =(C135+$K$65)*0.05 -> 1564.2028 | I135: =(C135+$K$65+F135)*6% -> 1970.8955 | L135: =(C135+$K$65+F135+I135)*14.25% -> 4961.7295
...

Sheet 176 SUL MAT-VESP
C2: Estado de Rondônia
H3: TRANSPORTE ESCOLAR RURAL - CÁCULO DO CUSTO MENSAL POR QUILÔMETRO.
E7: Veículo: | F7: ÔNIBUS: | K7: REGIONAL - CACOAL
A9: MUNICÍPIO - ROLIM DE MOURA | I9: ÔNIBUS RURAL ESCOLAR - ORE 3 | R9: PAVIMENTADO | S9: NÃO PAVIMENTADO
R10: =K43 -> 0 | S10: =K45 -> 7459.2978
A11: DADOS DO VEÍCULO: | G11: valor FIPE | K11: DISTÂNCIA DA ROTA POR DIA: | O11: =O12+O13 -> 64 | P11: KM | R11: =K65/O18*O14 -> 0 | S11: =K65/O18*O16 -> 19136.945
A12: VEÍCULO NOVO: | E12: =Insumos!$B$4 -> 531068.38 | K12: TRECHO PAVIMENTADO: | O12: 0 | P12: KM | R12: =K72/O18*O14 -> 0 | S12: =K72/O18*O16 -> 1799.6082
A13: VIDA ÚTIL DO VEÍCULO (ANOS): | E13: ='DEPRECIAÇÃO LINEAR'!D15 -> 10 | K13: TRECHO NÃO PAVIMENTADO: | O13: 64 | P13: KM | R13: =K79/O18*O14 -> 0 | S13: =K79/O18*O16 -> 2688.8244
A14: ANO DE FABRICAÇÃO: | E14: 2026 | K14: QUANTIDADE PERCORRIDA TRECHO PAVIMENTADO/MÊS: | O14: =O12*21 -> 0 | P14: KM | R14: =SUM(R10:R13) -> 0 | S14: =SUM(S10:S13) -> 31084.675
A15: IDADE DO VEÍCULO: | E15: 0 | G15: anos | R15: =IFERROR(R14/O14,0) -> 0 | S15: =IFERROR(S14/O16,0) -> 23.128479
A16: Nº DE LUGARES: | E16: =IF($F$7=$D$95,F104,IF($F$7=$D$107,F116,IF($F$7=$N$95,Q104,IF($F$7=$O$107,P116,"")))) -> ATÉ 59 ALUNOS | K16: QUANTIDADE PERCORRIDA TRECHO NÃO PAVIMENTADO/MÊS: | O16: =O13*21 -> 1344 | P16: KM
R17: =R14+S14 -> 31084.675
K18: QUANTIDADE TOTAL DA ROTA MÊS: | O18: =O16+O14 -> 1344 | P18: KM | R18: =R17/O18 -> 23.128479
A19: PERCENTUAL DE DEPRECIAÇÃO
A20: ÍNDICE RESIDUAL DO VEÍCULO: 90% | O20: =K90 -> 23.128479 | R20: =K90 -> 23.128479
H21: 176 SUL MAT-VESP
A23: DADOS DE RODAGEM
A24: Nº DE PNEUS: | E24: =IF($F$7=$D$95,F100,IF($F$7=$D$107,F112,IF($F$7=$N$95,Q100,IF($F$7=$O$107,P112,"")))) -> 6
A25: PREÇO DO PNEU: | E25: =Insumos!$B$5 -> 2453.24
A26: Nº DE RECAPAGENS: | E26: 2
A27: VALOR DA RECAPAGEM: | E27: =Insumos!$B$6 -> 975.83
A28: VIDA ÚTIL DO PNEU COM AS RECAPAGENS: | E28: 100000
A31: DADOS DO COMBUSTÍVEL
A32: PREÇO DO LITRO DO DIESEL: | E32: =Insumos!$B$7 -> 7.6
A33: CONSUMO: | E33: =IF($F$7=$D$95,G103,IF($F$7=$D$107,G115,IF($F$7=$N$95,Q103,IF($F$7=$O$107,Q115,"")))) -> 2.6 | F33: km/l
A36: Item 1: CUSTOS VARIÁVEIS
E37: COEFICIENTE
A38: Item 1.1 | B38: COMBUSTÍVEL CONSUMO: | E38: =1/E33 -> 0.38461538 | F38: l/km | K38: =E32*E38 -> 2.9230769 | L38: por km
A39: Item 1.2 | B39: LUBRIFICANTES CONSUMO: | E39: 0.04 | F39: l/km | K39: =E39*E32 -> 0.304 | L39: por km
A40: Item 1.3 | B40: RODAGEM CONSUMO: | K40: =((E25*E24)+(E26*E24*E27))/E28 -> 0.264294 | L40: por km
A41: Item 1.4 | B41: MANUTENÇÃO CONSUMO: | E41: 3e-06 | F41: por veículo, sem rodagem | K41: =(E41*E12)-(K40) -> 1.3289111 | L41: por km
K42: =SUM(K38:K41) -> 4.8202821 | L42: por km
A43: TOTAL CUSTOS VARIÁVEIS - TRECHO PAVIMENTADO: | K43: =K42*O14 -> 0 | L43: por mês
A45: TOTAL CUSTOS VARIÁVEIS - TRECHO NÃO PAVIMENTADO: | K45: =K42*O16*1.1514 -> 7459.2978 | L45: por mês
A47: TOTAL DO TRECHO (PAVIMENTADO + NÃO PAVIMENTADO): | K47: =K43+K45 -> 7459.2978 | L47: por mês
A49: ITEM 02: CUSTOS FIXOS
H50: Faixa de Idade
A51: Item 2.1 | C51: Despesa de Depreciação do veículo: | K51: =IF(L51="LINEAR",'DEPRECIAÇÃO LINEAR'!H23,(VLOOKUP(E15,'DEPRECIAÇÃO LINEAR'!W12:AM25,17,0))) -> 3983.0129 | L51: LINEAR
A52: Item 2.3 | C52: Custo com Pessoal:
B53: Subitem 2.3.1 | C53: Motorista: | K53: ='Motorista de Veiculo Pesado'!E90 -> 8468.4608
B54: Subitem 2.3.2 | C54: Monitor | K54: ='Monitor de Transporte Escolar'!E90 -> 4485.7265
A55: Item 2.4 | C55: Tributos relativos ao veículo:
B56: Subitem 2.4.1 | C56: IPVA: (1% sobre o valor do veículo): | J56: =1/100*E12 -> 5310.6838 | K56: =J56/12 -> 442.55698
B57: Subitem 2.4.2 | C57: Licenciamento anual: | J57: 230.25 | K57: =J57/12 -> 19.1875
B58: Subitem 2.4.3 | C58: Vistoria: | J58: 161.8 | K58: =J58/12 -> 13.483333
A59: Item 2.5 | C59: Seguro DPVAT: | J59: 0 | K59: =J59/12 -> 0
A60: Item 2.6 | C60: Custo de Lavagem do veículo | J60: =Insumos!$B$8 -> 350.88 | K60: =4*J60 -> 1403.52
A61: Item 2.7 | C61: Seguro de Terceiros: | J61: =Insumos!$B$9 -> 2680.95 | K61: =J61/12 -> 223.4125
A62: Item 2.8 | C62: Monitoramento Veicular: | J62: =Insumos!$B$10 -> 932.23 | K62: =J62/12 -> 77.685833
A63: Item 2.9 | C63: Cronotacógrafo: | J63: =Insumos!$B$11 -> 471.82 | K63: =J63/24 -> 19.659167
A64: Item 2.10 | C64: Plotagem (Programa Estadual de Transporte Escolar Ir e Vir) | J64: =Insumos!$B$12 -> 14.3724 | K64: =J64/60 -> 0.23954
A65: TOTAL DOS CUSTOS FIXOS | K65: =SUM(K51:K64) -> 19136.945 | L65: por mês
A67: CUSTO VARIÁVEL + CUSTO FIXO | K67: =K47+K65 -> 26596.243
A69: ITEM 03: CUSTO INDIRETO E LUCRO | I69: PERCENTUAL
A70: Item 3.1 | C70: Custo Indireto: | I70: =Insumos!$B$15 -> 0.0266 | K70: =I70*K67 -> 707.46006
A71: Item 3.2 | C71: Lucro Bruto: | I71: =Insumos!$B$16 -> 0.04 | K71: =I71*(K67+K70) -> 1092.1481
J72: TOTAL: | K72: =SUM(K70:K71) -> 1799.6082 | L72: por mês
A74: ITEM 04: TRIBUTOS RELATIVOS AO FATUTRAMENTO
A75: Base de cálculo (Custos Váriaveis + Custo Fixo) | I75: ALÍQUOTA | K75: =K67+K72 -> 28395.851
A76: Item 4.1 | C76: ISS | I76: =Insumos!$B$18 -> 0.05 | K76: =$K$75/(1-(SUM($I$76:$J$78)))*I76 -> 1554.2338
A77: Item 4.2 | C77: PIS | I77: =Insumos!$B$19 -> 0.0065 | K77: =$K$75/(1-(SUM($I$76:$J$78)))*I77 -> 202.05039
A78: Item 4.3 | C78: COFINS | I78: =Insumos!$B$20 -> 0.03 | K78: =$K$75/(1-(SUM($I$76:$J$78)))*I78 -> 932.54026
A79: TOTAL DE TRIBUTOS: | K79: =SUM(K76:K78) -> 2688.8244 | L79: por mês
A82: TOTAL DO SERVIÇO PRESTADO:
A84: VALOR DO INTINERÁRIO AO MÊS
A85: Custos Váriaveis + Custos Fixos Custos Indiretos e Lucro + Tributos | K85: =K67+K72+K79 -> 31084.675
A89: CUSTO POR KM
A90: Valor do Intinerário / Quantidade de Km percorrida no mês (trecho pavimentado). | K90: =K85/O18 -> 23.128479 | L90: por Km
B95: TIPO: | D95: ÔNIBUS: | L95: TIPO: | N95: MICRO ÔNIBUS
B97: VALOR: | F97: 288912 | L97: VALOR: | Q97: 271500
B98: VIDA ÚTIL: | F98: 10 | H98: ANOS | L98: VIDA ÚTIL: | Q98: 10 | R98: ANOS
B99: ANO DE FABRICAÇÃO | G99: 2018 | L99: ANO DE FABRICAÇÃO | Q99: 2018
B100: QUANTIDADE DE PNEUS: | F100: 6 | L100: QUANTIDADE DE PNEUS: | Q100: 6
B101: VIDA ÚTIL DO PNEU: | G101: 100000 | L101: VIDA ÚTIL DO PNEU: | Q101: 100000
B102: PREÇO DO PNEU: | G102: 1533.77 | L102: PREÇO DO PNEU: | Q102: 860.69
B103: CONSUMO: | G103: 2.6 | H103: K/L | L103: CONSUMO: | Q103: 4.7
B104: Nº DE LUGARES: | F104: ATÉ 59 ALUNOS | L104: Nº DE LUGARES: | Q104: ATÉ 29 ALUNOS
B107: TIPO: | D107: VAN | L107: TIPO: | O107: KOMBI
B109: VALOR: | F109: 400 | L109: VALOR: | P109: KOMBI
B110: VIDA ÚTIL: | F110: 10 | H110: ANOS | L110: VIDA ÚTIL: | P110: 8 | R110: ANOS
B111: ANO DE FABRICAÇÃO | G111: VAN 2015 | L111: ANO DE FABRICAÇÃO | Q111: KOMBI 2015
B112: QUANTIDADE DE PNEUS: | F112: VAN6 | L112: QUANTIDADE DE PNEUS: | P112: KOMBI6
B113: VIDA ÚTIL DO PNEU: | G113: VAN 80.000 | L113: VIDA ÚTIL DO PNEU: | Q113: KOMBI 80.000
B114: PREÇO DO PNEU: | G114: 400 | L114: PREÇO DO PNEU: | Q114: 4444
B115: CONSUMO: | G115: 2 | H115: K/L | L115: CONSUMO: | Q115: 4 | R115: K/L
B116: Nº DE LUGARES: | F116: ATÉ 36 VAN | L116: Nº DE LUGARES: | P116: ATÉ 36 KIMBI
Q119: ÔNIBUS: | T119: LINEAR
Q120: MICRO ÔNIBUS | T120: MÉTODO DE COLE
Q121: VAN
B122: TRECHO PAVIMENTADO | Q122: KOMBI
B126: KM MAXIMO POR TRECHO | C126: CUSTO VARIAVEL | F126: CUSTOS INDIRETOS | I126: LUCRO | L126: TRIBUTOS
B127: 40 | C127: =$K$42*(B127*21) -> 4049.0369 | F127: =(C127+$K$65)*0.05 -> 1159.2991 | I127: =(C127+$K$65+F127)*6% -> 1460.7169 | L127: =(C127+$K$65+F127+I127)*14.25% -> 3677.3547
B128: 50 | C128: =$K$42*(B128*21) -> 5061.2962 | F128: =(C128+$K$65)*0.05 -> 1209.9121 | I128: =(C128+$K$65+F128)*6% -> 1524.4892 | L128: =(C128+$K$65+F128+I128)*14.25% -> 3837.9015
B129: 60 | C129: =$K$42*(B129*21) -> 6073.5554 | F129: =(C129+$K$65)*0.05 -> 1260.525 | I129: =(C129+$K$65+F129)*6% -> 1588.2615 | L129: =(C129+$K$65+F129+I129)*14.25% -> 3998.4484
B130: 70 | C130: =$K$42*(B130*21) -> 7085.8146 | F130: =(C130+$K$65)*0.05 -> 1311.138 | I130: =(C130+$K$65+F130)*6% -> 1652.0339 | L130: =(C130+$K$65+F130+I130)*14.25% -> 4158.9952
B131: 80 | C131: =$K$42*(B131*21) -> 8098.0739 | F131: =(C131+$K$65)*0.05 -> 1361.7509 | I131: =(C131+$K$65+F131)*6% -> 1715.8062 | L131: =(C131+$K$65+F131+I131)*14.25% -> 4319.5421
B132: 90 | C132: =$K$42*(B132*21) -> 9110.3331 | F132: =(C132+$K$65)*0.05 -> 1412.3639 | I132: =(C132+$K$65+F132)*6% -> 1779.5785 | L132: =(C132+$K$65+F132+I132)*14.25% -> 4480.0889
B133: 100 | C133: =$K$42*(B133*21) -> 10122.592 | F133: =(C133+$K$65)*0.05 -> 1462.9769 | I133: =(C133+$K$65+F133)*6% -> 1843.3509 | L133: =(C133+$K$65+F133+I133)*14.25% -> 4640.6358
B134: 110 | C134: =$K$42*(B134*21) -> 11134.852 | F134: =(C134+$K$65)*0.05 -> 1513.5898 | I134: =(C134+$K$65+F134)*6% -> 1907.1232 | L134: =(C134+$K$65+F134+I134)*14.25% -> 4801.1826
B135: 120 | C135: =$K$42*(B135*21) -> 12147.111 | F135: =(C135+$K$65)*0.05 -> 1564.2028 | I135: =(C135+$K$65+F135)*6% -> 1970.8955 | L135: =(C135+$K$65+F135+I135)*14.25% -> 4961.7295
...

Sheet 180 NORTE-VERIS-CTPM-MAT-VESP
C2: Estado de Rondônia
H3: TRANSPORTE ESCOLAR RURAL - CÁCULO DO CUSTO MENSAL POR QUILÔMETRO.
E7: Veículo: | F7: ÔNIBUS: | K7: REGIONAL - CACOAL
A9: MUNICÍPIO - ROLIM DE MOURA | I9: ÔNIBUS RURAL ESCOLAR - ORE 3 | R9: PAVIMENTADO | S9: NÃO PAVIMENTADO
R10: =K43 -> 4393.2051 | S10: =K45 -> 7925.5039
A11: DADOS DO VEÍCULO: | G11: valor FIPE | K11: DISTÂNCIA DA ROTA POR DIA: | O11: =O12+O13 -> 111.4 | P11: KM | R11: =K65/O18*O14 -> 7455.5064 | S11: =K65/O18*O16 -> 11681.439
A12: VEÍCULO NOVO: | E12: =Insumos!$B$4 -> 531068.38 | K12: TRECHO PAVIMENTADO: | O12: 43.4 | P12: KM | R12: =K72/O18*O14 -> 829.20312 | S12: =K72/O18*O16 -> 1299.2123
A13: VIDA ÚTIL DO VEÍCULO (ANOS): | E13: ='DEPRECIAÇÃO LINEAR'!D15 -> 10 | K13: TRECHO NÃO PAVIMENTADO: | O13: 68 | P13: KM | R13: =K79/O18*O14 -> 1238.9261 | S13: =K79/O18*O16 -> 1941.1746
A14: ANO DE FABRICAÇÃO: | E14: 2026 | K14: QUANTIDADE PERCORRIDA TRECHO PAVIMENTADO/MÊS: | O14: =O12*21 -> 911.4 | P14: KM | R14: =SUM(R10:R13) -> 13916.841 | S14: =SUM(S10:S13) -> 22847.329
A15: IDADE DO VEÍCULO: | E15: 0 | G15: anos | R15: =IFERROR(R14/O14,0) -> 15.26974 | S15: =IFERROR(S14/O16,0) -> 15.99953
A16: Nº DE LUGARES: | E16: =IF($F$7=$D$95,F104,IF($F$7=$D$107,F116,IF($F$7=$N$95,Q104,IF($F$7=$O$107,P116,"")))) -> ATÉ 59 ALUNOS | K16: QUANTIDADE PERCORRIDA TRECHO NÃO PAVIMENTADO/MÊS: | O16: =O13*21 -> 1428 | P16: KM
R17: =R14+S14 -> 36764.17
K18: QUANTIDADE TOTAL DA ROTA MÊS: | O18: =O16+O14 -> 2339.4 | P18: KM | R18: =R17/O18 -> 15.715213
A19: PERCENTUAL DE DEPRECIAÇÃO
A20: ÍNDICE RESIDUAL DO VEÍCULO: 90% | O20: =K90 -> 15.715213 | R20: =K90 -> 15.715213
H21: 180 NORTE - VERÍSSIMO - CTPM - MATUTINO E VESPERTINO
A23: DADOS DE RODAGEM
A24: Nº DE PNEUS: | E24: =IF($F$7=$D$95,F100,IF($F$7=$D$107,F112,IF($F$7=$N$95,Q100,IF($F$7=$O$107,P112,"")))) -> 6
A25: PREÇO DO PNEU: | E25: =Insumos!$B$5 -> 2453.24
A26: Nº DE RECAPAGENS: | E26: 2
A27: VALOR DA RECAPAGEM: | E27: =Insumos!$B$6 -> 975.83
A28: VIDA ÚTIL DO PNEU COM AS RECAPAGENS: | E28: 100000
A31: DADOS DO COMBUSTÍVEL
A32: PREÇO DO LITRO DO DIESEL: | E32: =Insumos!$B$7 -> 7.6
A33: CONSUMO: | E33: =IF($F$7=$D$95,G103,IF($F$7=$D$107,G115,IF($F$7=$N$95,Q103,IF($F$7=$O$107,Q115,"")))) -> 2.6 | F33: km/l
A36: Item 1: CUSTOS VARIÁVEIS
E37: COEFICIENTE
A38: Item 1.1 | B38: COMBUSTÍVEL CONSUMO: | E38: =1/E33 -> 0.38461538 | F38: l/km | K38: =E32*E38 -> 2.9230769 | L38: por km
A39: Item 1.2 | B39: LUBRIFICANTES CONSUMO: | E39: 0.04 | F39: l/km | K39: =E39*E32 -> 0.304 | L39: por km
A40: Item 1.3 | B40: RODAGEM CONSUMO: | K40: =((E25*E24)+(E26*E24*E27))/E28 -> 0.264294 | L40: por km
A41: Item 1.4 | B41: MANUTENÇÃO CONSUMO: | E41: 3e-06 | F41: por veículo, sem rodagem | K41: =(E41*E12)-(K40) -> 1.3289111 | L41: por km
K42: =SUM(K38:K41) -> 4.8202821 | L42: por km
A43: TOTAL CUSTOS VARIÁVEIS - TRECHO PAVIMENTADO: | K43: =K42*O14 -> 4393.2051 | L43: por mês
A45: TOTAL CUSTOS VARIÁVEIS - TRECHO NÃO PAVIMENTADO: | K45: =K42*O16*1.1514 -> 7925.5039 | L45: por mês
A47: TOTAL DO TRECHO (PAVIMENTADO + NÃO PAVIMENTADO): | K47: =K43+K45 -> 12318.709 | L47: por mês
A49: ITEM 02: CUSTOS FIXOS
H50: Faixa de Idade
A51: Item 2.1 | C51: Despesa de Depreciação do veículo: | K51: =IF(L51="LINEAR",'DEPRECIAÇÃO LINEAR'!H23,(VLOOKUP(E15,'DEPRECIAÇÃO LINEAR'!W12:AM25,17,0))) -> 3983.0129 | L51: LINEAR
A52: Item 2.3 | C52: Custo com Pessoal:
B53: Subitem 2.3.1 | C53: Motorista: | K53: ='Motorista de Veiculo Pesado'!E90 -> 8468.4608
B54: Subitem 2.3.2 | C54: Monitor | K54: ='Monitor de Transporte Escolar'!E90 -> 4485.7265
A55: Item 2.4 | C55: Tributos relativos ao veículo:
B56: Subitem 2.4.1 | C56: IPVA: (1% sobre o valor do veículo): | J56: =1/100*E12 -> 5310.6838 | K56: =J56/12 -> 442.55698
B57: Subitem 2.4.2 | C57: Licenciamento anual: | J57: 230.25 | K57: =J57/12 -> 19.1875
B58: Subitem 2.4.3 | C58: Vistoria: | J58: 161.8 | K58: =J58/12 -> 13.483333
A59: Item 2.5 | C59: Seguro DPVAT: | J59: 0 | K59: =J59/12 -> 0
A60: Item 2.6 | C60: Custo de Lavagem do veículo | J60: =Insumos!$B$8 -> 350.88 | K60: =4*J60 -> 1403.52
A61: Item 2.7 | C61: Seguro de Terceiros: | J61: =Insumos!$B$9 -> 2680.95 | K61: =J61/12 -> 223.4125
A62: Item 2.8 | C62: Monitoramento Veicular: | J62: =Insumos!$B$10 -> 932.23 | K62: =J62/12 -> 77.685833
A63: Item 2.9 | C63: Cronotacógrafo: | J63: =Insumos!$B$11 -> 471.82 | K63: =J63/24 -> 19.659167
A64: Item 2.10 | C64: Plotagem (Programa Estadual de Transporte Escolar Ir e Vir) | J64: =Insumos!$B$12 -> 14.3724 | K64: =J64/60 -> 0.23954
A65: TOTAL DOS CUSTOS FIXOS | K65: =SUM(K51:K64) -> 19136.945 | L65: por mês
A67: CUSTO VARIÁVEL + CUSTO FIXO | K67: =K47+K65 -> 31455.654
A69: ITEM 03: CUSTO INDIRETO E LUCRO | I69: PERCENTUAL
A70: Item 3.1 | C70: Custo Indireto: | I70: =Insumos!$B$15 -> 0.0266 | K70: =I70*K67 -> 836.7204
A71: Item 3.2 | C71: Lucro Bruto: | I71: =Insumos!$B$16 -> 0.04 | K71: =I71*(K67+K70) -> 1291.695
J72: TOTAL: | K72: =SUM(K70:K71) -> 2128.4154 | L72: por mês
A74: ITEM 04: TRIBUTOS RELATIVOS AO FATUTRAMENTO
A75: Base de cálculo (Custos Váriaveis + Custo Fixo) | I75: ALÍQUOTA | K75: =K67+K72 -> 33584.069
A76: Item 4.1 | C76: ISS | I76: =Insumos!$B$18 -> 0.05 | K76: =$K$75/(1-(SUM($I$76:$J$78)))*I76 -> 1838.2085
A77: Item 4.2 | C77: PIS | I77: =Insumos!$B$19 -> 0.0065 | K77: =$K$75/(1-(SUM($I$76:$J$78)))*I77 -> 238.96711
A78: Item 4.3 | C78: COFINS | I78: =Insumos!$B$20 -> 0.03 | K78: =$K$75/(1-(SUM($I$76:$J$78)))*I78 -> 1102.9251
A79: TOTAL DE TRIBUTOS: | K79: =SUM(K76:K78) -> 3180.1007 | L79: por mês
A82: TOTAL DO SERVIÇO PRESTADO:
A84: VALOR DO INTINERÁRIO AO MÊS
A85: Custos Váriaveis + Custos Fixos Custos Indiretos e Lucro + Tributos | K85: =K67+K72+K79 -> 36764.17
A89: CUSTO POR KM
A90: Valor do Intinerário / Quantidade de Km percorrida no mês (trecho pavimentado). | K90: =K85/O18 -> 15.715213 | L90: por Km
B95: TIPO: | D95: ÔNIBUS: | L95: TIPO: | N95: MICRO ÔNIBUS
B97: VALOR: | F97: 288912 | L97: VALOR: | Q97: 271500
B98: VIDA ÚTIL: | F98: 10 | H98: ANOS | L98: VIDA ÚTIL: | Q98: 10 | R98: ANOS
B99: ANO DE FABRICAÇÃO | G99: 2018 | L99: ANO DE FABRICAÇÃO | Q99: 2018
B100: QUANTIDADE DE PNEUS: | F100: 6 | L100: QUANTIDADE DE PNEUS: | Q100: 6
B101: VIDA ÚTIL DO PNEU: | G101: 100000 | L101: VIDA ÚTIL DO PNEU: | Q101: 100000
B102: PREÇO DO PNEU: | G102: 1533.77 | L102: PREÇO DO PNEU: | Q102: 860.69
B103: CONSUMO: | G103: 2.6 | H103: K/L | L103: CONSUMO: | Q103: 4.7
B104: Nº DE LUGARES: | F104: ATÉ 59 ALUNOS | L104: Nº DE LUGARES: | Q104: ATÉ 29 ALUNOS
B107: TIPO: | D107: VAN | L107: TIPO: | O107: KOMBI
B109: VALOR: | F109: 400 | L109: VALOR: | P109: KOMBI
B110: VIDA ÚTIL: | F110: 10 | H110: ANOS | L110: VIDA ÚTIL: | P110: 8 | R110: ANOS
B111: ANO DE FABRICAÇÃO | G111: VAN 2015 | L111: ANO DE FABRICAÇÃO | Q111: KOMBI 2015
B112: QUANTIDADE DE PNEUS: | F112: VAN6 | L112: QUANTIDADE DE PNEUS: | P112: KOMBI6
B113: VIDA ÚTIL DO PNEU: | G113: VAN 80.000 | L113: VIDA ÚTIL DO PNEU: | Q113: KOMBI 80.000
B114: PREÇO DO PNEU: | G114: 400 | L114: PREÇO DO PNEU: | Q114: 4444
B115: CONSUMO: | G115: 2 | H115: K/L | L115: CONSUMO: | Q115: 4 | R115: K/L
B116: Nº DE LUGARES: | F116: ATÉ 36 VAN | L116: Nº DE LUGARES: | P116: ATÉ 36 KIMBI
Q119: ÔNIBUS: | T119: LINEAR
Q120: MICRO ÔNIBUS | T120: MÉTODO DE COLE
Q121: VAN
B122: TRECHO PAVIMENTADO | Q122: KOMBI
B126: KM MAXIMO POR TRECHO | C126: CUSTO VARIAVEL | F126: CUSTOS INDIRETOS | I126: LUCRO | L126: TRIBUTOS
B127: 40 | C127: =$K$42*(B127*21) -> 4049.0369 | F127: =(C127+$K$65)*0.05 -> 1159.2991 | I127: =(C127+$K$65+F127)*6% -> 1460.7169 | L127: =(C127+$K$65+F127+I127)*14.25% -> 3677.3547
B128: 50 | C128: =$K$42*(B128*21) -> 5061.2962 | F128: =(C128+$K$65)*0.05 -> 1209.9121 | I128: =(C128+$K$65+F128)*6% -> 1524.4892 | L128: =(C128+$K$65+F128+I128)*14.25% -> 3837.9015
B129: 60 | C129: =$K$42*(B129*21) -> 6073.5554 | F129: =(C129+$K$65)*0.05 -> 1260.525 | I129: =(C129+$K$65+F129)*6% -> 1588.2615 | L129: =(C129+$K$65+F129+I129)*14.25% -> 3998.4484
B130: 70 | C130: =$K$42*(B130*21) -> 7085.8146 | F130: =(C130+$K$65)*0.05 -> 1311.138 | I130: =(C130+$K$65+F130)*6% -> 1652.0339 | L130: =(C130+$K$65+F130+I130)*14.25% -> 4158.9952
B131: 80 | C131: =$K$42*(B131*21) -> 8098.0739 | F131: =(C131+$K$65)*0.05 -> 1361.7509 | I131: =(C131+$K$65+F131)*6% -> 1715.8062 | L131: =(C131+$K$65+F131+I131)*14.25% -> 4319.5421
B132: 90 | C132: =$K$42*(B132*21) -> 9110.3331 | F132: =(C132+$K$65)*0.05 -> 1412.3639 | I132: =(C132+$K$65+F132)*6% -> 1779.5785 | L132: =(C132+$K$65+F132+I132)*14.25% -> 4480.0889
B133: 100 | C133: =$K$42*(B133*21) -> 10122.592 | F133: =(C133+$K$65)*0.05 -> 1462.9769 | I133: =(C133+$K$65+F133)*6% -> 1843.3509 | L133: =(C133+$K$65+F133+I133)*14.25% -> 4640.6358
B134: 110 | C134: =$K$42*(B134*21) -> 11134.852 | F134: =(C134+$K$65)*0.05 -> 1513.5898 | I134: =(C134+$K$65+F134)*6% -> 1907.1232 | L134: =(C134+$K$65+F134+I134)*14.25% -> 4801.1826
B135: 120 | C135: =$K$42*(B135*21) -> 12147.111 | F135: =(C135+$K$65)*0.05 -> 1564.2028 | I135: =(C135+$K$65+F135)*6% -> 1970.8955 | L135: =(C135+$K$65+F135+I135)*14.25% -> 4961.7295
...

Sheet 180 SUL-VERIS-TANC-APF-MAT-VESP
C2: Estado de Rondônia
H3: TRANSPORTE ESCOLAR RURAL - CÁCULO DO CUSTO MENSAL POR QUILÔMETRO.
E7: Veículo: | F7: ÔNIBUS: | K7: REGIONAL - CACOAL
A9: MUNICÍPIO - ROLIM DE MOURA | I9: ÔNIBUS RURAL ESCOLAR - ORE 3 | R9: PAVIMENTADO | S9: NÃO PAVIMENTADO
R10: =K43 -> 5445.9547 | S10: =K45 -> 6993.0917
A11: DADOS DO VEÍCULO: | G11: valor FIPE | K11: DISTÂNCIA DA ROTA POR DIA: | O11: =O12+O13 -> 113.8 | P11: KM | R11: =K65/O18*O14 -> 9047.1673 | S11: =K65/O18*O16 -> 10089.778
A12: VEÍCULO NOVO: | E12: =Insumos!$B$4 -> 531068.38 | K12: TRECHO PAVIMENTADO: | O12: 53.8 | P12: KM | R12: =K72/O18*O14 -> 1010.0775 | S12: =K72/O18*O16 -> 1126.4804
A13: VIDA ÚTIL DO VEÍCULO (ANOS): | E13: ='DEPRECIAÇÃO LINEAR'!D15 -> 10 | K13: TRECHO NÃO PAVIMENTADO: | O13: 60 | P13: KM | R13: =K79/O18*O14 -> 1509.1735 | S13: =K79/O18*O16 -> 1683.0931
A14: ANO DE FABRICAÇÃO: | E14: 2026 | K14: QUANTIDADE PERCORRIDA TRECHO PAVIMENTADO/MÊS: | O14: =O12*21 -> 1129.8 | P14: KM | R14: =SUM(R10:R13) -> 17012.373 | S14: =SUM(S10:S13) -> 19892.443
A15: IDADE DO VEÍCULO: | E15: 0 | G15: anos | R15: =IFERROR(R14/O14,0) -> 15.057862 | S15: =IFERROR(S14/O16,0) -> 15.787653
A16: Nº DE LUGARES: | E16: =IF($F$7=$D$95,F104,IF($F$7=$D$107,F116,IF($F$7=$N$95,Q104,IF($F$7=$O$107,P116,"")))) -> ATÉ 59 ALUNOS | K16: QUANTIDADE PERCORRIDA TRECHO NÃO PAVIMENTADO/MÊS: | O16: =O13*21 -> 1260 | P16: KM
R17: =R14+S14 -> 36904.816
K18: QUANTIDADE TOTAL DA ROTA MÊS: | O18: =O16+O14 -> 2389.8 | P18: KM | R18: =R17/O18 -> 15.442638
A19: PERCENTUAL DE DEPRECIAÇÃO
A20: ÍNDICE RESIDUAL DO VEÍCULO: 90% | H20: 180 SUL - VERÍSSIMO - TANCREDO - ALUIZIO -MAT/VESP | O20: =K90 -> 15.442638 | R20: =K90 -> 15.442638
A23: DADOS DE RODAGEM
A24: Nº DE PNEUS: | E24: =IF($F$7=$D$95,F100,IF($F$7=$D$107,F112,IF($F$7=$N$95,Q100,IF($F$7=$O$107,P112,"")))) -> 6
A25: PREÇO DO PNEU: | E25: =Insumos!$B$5 -> 2453.24
A26: Nº DE RECAPAGENS: | E26: 2
A27: VALOR DA RECAPAGEM: | E27: =Insumos!$B$6 -> 975.83
A28: VIDA ÚTIL DO PNEU COM AS RECAPAGENS: | E28: 100000
A31: DADOS DO COMBUSTÍVEL
A32: PREÇO DO LITRO DO DIESEL: | E32: =Insumos!$B$7 -> 7.6
A33: CONSUMO: | E33: =IF($F$7=$D$95,G103,IF($F$7=$D$107,G115,IF($F$7=$N$95,Q103,IF($F$7=$O$107,Q115,"")))) -> 2.6 | F33: km/l
A36: Item 1: CUSTOS VARIÁVEIS
E37: COEFICIENTE
A38: Item 1.1 | B38: COMBUSTÍVEL CONSUMO: | E38: =1/E33 -> 0.38461538 | F38: l/km | K38: =E32*E38 -> 2.9230769 | L38: por km
A39: Item 1.2 | B39: LUBRIFICANTES CONSUMO: | E39: 0.04 | F39: l/km | K39: =E39*E32 -> 0.304 | L39: por km
A40: Item 1.3 | B40: RODAGEM CONSUMO: | K40: =((E25*E24)+(E26*E24*E27))/E28 -> 0.264294 | L40: por km
A41: Item 1.4 | B41: MANUTENÇÃO CONSUMO: | E41: 3e-06 | F41: por veículo, sem rodagem | K41: =(E41*E12)-(K40) -> 1.3289111 | L41: por km
K42: =SUM(K38:K41) -> 4.8202821 | L42: por km
A43: TOTAL CUSTOS VARIÁVEIS - TRECHO PAVIMENTADO: | K43: =K42*O14 -> 5445.9547 | L43: por mês
A45: TOTAL CUSTOS VARIÁVEIS - TRECHO NÃO PAVIMENTADO: | K45: =K42*O16*1.1514 -> 6993.0917 | L45: por mês
A47: TOTAL DO TRECHO (PAVIMENTADO + NÃO PAVIMENTADO): | K47: =K43+K45 -> 12439.046 | L47: por mês
A49: ITEM 02: CUSTOS FIXOS
H50: Faixa de Idade
A51: Item 2.1 | C51: Despesa de Depreciação do veículo: | K51: =IF(L51="LINEAR",'DEPRECIAÇÃO LINEAR'!H23,(VLOOKUP(E15,'DEPRECIAÇÃO LINEAR'!W12:AM25,17,0))) -> 3983.0129 | L51: LINEAR
A52: Item 2.3 | C52: Custo com Pessoal:
B53: Subitem 2.3.1 | C53: Motorista: | K53: ='Motorista de Veiculo Pesado'!E90 -> 8468.4608
B54: Subitem 2.3.2 | C54: Monitor | K54: ='Monitor de Transporte Escolar'!E90 -> 4485.7265
A55: Item 2.4 | C55: Tributos relativos ao veículo:
B56: Subitem 2.4.1 | C56: IPVA: (1% sobre o valor do veículo): | J56: =1/100*E12 -> 5310.6838 | K56: =J56/12 -> 442.55698
B57: Subitem 2.4.2 | C57: Licenciamento anual: | J57: 230.25 | K57: =J57/12 -> 19.1875
B58: Subitem 2.4.3 | C58: Vistoria: | J58: 161.8 | K58: =J58/12 -> 13.483333
A59: Item 2.5 | C59: Seguro DPVAT: | J59: 0 | K59: =J59/12 -> 0
A60: Item 2.6 | C60: Custo de Lavagem do veículo | J60: =Insumos!$B$8 -> 350.88 | K60: =4*J60 -> 1403.52
A61: Item 2.7 | C61: Seguro de Terceiros: | J61: =Insumos!$B$9 -> 2680.95 | K61: =J61/12 -> 223.4125
A62: Item 2.8 | C62: Monitoramento Veicular: | J62: =Insumos!$B$10 -> 932.23 | K62: =J62/12 -> 77.685833
A63: Item 2.9 | C63: Cronotacógrafo: | J63: =Insumos!$B$11 -> 471.82 | K63: =J63/24 -> 19.659167
A64: Item 2.10 | C64: Plotagem (Programa Estadual de Transporte Escolar Ir e Vir) | J64: =Insumos!$B$12 -> 14.3724 | K64: =J64/60 -> 0.23954
A65: TOTAL DOS CUSTOS FIXOS | K65: =SUM(K51:K64) -> 19136.945 | L65: por mês
A67: CUSTO VARIÁVEL + CUSTO FIXO | K67: =K47+K65 -> 31575.991
A69: ITEM 03: CUSTO INDIRETO E LUCRO | I69: PERCENTUAL
A70: Item 3.1 | C70: Custo Indireto: | I70: =Insumos!$B$15 -> 0.0266 | K70: =I70*K67 -> 839.92137
A71: Item 3.2 | C71: Lucro Bruto: | I71: =Insumos!$B$16 -> 0.04 | K71: =I71*(K67+K70) -> 1296.6365
J72: TOTAL: | K72: =SUM(K70:K71) -> 2136.5579 | L72: por mês
A74: ITEM 04: TRIBUTOS RELATIVOS AO FATUTRAMENTO
A75: Base de cálculo (Custos Váriaveis + Custo Fixo) | I75: ALÍQUOTA | K75: =K67+K72 -> 33712.549
A76: Item 4.1 | C76: ISS | I76: =Insumos!$B$18 -> 0.05 | K76: =$K$75/(1-(SUM($I$76:$J$78)))*I76 -> 1845.2408
A77: Item 4.2 | C77: PIS | I77: =Insumos!$B$19 -> 0.0065 | K77: =$K$75/(1-(SUM($I$76:$J$78)))*I77 -> 239.8813
A78: Item 4.3 | C78: COFINS | I78: =Insumos!$B$20 -> 0.03 | K78: =$K$75/(1-(SUM($I$76:$J$78)))*I78 -> 1107.1445
A79: TOTAL DE TRIBUTOS: | K79: =SUM(K76:K78) -> 3192.2666 | L79: por mês
A82: TOTAL DO SERVIÇO PRESTADO:
A84: VALOR DO INTINERÁRIO AO MÊS
A85: Custos Váriaveis + Custos Fixos Custos Indiretos e Lucro + Tributos | K85: =K67+K72+K79 -> 36904.816
A89: CUSTO POR KM
A90: Valor do Intinerário / Quantidade de Km percorrida no mês (trecho pavimentado). | K90: =K85/O18 -> 15.442638 | L90: por Km
B95: TIPO: | D95: ÔNIBUS: | L95: TIPO: | N95: MICRO ÔNIBUS
B97: VALOR: | F97: 288912 | L97: VALOR: | Q97: 271500
B98: VIDA ÚTIL: | F98: 10 | H98: ANOS | L98: VIDA ÚTIL: | Q98: 10 | R98: ANOS
B99: ANO DE FABRICAÇÃO | G99: 2018 | L99: ANO DE FABRICAÇÃO | Q99: 2018
B100: QUANTIDADE DE PNEUS: | F100: 6 | L100: QUANTIDADE DE PNEUS: | Q100: 6
B101: VIDA ÚTIL DO PNEU: | G101: 100000 | L101: VIDA ÚTIL DO PNEU: | Q101: 100000
B102: PREÇO DO PNEU: | G102: 1533.77 | L102: PREÇO DO PNEU: | Q102: 860.69
B103: CONSUMO: | G103: 2.6 | H103: K/L | L103: CONSUMO: | Q103: 4.7
B104: Nº DE LUGARES: | F104: ATÉ 59 ALUNOS | L104: Nº DE LUGARES: | Q104: ATÉ 29 ALUNOS
B107: TIPO: | D107: VAN | L107: TIPO: | O107: KOMBI
B109: VALOR: | F109: 400 | L109: VALOR: | P109: KOMBI
B110: VIDA ÚTIL: | F110: 10 | H110: ANOS | L110: VIDA ÚTIL: | P110: 8 | R110: ANOS
B111: ANO DE FABRICAÇÃO | G111: VAN 2015 | L111: ANO DE FABRICAÇÃO | Q111: KOMBI 2015
B112: QUANTIDADE DE PNEUS: | F112: VAN6 | L112: QUANTIDADE DE PNEUS: | P112: KOMBI6
B113: VIDA ÚTIL DO PNEU: | G113: VAN 80.000 | L113: VIDA ÚTIL DO PNEU: | Q113: KOMBI 80.000
B114: PREÇO DO PNEU: | G114: 400 | L114: PREÇO DO PNEU: | Q114: 4444
B115: CONSUMO: | G115: 2 | H115: K/L | L115: CONSUMO: | Q115: 4 | R115: K/L
B116: Nº DE LUGARES: | F116: ATÉ 36 VAN | L116: Nº DE LUGARES: | P116: ATÉ 36 KIMBI
Q119: ÔNIBUS: | T119: LINEAR
Q120: MICRO ÔNIBUS | T120: MÉTODO DE COLE
Q121: VAN
B122: TRECHO PAVIMENTADO | Q122: KOMBI
B126: KM MAXIMO POR TRECHO | C126: CUSTO VARIAVEL | F126: CUSTOS INDIRETOS | I126: LUCRO | L126: TRIBUTOS
B127: 40 | C127: =$K$42*(B127*21) -> 4049.0369 | F127: =(C127+$K$65)*0.05 -> 1159.2991 | I127: =(C127+$K$65+F127)*6% -> 1460.7169 | L127: =(C127+$K$65+F127+I127)*14.25% -> 3677.3547
B128: 50 | C128: =$K$42*(B128*21) -> 5061.2962 | F128: =(C128+$K$65)*0.05 -> 1209.9121 | I128: =(C128+$K$65+F128)*6% -> 1524.4892 | L128: =(C128+$K$65+F128+I128)*14.25% -> 3837.9015
B129: 60 | C129: =$K$42*(B129*21) -> 6073.5554 | F129: =(C129+$K$65)*0.05 -> 1260.525 | I129: =(C129+$K$65+F129)*6% -> 1588.2615 | L129: =(C129+$K$65+F129+I129)*14.25% -> 3998.4484
B130: 70 | C130: =$K$42*(B130*21) -> 7085.8146 | F130: =(C130+$K$65)*0.05 -> 1311.138 | I130: =(C130+$K$65+F130)*6% -> 1652.0339 | L130: =(C130+$K$65+F130+I130)*14.25% -> 4158.9952
B131: 80 | C131: =$K$42*(B131*21) -> 8098.0739 | F131: =(C131+$K$65)*0.05 -> 1361.7509 | I131: =(C131+$K$65+F131)*6% -> 1715.8062 | L131: =(C131+$K$65+F131+I131)*14.25% -> 4319.5421
B132: 90 | C132: =$K$42*(B132*21) -> 9110.3331 | F132: =(C132+$K$65)*0.05 -> 1412.3639 | I132: =(C132+$K$65+F132)*6% -> 1779.5785 | L132: =(C132+$K$65+F132+I132)*14.25% -> 4480.0889
B133: 100 | C133: =$K$42*(B133*21) -> 10122.592 | F133: =(C133+$K$65)*0.05 -> 1462.9769 | I133: =(C133+$K$65+F133)*6% -> 1843.3509 | L133: =(C133+$K$65+F133+I133)*14.25% -> 4640.6358
B134: 110 | C134: =$K$42*(B134*21) -> 11134.852 | F134: =(C134+$K$65)*0.05 -> 1513.5898 | I134: =(C134+$K$65+F134)*6% -> 1907.1232 | L134: =(C134+$K$65+F134+I134)*14.25% -> 4801.1826
B135: 120 | C135: =$K$42*(B135*21) -> 12147.111 | F135: =(C135+$K$65)*0.05 -> 1564.2028 | I135: =(C135+$K$65+F135)*6% -> 1970.8955 | L135: =(C135+$K$65+F135+I135)*14.25% -> 4961.7295
B136: 130 | C136: =$K$42*(B136*21) -> 13159.37 | F136: =(C136+$K$65)*0.05 -> 1614.8158 | I136: =(C136+$K$65+F136)*6% -> 2034.6678 | L136: =(C136+$K$65+F136+I136)*14.25% -> 5122.2763
...

Sheet 180 SUL-VERIS-MAT
C2: Estado de Rondônia
H3: TRANSPORTE ESCOLAR RURAL - CÁCULO DO CUSTO MENSAL POR QUILÔMETRO.
E7: Veículo: | F7: ÔNIBUS: | K7: REGIONAL - CACOAL
A9: MUNICÍPIO - ROLIM DE MOURA | I9: ÔNIBUS RURAL ESCOLAR - ORE 3 | R9: PAVIMENTADO | S9: NÃO PAVIMENTADO
R10: =K43 -> 1761.3311 | S10: =K45 -> 4662.0611
A11: DADOS DO VEÍCULO: | G11: valor FIPE | K11: DISTÂNCIA DA ROTA POR DIA: | O11: =O12+O13 -> 57.4 | P11: KM | R11: =K65/O18*O14 -> 5801.0948 | S11: =K65/O18*O16 -> 13335.85
A12: VEÍCULO NOVO: | E12: =Insumos!$B$4 -> 531068.38 | K12: TRECHO PAVIMENTADO: | O12: 17.4 | P12: KM | R12: =K72/O18*O14 -> 524.27796 | S12: =K72/O18*O16 -> 1205.2367
A13: VIDA ÚTIL DO VEÍCULO (ANOS): | E13: ='DEPRECIAÇÃO LINEAR'!D15 -> 10 | K13: TRECHO NÃO PAVIMENTADO: | O13: 40 | P13: KM | R13: =K79/O18*O14 -> 783.3324 | S13: =K79/O18*O16 -> 1800.7641
A14: ANO DE FABRICAÇÃO: | E14: 2026 | K14: QUANTIDADE PERCORRIDA TRECHO PAVIMENTADO/MÊS: | O14: =O12*21 -> 365.4 | P14: KM | R14: =SUM(R10:R13) -> 8870.0362 | S14: =SUM(S10:S13) -> 21003.912
A15: IDADE DO VEÍCULO: | E15: 0 | G15: anos | R15: =IFERROR(R14/O14,0) -> 24.274867 | S15: =IFERROR(S14/O16,0) -> 25.004657
A16: Nº DE LUGARES: | E16: =IF($F$7=$D$95,F104,IF($F$7=$D$107,F116,IF($F$7=$N$95,Q104,IF($F$7=$O$107,P116,"")))) -> ATÉ 59 ALUNOS | K16: QUANTIDADE PERCORRIDA TRECHO NÃO PAVIMENTADO/MÊS: | O16: =O13*21 -> 840 | P16: KM
R17: =R14+S14 -> 29873.948
K18: QUANTIDADE TOTAL DA ROTA MÊS: | O18: =O16+O14 -> 1205.4 | P18: KM | R18: =R17/O18 -> 24.783432
A19: PERCENTUAL DE DEPRECIAÇÃO
A20: ÍNDICE RESIDUAL DO VEÍCULO: 90% | H20: 180 SUL - VERÍSSIMO - MAT. | O20: =K90 -> 24.783432 | R20: =K90 -> 24.783432
A23: DADOS DE RODAGEM
A24: Nº DE PNEUS: | E24: =IF($F$7=$D$95,F100,IF($F$7=$D$107,F112,IF($F$7=$N$95,Q100,IF($F$7=$O$107,P112,"")))) -> 6
A25: PREÇO DO PNEU: | E25: =Insumos!$B$5 -> 2453.24
A26: Nº DE RECAPAGENS: | E26: 2
A27: VALOR DA RECAPAGEM: | E27: =Insumos!$B$6 -> 975.83
A28: VIDA ÚTIL DO PNEU COM AS RECAPAGENS: | E28: 100000
A31: DADOS DO COMBUSTÍVEL
A32: PREÇO DO LITRO DO DIESEL: | E32: =Insumos!$B$7 -> 7.6
A33: CONSUMO: | E33: =IF($F$7=$D$95,G103,IF($F$7=$D$107,G115,IF($F$7=$N$95,Q103,IF($F$7=$O$107,Q115,"")))) -> 2.6 | F33: km/l
A36: Item 1: CUSTOS VARIÁVEIS
E37: COEFICIENTE
A38: Item 1.1 | B38: COMBUSTÍVEL CONSUMO: | E38: =1/E33 -> 0.38461538 | F38: l/km | K38: =E32*E38 -> 2.9230769 | L38: por km
A39: Item 1.2 | B39: LUBRIFICANTES CONSUMO: | E39: 0.04 | F39: l/km | K39: =E39*E32 -> 0.304 | L39: por km
A40: Item 1.3 | B40: RODAGEM CONSUMO: | K40: =((E25*E24)+(E26*E24*E27))/E28 -> 0.264294 | L40: por km
A41: Item 1.4 | B41: MANUTENÇÃO CONSUMO: | E41: 3e-06 | F41: por veículo, sem rodagem | K41: =(E41*E12)-(K40) -> 1.3289111 | L41: por km
K42: =SUM(K38:K41) -> 4.8202821 | L42: por km
A43: TOTAL CUSTOS VARIÁVEIS - TRECHO PAVIMENTADO: | K43: =K42*O14 -> 1761.3311 | L43: por mês
A45: TOTAL CUSTOS VARIÁVEIS - TRECHO NÃO PAVIMENTADO: | K45: =K42*O16*1.1514 -> 4662.0611 | L45: por mês
A47: TOTAL DO TRECHO (PAVIMENTADO + NÃO PAVIMENTADO): | K47: =K43+K45 -> 6423.3922 | L47: por mês
A49: ITEM 02: CUSTOS FIXOS
H50: Faixa de Idade
A51: Item 2.1 | C51: Despesa de Depreciação do veículo: | K51: =IF(L51="LINEAR",'DEPRECIAÇÃO LINEAR'!H23,(VLOOKUP(E15,'DEPRECIAÇÃO LINEAR'!W12:AM25,17,0))) -> 3983.0129 | L51: LINEAR
A52: Item 2.3 | C52: Custo com Pessoal:
B53: Subitem 2.3.1 | C53: Motorista: | K53: ='Motorista de Veiculo Pesado'!E90 -> 8468.4608
B54: Subitem 2.3.2 | C54: Monitor | K54: ='Monitor de Transporte Escolar'!E90 -> 4485.7265
A55: Item 2.4 | C55: Tributos relativos ao veículo:
B56: Subitem 2.4.1 | C56: IPVA: (1% sobre o valor do veículo): | J56: =1/100*E12 -> 5310.6838 | K56: =J56/12 -> 442.55698
B57: Subitem 2.4.2 | C57: Licenciamento anual: | J57: 230.25 | K57: =J57/12 -> 19.1875
B58: Subitem 2.4.3 | C58: Vistoria: | J58: 161.8 | K58: =J58/12 -> 13.483333
A59: Item 2.5 | C59: Seguro DPVAT: | J59: 0 | K59: =J59/12 -> 0
A60: Item 2.6 | C60: Custo de Lavagem do veículo | J60: =Insumos!$B$8 -> 350.88 | K60: =4*J60 -> 1403.52
A61: Item 2.7 | C61: Seguro de Terceiros: | J61: =Insumos!$B$9 -> 2680.95 | K61: =J61/12 -> 223.4125
A62: Item 2.8 | C62: Monitoramento Veicular: | J62: =Insumos!$B$10 -> 932.23 | K62: =J62/12 -> 77.685833
A63: Item 2.9 | C63: Cronotacógrafo: | J63: =Insumos!$B$11 -> 471.82 | K63: =J63/24 -> 19.659167
A64: Item 2.10 | C64: Plotagem (Programa Estadual de Transporte Escolar Ir e Vir) | J64: =Insumos!$B$12 -> 14.3724 | K64: =J64/60 -> 0.23954
A65: TOTAL DOS CUSTOS FIXOS | K65: =SUM(K51:K64) -> 19136.945 | L65: por mês
A67: CUSTO VARIÁVEL + CUSTO FIXO | K67: =K47+K65 -> 25560.337
A69: ITEM 03: CUSTO INDIRETO E LUCRO | I69: PERCENTUAL
A70: Item 3.1 | C70: Custo Indireto: | I70: =Insumos!$B$15 -> 0.0266 | K70: =I70*K67 -> 679.90497
A71: Item 3.2 | C71: Lucro Bruto: | I71: =Insumos!$B$16 -> 0.04 | K71: =I71*(K67+K70) -> 1049.6097
J72: TOTAL: | K72: =SUM(K70:K71) -> 1729.5147 | L72: por mês
A74: ITEM 04: TRIBUTOS RELATIVOS AO FATUTRAMENTO
A75: Base de cálculo (Custos Váriaveis + Custo Fixo) | I75: ALÍQUOTA | K75: =K67+K72 -> 27289.852
A76: Item 4.1 | C76: ISS | I76: =Insumos!$B$18 -> 0.05 | K76: =$K$75/(1-(SUM($I$76:$J$78)))*I76 -> 1493.6974
A77: Item 4.2 | C77: PIS | I77: =Insumos!$B$19 -> 0.0065 | K77: =$K$75/(1-(SUM($I$76:$J$78)))*I77 -> 194.18066
A78: Item 4.3 | C78: COFINS | I78: =Insumos!$B$20 -> 0.03 | K78: =$K$75/(1-(SUM($I$76:$J$78)))*I78 -> 896.21845
A79: TOTAL DE TRIBUTOS: | K79: =SUM(K76:K78) -> 2584.0965 | L79: por mês
A82: TOTAL DO SERVIÇO PRESTADO:
A84: VALOR DO INTINERÁRIO AO MÊS
A85: Custos Váriaveis + Custos Fixos Custos Indiretos e Lucro + Tributos | K85: =K67+K72+K79 -> 29873.948
A89: CUSTO POR KM
A90: Valor do Intinerário / Quantidade de Km percorrida no mês (trecho pavimentado). | K90: =K85/O18 -> 24.783432 | L90: por Km
B95: TIPO: | D95: ÔNIBUS: | L95: TIPO: | N95: MICRO ÔNIBUS
B97: VALOR: | F97: 288912 | L97: VALOR: | Q97: 271500
B98: VIDA ÚTIL: | F98: 10 | H98: ANOS | L98: VIDA ÚTIL: | Q98: 10 | R98: ANOS
B99: ANO DE FABRICAÇÃO | G99: 2018 | L99: ANO DE FABRICAÇÃO | Q99: 2018
B100: QUANTIDADE DE PNEUS: | F100: 6 | L100: QUANTIDADE DE PNEUS: | Q100: 6
B101: VIDA ÚTIL DO PNEU: | G101: 100000 | L101: VIDA ÚTIL DO PNEU: | Q101: 100000
B102: PREÇO DO PNEU: | G102: 1533.77 | L102: PREÇO DO PNEU: | Q102: 860.69
B103: CONSUMO: | G103: 2.6 | H103: K/L | L103: CONSUMO: | Q103: 4.7
B104: Nº DE LUGARES: | F104: ATÉ 59 ALUNOS | L104: Nº DE LUGARES: | Q104: ATÉ 29 ALUNOS
B107: TIPO: | D107: VAN | L107: TIPO: | O107: KOMBI
B109: VALOR: | F109: 400 | L109: VALOR: | P109: KOMBI
B110: VIDA ÚTIL: | F110: 10 | H110: ANOS | L110: VIDA ÚTIL: | P110: 8 | R110: ANOS
B111: ANO DE FABRICAÇÃO | G111: VAN 2015 | L111: ANO DE FABRICAÇÃO | Q111: KOMBI 2015
B112: QUANTIDADE DE PNEUS: | F112: VAN6 | L112: QUANTIDADE DE PNEUS: | P112: KOMBI6
B113: VIDA ÚTIL DO PNEU: | G113: VAN 80.000 | L113: VIDA ÚTIL DO PNEU: | Q113: KOMBI 80.000
B114: PREÇO DO PNEU: | G114: 400 | L114: PREÇO DO PNEU: | Q114: 4444
B115: CONSUMO: | G115: 2 | H115: K/L | L115: CONSUMO: | Q115: 4 | R115: K/L
B116: Nº DE LUGARES: | F116: ATÉ 36 VAN | L116: Nº DE LUGARES: | P116: ATÉ 36 KIMBI
Q119: ÔNIBUS: | T119: LINEAR
Q120: MICRO ÔNIBUS | T120: MÉTODO DE COLE
Q121: VAN
B122: TRECHO PAVIMENTADO | Q122: KOMBI
B126: KM MAXIMO POR TRECHO | C126: CUSTO VARIAVEL | F126: CUSTOS INDIRETOS | I126: LUCRO | L126: TRIBUTOS
B127: 40 | C127: =$K$42*(B127*21) -> 4049.0369 | F127: =(C127+$K$65)*0.05 -> 1159.2991 | I127: =(C127+$K$65+F127)*6% -> 1460.7169 | L127: =(C127+$K$65+F127+I127)*14.25% -> 3677.3547
B128: 50 | C128: =$K$42*(B128*21) -> 5061.2962 | F128: =(C128+$K$65)*0.05 -> 1209.9121 | I128: =(C128+$K$65+F128)*6% -> 1524.4892 | L128: =(C128+$K$65+F128+I128)*14.25% -> 3837.9015
B129: 60 | C129: =$K$42*(B129*21) -> 6073.5554 | F129: =(C129+$K$65)*0.05 -> 1260.525 | I129: =(C129+$K$65+F129)*6% -> 1588.2615 | L129: =(C129+$K$65+F129+I129)*14.25% -> 3998.4484
B130: 70 | C130: =$K$42*(B130*21) -> 7085.8146 | F130: =(C130+$K$65)*0.05 -> 1311.138 | I130: =(C130+$K$65+F130)*6% -> 1652.0339 | L130: =(C130+$K$65+F130+I130)*14.25% -> 4158.9952
B131: 80 | C131: =$K$42*(B131*21) -> 8098.0739 | F131: =(C131+$K$65)*0.05 -> 1361.7509 | I131: =(C131+$K$65+F131)*6% -> 1715.8062 | L131: =(C131+$K$65+F131+I131)*14.25% -> 4319.5421
B132: 90 | C132: =$K$42*(B132*21) -> 9110.3331 | F132: =(C132+$K$65)*0.05 -> 1412.3639 | I132: =(C132+$K$65+F132)*6% -> 1779.5785 | L132: =(C132+$K$65+F132+I132)*14.25% -> 4480.0889
B133: 100 | C133: =$K$42*(B133*21) -> 10122.592 | F133: =(C133+$K$65)*0.05 -> 1462.9769 | I133: =(C133+$K$65+F133)*6% -> 1843.3509 | L133: =(C133+$K$65+F133+I133)*14.25% -> 4640.6358
B134: 110 | C134: =$K$42*(B134*21) -> 11134.852 | F134: =(C134+$K$65)*0.05 -> 1513.5898 | I134: =(C134+$K$65+F134)*6% -> 1907.1232 | L134: =(C134+$K$65+F134+I134)*14.25% -> 4801.1826
B135: 120 | C135: =$K$42*(B135*21) -> 12147.111 | F135: =(C135+$K$65)*0.05 -> 1564.2028 | I135: =(C135+$K$65+F135)*6% -> 1970.8955 | L135: =(C135+$K$65+F135+I135)*14.25% -> 4961.7295
B136: 130 | C136: =$K$42*(B136*21) -> 13159.37 | F136: =(C136+$K$65)*0.05 -> 1614.8158 | I136: =(C136+$K$65+F136)*6% -> 2034.6678 | L136: =(C136+$K$65+F136+I136)*14.25% -> 5122.2763
...

Sheet 188 NORTE DURAN- ALUISIO- MATU
C2: Estado de Rondônia
H3: TRANSPORTE ESCOLAR RURAL - CÁCULO DO CUSTO MENSAL POR QUILÔMETRO.
E7: Veículo: | F7: ÔNIBUS: | K7: REGIONAL - CACOAL
A9: MUNICÍPIO - ROLIM DE MOURA | I9: ÔNIBUS RURAL ESCOLAR - ORE 3 | R9: PAVIMENTADO | S9: NÃO PAVIMENTADO
R10: =K43 -> 4557.1911 | S10: =K45 -> 3729.6489
A11: DADOS DO VEÍCULO: | G11: valor FIPE | K11: DISTÂNCIA DA ROTA POR DIA: | O11: =O12+O13 -> 77.02 | P11: KM | R11: =K65/O18*O14 -> 11185.994 | S11: =K65/O18*O16 -> 7950.9509
A12: VEÍCULO NOVO: | E12: =Insumos!$B$4 -> 531068.38 | K12: TRECHO PAVIMENTADO: | O12: 45.02 | P12: KM | R12: =K72/O18*O14 -> 1084.6436 | S12: =K72/O18*O16 -> 770.95943
A13: VIDA ÚTIL DO VEÍCULO (ANOS): | E13: ='DEPRECIAÇÃO LINEAR'!D15 -> 10 | K13: TRECHO NÃO PAVIMENTADO: | O13: 32 | P13: KM | R13: =K79/O18*O14 -> 1620.5839 | S13: =K79/O18*O16 -> 1151.9033
A14: ANO DE FABRICAÇÃO: | E14: 2026 | K14: QUANTIDADE PERCORRIDA TRECHO PAVIMENTADO/MÊS: | O14: =O12*21 -> 945.42 | P14: KM | R14: =SUM(R10:R13) -> 18448.413 | S14: =SUM(S10:S13) -> 13603.463
A15: IDADE DO VEÍCULO: | E15: 0 | G15: anos | R15: =IFERROR(R14/O14,0) -> 19.513457 | S15: =IFERROR(S14/O16,0) -> 20.243248
A16: Nº DE LUGARES: | E16: =IF($F$7=$D$95,F104,IF($F$7=$D$107,F116,IF($F$7=$N$95,Q104,IF($F$7=$O$107,P116,"")))) -> ATÉ 59 ALUNOS | K16: QUANTIDADE PERCORRIDA TRECHO NÃO PAVIMENTADO/MÊS: | O16: =O13*21 -> 672 | P16: KM
R17: =R14+S14 -> 32051.875
K18: QUANTIDADE TOTAL DA ROTA MÊS: | O18: =O16+O14 -> 1617.42 | P18: KM | R18: =R17/O18 -> 19.816668
A19: PERCENTUAL DE DEPRECIAÇÃO
A20: ÍNDICE RESIDUAL DO VEÍCULO: 90% | O20: =K90 -> 19.816668 | R20: =K90 -> 19.816668
H21: LINHA 188 NORTE - FRA. DURAN - ALUISIO MATUTINO
A23: DADOS DE RODAGEM
A24: Nº DE PNEUS: | E24: =IF($F$7=$D$95,F100,IF($F$7=$D$107,F112,IF($F$7=$N$95,Q100,IF($F$7=$O$107,P112,"")))) -> 6
A25: PREÇO DO PNEU: | E25: =Insumos!$B$5 -> 2453.24
A26: Nº DE RECAPAGENS: | E26: 2
A27: VALOR DA RECAPAGEM: | E27: =Insumos!$B$6 -> 975.83
A28: VIDA ÚTIL DO PNEU COM AS RECAPAGENS: | E28: 100000
A31: DADOS DO COMBUSTÍVEL
A32: PREÇO DO LITRO DO DIESEL: | E32: =Insumos!$B$7 -> 7.6
A33: CONSUMO: | E33: =IF($F$7=$D$95,G103,IF($F$7=$D$107,G115,IF($F$7=$N$95,Q103,IF($F$7=$O$107,Q115,"")))) -> 2.6 | F33: km/l
A36: Item 1: CUSTOS VARIÁVEIS
E37: COEFICIENTE
A38: Item 1.1 | B38: COMBUSTÍVEL CONSUMO: | E38: =1/E33 -> 0.38461538 | F38: l/km | K38: =E32*E38 -> 2.9230769 | L38: por km
A39: Item 1.2 | B39: LUBRIFICANTES CONSUMO: | E39: 0.04 | F39: l/km | K39: =E39*E32 -> 0.304 | L39: por km
A40: Item 1.3 | B40: RODAGEM CONSUMO: | K40: =((E25*E24)+(E26*E24*E27))/E28 -> 0.264294 | L40: por km
A41: Item 1.4 | B41: MANUTENÇÃO CONSUMO: | E41: 3e-06 | F41: por veículo, sem rodagem | K41: =(E41*E12)-(K40) -> 1.3289111 | L41: por km
K42: =SUM(K38:K41) -> 4.8202821 | L42: por km
A43: TOTAL CUSTOS VARIÁVEIS - TRECHO PAVIMENTADO: | K43: =K42*O14 -> 4557.1911 | L43: por mês
A45: TOTAL CUSTOS VARIÁVEIS - TRECHO NÃO PAVIMENTADO: | K45: =K42*O16*1.1514 -> 3729.6489 | L45: por mês
A47: TOTAL DO TRECHO (PAVIMENTADO + NÃO PAVIMENTADO): | K47: =K43+K45 -> 8286.84 | L47: por mês
A49: ITEM 02: CUSTOS FIXOS
H50: Faixa de Idade
A51: Item 2.1 | C51: Despesa de Depreciação do veículo: | K51: =IF(L51="LINEAR",'DEPRECIAÇÃO LINEAR'!H23,(VLOOKUP(E15,'DEPRECIAÇÃO LINEAR'!W12:AM25,17,0))) -> 3983.0129 | L51: LINEAR
A52: Item 2.3 | C52: Custo com Pessoal:
B53: Subitem 2.3.1 | C53: Motorista: | K53: ='Motorista de Veiculo Pesado'!E90 -> 8468.4608
B54: Subitem 2.3.2 | C54: Monitor | K54: ='Monitor de Transporte Escolar'!E90 -> 4485.7265
A55: Item 2.4 | C55: Tributos relativos ao veículo:
B56: Subitem 2.4.1 | C56: IPVA: (1% sobre o valor do veículo): | J56: =1/100*E12 -> 5310.6838 | K56: =J56/12 -> 442.55698
B57: Subitem 2.4.2 | C57: Licenciamento anual: | J57: 230.25 | K57: =J57/12 -> 19.1875
B58: Subitem 2.4.3 | C58: Vistoria: | J58: 161.8 | K58: =J58/12 -> 13.483333
A59: Item 2.5 | C59: Seguro DPVAT: | J59: 0 | K59: =J59/12 -> 0
A60: Item 2.6 | C60: Custo de Lavagem do veículo | J60: =Insumos!$B$8 -> 350.88 | K60: =4*J60 -> 1403.52
A61: Item 2.7 | C61: Seguro de Terceiros: | J61: =Insumos!$B$9 -> 2680.95 | K61: =J61/12 -> 223.4125
A62: Item 2.8 | C62: Monitoramento Veicular: | J62: =Insumos!$B$10 -> 932.23 | K62: =J62/12 -> 77.685833
A63: Item 2.9 | C63: Cronotacógrafo: | J63: =Insumos!$B$11 -> 471.82 | K63: =J63/24 -> 19.659167
A64: Item 2.10 | C64: Plotagem (Programa Estadual de Transporte Escolar Ir e Vir) | J64: =Insumos!$B$12 -> 14.3724 | K64: =J64/60 -> 0.23954
A65: TOTAL DOS CUSTOS FIXOS | K65: =SUM(K51:K64) -> 19136.945 | L65: por mês
A67: CUSTO VARIÁVEL + CUSTO FIXO | K67: =K47+K65 -> 27423.785
A69: ITEM 03: CUSTO INDIRETO E LUCRO | I69: PERCENTUAL
A70: Item 3.1 | C70: Custo Indireto: | I70: =Insumos!$B$15 -> 0.0266 | K70: =I70*K67 -> 729.47268
A71: Item 3.2 | C71: Lucro Bruto: | I71: =Insumos!$B$16 -> 0.04 | K71: =I71*(K67+K70) -> 1126.1303
J72: TOTAL: | K72: =SUM(K70:K71) -> 1855.603 | L72: por mês
A74: ITEM 04: TRIBUTOS RELATIVOS AO FATUTRAMENTO
A75: Base de cálculo (Custos Váriaveis + Custo Fixo) | I75: ALÍQUOTA | K75: =K67+K72 -> 29279.388
A76: Item 4.1 | C76: ISS | I76: =Insumos!$B$18 -> 0.05 | K76: =$K$75/(1-(SUM($I$76:$J$78)))*I76 -> 1602.5938
A77: Item 4.2 | C77: PIS | I77: =Insumos!$B$19 -> 0.0065 | K77: =$K$75/(1-(SUM($I$76:$J$78)))*I77 -> 208.33719
A78: Item 4.3 | C78: COFINS | I78: =Insumos!$B$20 -> 0.03 | K78: =$K$75/(1-(SUM($I$76:$J$78)))*I78 -> 961.55625
A79: TOTAL DE TRIBUTOS: | K79: =SUM(K76:K78) -> 2772.4872 | L79: por mês
A82: TOTAL DO SERVIÇO PRESTADO:
A84: VALOR DO INTINERÁRIO AO MÊS
A85: Custos Váriaveis + Custos Fixos Custos Indiretos e Lucro + Tributos | K85: =K67+K72+K79 -> 32051.875
A89: CUSTO POR KM
A90: Valor do Intinerário / Quantidade de Km percorrida no mês (trecho pavimentado). | K90: =K85/O18 -> 19.816668 | L90: por Km
B95: TIPO: | D95: ÔNIBUS: | L95: TIPO: | N95: MICRO ÔNIBUS
B97: VALOR: | F97: 288912 | L97: VALOR: | Q97: 271500
B98: VIDA ÚTIL: | F98: 10 | H98: ANOS | L98: VIDA ÚTIL: | Q98: 10 | R98: ANOS
B99: ANO DE FABRICAÇÃO | G99: 2018 | L99: ANO DE FABRICAÇÃO | Q99: 2018
B100: QUANTIDADE DE PNEUS: | F100: 6 | L100: QUANTIDADE DE PNEUS: | Q100: 6
B101: VIDA ÚTIL DO PNEU: | G101: 100000 | L101: VIDA ÚTIL DO PNEU: | Q101: 100000
B102: PREÇO DO PNEU: | G102: 1533.77 | L102: PREÇO DO PNEU: | Q102: 860.69
B103: CONSUMO: | G103: 2.6 | H103: K/L | L103: CONSUMO: | Q103: 4.7
B104: Nº DE LUGARES: | F104: ATÉ 59 ALUNOS | L104: Nº DE LUGARES: | Q104: ATÉ 29 ALUNOS
B107: TIPO: | D107: VAN | L107: TIPO: | O107: KOMBI
B109: VALOR: | F109: 400 | L109: VALOR: | P109: KOMBI
B110: VIDA ÚTIL: | F110: 10 | H110: ANOS | L110: VIDA ÚTIL: | P110: 8 | R110: ANOS
B111: ANO DE FABRICAÇÃO | G111: VAN 2015 | L111: ANO DE FABRICAÇÃO | Q111: KOMBI 2015
B112: QUANTIDADE DE PNEUS: | F112: VAN6 | L112: QUANTIDADE DE PNEUS: | P112: KOMBI6
B113: VIDA ÚTIL DO PNEU: | G113: VAN 80.000 | L113: VIDA ÚTIL DO PNEU: | Q113: KOMBI 80.000
B114: PREÇO DO PNEU: | G114: 400 | L114: PREÇO DO PNEU: | Q114: 4444
B115: CONSUMO: | G115: 2 | H115: K/L | L115: CONSUMO: | Q115: 4 | R115: K/L
B116: Nº DE LUGARES: | F116: ATÉ 36 VAN | L116: Nº DE LUGARES: | P116: ATÉ 36 KIMBI
Q119: ÔNIBUS: | T119: LINEAR
Q120: MICRO ÔNIBUS | T120: MÉTODO DE COLE
Q121: VAN
B122: TRECHO PAVIMENTADO | Q122: KOMBI
B126: KM MAXIMO POR TRECHO | C126: CUSTO VARIAVEL | F126: CUSTOS INDIRETOS | I126: LUCRO | L126: TRIBUTOS
B127: 40 | C127: =$K$42*(B127*21) -> 4049.0369 | F127: =(C127+$K$65)*0.05 -> 1159.2991 | I127: =(C127+$K$65+F127)*6% -> 1460.7169 | L127: =(C127+$K$65+F127+I127)*14.25% -> 3677.3547
B128: 50 | C128: =$K$42*(B128*21) -> 5061.2962 | F128: =(C128+$K$65)*0.05 -> 1209.9121 | I128: =(C128+$K$65+F128)*6% -> 1524.4892 | L128: =(C128+$K$65+F128+I128)*14.25% -> 3837.9015
B129: 60 | C129: =$K$42*(B129*21) -> 6073.5554 | F129: =(C129+$K$65)*0.05 -> 1260.525 | I129: =(C129+$K$65+F129)*6% -> 1588.2615 | L129: =(C129+$K$65+F129+I129)*14.25% -> 3998.4484
B130: 70 | C130: =$K$42*(B130*21) -> 7085.8146 | F130: =(C130+$K$65)*0.05 -> 1311.138 | I130: =(C130+$K$65+F130)*6% -> 1652.0339 | L130: =(C130+$K$65+F130+I130)*14.25% -> 4158.9952
B131: 80 | C131: =$K$42*(B131*21) -> 8098.0739 | F131: =(C131+$K$65)*0.05 -> 1361.7509 | I131: =(C131+$K$65+F131)*6% -> 1715.8062 | L131: =(C131+$K$65+F131+I131)*14.25% -> 4319.5421
B132: 90 | C132: =$K$42*(B132*21) -> 9110.3331 | F132: =(C132+$K$65)*0.05 -> 1412.3639 | I132: =(C132+$K$65+F132)*6% -> 1779.5785 | L132: =(C132+$K$65+F132+I132)*14.25% -> 4480.0889
B133: 100 | C133: =$K$42*(B133*21) -> 10122.592 | F133: =(C133+$K$65)*0.05 -> 1462.9769 | I133: =(C133+$K$65+F133)*6% -> 1843.3509 | L133: =(C133+$K$65+F133+I133)*14.25% -> 4640.6358
B134: 110 | C134: =$K$42*(B134*21) -> 11134.852 | F134: =(C134+$K$65)*0.05 -> 1513.5898 | I134: =(C134+$K$65+F134)*6% -> 1907.1232 | L134: =(C134+$K$65+F134+I134)*14.25% -> 4801.1826
B135: 120 | C135: =$K$42*(B135*21) -> 12147.111 | F135: =(C135+$K$65)*0.05 -> 1564.2028 | I135: =(C135+$K$65+F135)*6% -> 1970.8955 | L135: =(C135+$K$65+F135+I135)*14.25% -> 4961.7295
...

Sheet 192 NORTE - DURAN-ROSALES-MATUT
C2: Estado de Rondônia
H3: TRANSPORTE ESCOLAR RURAL - CÁCULO DO CUSTO MENSAL POR QUILÔMETRO.
E7: Veículo: | F7: ÔNIBUS: | K7: REGIONAL - CACOAL
A9: MUNICÍPIO - ROLIM DE MOURA | I9: ÔNIBUS RURAL ESCOLAR - ORE 3 | R9: PAVIMENTADO | S9: NÃO PAVIMENTADO
R10: =K43 -> 3354.6271 | S10: =K45 -> 3613.0974
A11: DADOS DO VEÍCULO: | G11: valor FIPE | K11: DISTÂNCIA DA ROTA POR DIA: | O11: =O12+O13 -> 64.14 | P11: KM | R11: =K65/O18*O14 -> 9887.7199 | S11: =K65/O18*O16 -> 9249.225
A12: VEÍCULO NOVO: | E12: =Insumos!$B$4 -> 531068.38 | K12: TRECHO PAVIMENTADO: | O12: 33.14 | P12: KM | R12: =K72/O18*O14 -> 912.63982 | S12: =K72/O18*O16 -> 853.70653
A13: VIDA ÚTIL DO VEÍCULO (ANOS): | E13: ='DEPRECIAÇÃO LINEAR'!D15 -> 10 | K13: TRECHO NÃO PAVIMENTADO: | O13: 31 | P13: KM | R13: =K79/O18*O14 -> 1363.5903 | S13: =K79/O18*O16 -> 1275.5371
A14: ANO DE FABRICAÇÃO: | E14: 2026 | K14: QUANTIDADE PERCORRIDA TRECHO PAVIMENTADO/MÊS: | O14: =O12*21 -> 695.94 | P14: KM | R14: =SUM(R10:R13) -> 15518.577 | S14: =SUM(S10:S13) -> 14991.566
A15: IDADE DO VEÍCULO: | E15: 0 | G15: anos | R15: =IFERROR(R14/O14,0) -> 22.298729 | S15: =IFERROR(S14/O16,0) -> 23.028519
A16: Nº DE LUGARES: | E16: =IF($F$7=$D$95,F104,IF($F$7=$D$107,F116,IF($F$7=$N$95,Q104,IF($F$7=$O$107,P116,"")))) -> ATÉ 59 ALUNOS | K16: QUANTIDADE PERCORRIDA TRECHO NÃO PAVIMENTADO/MÊS: | O16: =O13*21 -> 651 | P16: KM
R17: =R14+S14 -> 30510.143
K18: QUANTIDADE TOTAL DA ROTA MÊS: | O18: =O16+O14 -> 1346.94 | P18: KM | R18: =R17/O18 -> 22.651449
A19: PERCENTUAL DE DEPRECIAÇÃO
A20: ÍNDICE RESIDUAL DO VEÍCULO: 90% | O20: =K90 -> 22.651449 | R20: =K90 -> 22.651449
H21: LINHA 192 NORTE - FRANCISCA DURAN - JOSÉ ROSALES
A23: DADOS DE RODAGEM
A24: Nº DE PNEUS: | E24: =IF($F$7=$D$95,F100,IF($F$7=$D$107,F112,IF($F$7=$N$95,Q100,IF($F$7=$O$107,P112,"")))) -> 6
A25: PREÇO DO PNEU: | E25: =Insumos!$B$5 -> 2453.24
A26: Nº DE RECAPAGENS: | E26: 2
A27: VALOR DA RECAPAGEM: | E27: =Insumos!$B$6 -> 975.83
A28: VIDA ÚTIL DO PNEU COM AS RECAPAGENS: | E28: 100000
A31: DADOS DO COMBUSTÍVEL
A32: PREÇO DO LITRO DO DIESEL: | E32: =Insumos!$B$7 -> 7.6
A33: CONSUMO: | E33: =IF($F$7=$D$95,G103,IF($F$7=$D$107,G115,IF($F$7=$N$95,Q103,IF($F$7=$O$107,Q115,"")))) -> 2.6 | F33: km/l
A36: Item 1: CUSTOS VARIÁVEIS
E37: COEFICIENTE
A38: Item 1.1 | B38: COMBUSTÍVEL CONSUMO: | E38: =1/E33 -> 0.38461538 | F38: l/km | K38: =E32*E38 -> 2.9230769 | L38: por km
A39: Item 1.2 | B39: LUBRIFICANTES CONSUMO: | E39: 0.04 | F39: l/km | K39: =E39*E32 -> 0.304 | L39: por km
A40: Item 1.3 | B40: RODAGEM CONSUMO: | K40: =((E25*E24)+(E26*E24*E27))/E28 -> 0.264294 | L40: por km
A41: Item 1.4 | B41: MANUTENÇÃO CONSUMO: | E41: 3e-06 | F41: por veículo, sem rodagem | K41: =(E41*E12)-(K40) -> 1.3289111 | L41: por km
K42: =SUM(K38:K41) -> 4.8202821 | L42: por km
A43: TOTAL CUSTOS VARIÁVEIS - TRECHO PAVIMENTADO: | K43: =K42*O14 -> 3354.6271 | L43: por mês
A45: TOTAL CUSTOS VARIÁVEIS - TRECHO NÃO PAVIMENTADO: | K45: =K42*O16*1.1514 -> 3613.0974 | L45: por mês
A47: TOTAL DO TRECHO (PAVIMENTADO + NÃO PAVIMENTADO): | K47: =K43+K45 -> 6967.7245 | L47: por mês
A49: ITEM 02: CUSTOS FIXOS
H50: Faixa de Idade
A51: Item 2.1 | C51: Despesa de Depreciação do veículo: | K51: =IF(L51="LINEAR",'DEPRECIAÇÃO LINEAR'!H23,(VLOOKUP(E15,'DEPRECIAÇÃO LINEAR'!W12:AM25,17,0))) -> 3983.0129 | L51: LINEAR
A52: Item 2.3 | C52: Custo com Pessoal:
B53: Subitem 2.3.1 | C53: Motorista: | K53: ='Motorista de Veiculo Pesado'!E90 -> 8468.4608
B54: Subitem 2.3.2 | C54: Monitor | K54: ='Monitor de Transporte Escolar'!E90 -> 4485.7265
A55: Item 2.4 | C55: Tributos relativos ao veículo:
B56: Subitem 2.4.1 | C56: IPVA: (1% sobre o valor do veículo): | J56: =1/100*E12 -> 5310.6838 | K56: =J56/12 -> 442.55698
B57: Subitem 2.4.2 | C57: Licenciamento anual: | J57: 230.25 | K57: =J57/12 -> 19.1875
B58: Subitem 2.4.3 | C58: Vistoria: | J58: 161.8 | K58: =J58/12 -> 13.483333
A59: Item 2.5 | C59: Seguro DPVAT: | J59: 0 | K59: =J59/12 -> 0
A60: Item 2.6 | C60: Custo de Lavagem do veículo | J60: =Insumos!$B$8 -> 350.88 | K60: =4*J60 -> 1403.52
A61: Item 2.7 | C61: Seguro de Terceiros: | J61: =Insumos!$B$9 -> 2680.95 | K61: =J61/12 -> 223.4125
A62: Item 2.8 | C62: Monitoramento Veicular: | J62: =Insumos!$B$10 -> 932.23 | K62: =J62/12 -> 77.685833
A63: Item 2.9 | C63: Cronotacógrafo: | J63: =Insumos!$B$11 -> 471.82 | K63: =J63/24 -> 19.659167
A64: Item 2.10 | C64: Plotagem (Programa Estadual de Transporte Escolar Ir e Vir) | J64: =Insumos!$B$12 -> 14.3724 | K64: =J64/60 -> 0.23954
A65: TOTAL DOS CUSTOS FIXOS | K65: =SUM(K51:K64) -> 19136.945 | L65: por mês
A67: CUSTO VARIÁVEL + CUSTO FIXO | K67: =K47+K65 -> 26104.669
A69: ITEM 03: CUSTO INDIRETO E LUCRO | I69: PERCENTUAL
A70: Item 3.1 | C70: Custo Indireto: | I70: =Insumos!$B$15 -> 0.0266 | K70: =I70*K67 -> 694.38421
A71: Item 3.2 | C71: Lucro Bruto: | I71: =Insumos!$B$16 -> 0.04 | K71: =I71*(K67+K70) -> 1071.9621
J72: TOTAL: | K72: =SUM(K70:K71) -> 1766.3464 | L72: por mês
A74: ITEM 04: TRIBUTOS RELATIVOS AO FATUTRAMENTO
A75: Base de cálculo (Custos Váriaveis + Custo Fixo) | I75: ALÍQUOTA | K75: =K67+K72 -> 27871.016
A76: Item 4.1 | C76: ISS | I76: =Insumos!$B$18 -> 0.05 | K76: =$K$75/(1-(SUM($I$76:$J$78)))*I76 -> 1525.5072
A77: Item 4.2 | C77: PIS | I77: =Insumos!$B$19 -> 0.0065 | K77: =$K$75/(1-(SUM($I$76:$J$78)))*I77 -> 198.31593
A78: Item 4.3 | C78: COFINS | I78: =Insumos!$B$20 -> 0.03 | K78: =$K$75/(1-(SUM($I$76:$J$78)))*I78 -> 915.3043
A79: TOTAL DE TRIBUTOS: | K79: =SUM(K76:K78) -> 2639.1274 | L79: por mês
A82: TOTAL DO SERVIÇO PRESTADO:
A84: VALOR DO INTINERÁRIO AO MÊS
A85: Custos Váriaveis + Custos Fixos Custos Indiretos e Lucro + Tributos | K85: =K67+K72+K79 -> 30510.143
A89: CUSTO POR KM
A90: Valor do Intinerário / Quantidade de Km percorrida no mês (trecho pavimentado). | K90: =K85/O18 -> 22.651449 | L90: por Km
B95: TIPO: | D95: ÔNIBUS: | L95: TIPO: | N95: MICRO ÔNIBUS
B97: VALOR: | F97: 288912 | L97: VALOR: | Q97: 271500
B98: VIDA ÚTIL: | F98: 10 | H98: ANOS | L98: VIDA ÚTIL: | Q98: 10 | R98: ANOS
B99: ANO DE FABRICAÇÃO | G99: 2018 | L99: ANO DE FABRICAÇÃO | Q99: 2018
B100: QUANTIDADE DE PNEUS: | F100: 6 | L100: QUANTIDADE DE PNEUS: | Q100: 6
B101: VIDA ÚTIL DO PNEU: | G101: 100000 | L101: VIDA ÚTIL DO PNEU: | Q101: 100000
B102: PREÇO DO PNEU: | G102: 1533.77 | L102: PREÇO DO PNEU: | Q102: 860.69
B103: CONSUMO: | G103: 2.6 | H103: K/L | L103: CONSUMO: | Q103: 4.7
B104: Nº DE LUGARES: | F104: ATÉ 59 ALUNOS | L104: Nº DE LUGARES: | Q104: ATÉ 29 ALUNOS
B107: TIPO: | D107: VAN | L107: TIPO: | O107: KOMBI
B109: VALOR: | F109: 400 | L109: VALOR: | P109: KOMBI
B110: VIDA ÚTIL: | F110: 10 | H110: ANOS | L110: VIDA ÚTIL: | P110: 8 | R110: ANOS
B111: ANO DE FABRICAÇÃO | G111: VAN 2015 | L111: ANO DE FABRICAÇÃO | Q111: KOMBI 2015
B112: QUANTIDADE DE PNEUS: | F112: VAN6 | L112: QUANTIDADE DE PNEUS: | P112: KOMBI6
B113: VIDA ÚTIL DO PNEU: | G113: VAN 80.000 | L113: VIDA ÚTIL DO PNEU: | Q113: KOMBI 80.000
B114: PREÇO DO PNEU: | G114: 400 | L114: PREÇO DO PNEU: | Q114: 4444
B115: CONSUMO: | G115: 2 | H115: K/L | L115: CONSUMO: | Q115: 4 | R115: K/L
B116: Nº DE LUGARES: | F116: ATÉ 36 VAN | L116: Nº DE LUGARES: | P116: ATÉ 36 KIMBI
Q119: ÔNIBUS: | T119: LINEAR
Q120: MICRO ÔNIBUS | T120: MÉTODO DE COLE
Q121: VAN
B122: TRECHO PAVIMENTADO | Q122: KOMBI
B126: KM MAXIMO POR TRECHO | C126: CUSTO VARIAVEL | F126: CUSTOS INDIRETOS | I126: LUCRO | L126: TRIBUTOS
B127: 40 | C127: =$K$42*(B127*21) -> 4049.0369 | F127: =(C127+$K$65)*0.05 -> 1159.2991 | I127: =(C127+$K$65+F127)*6% -> 1460.7169 | L127: =(C127+$K$65+F127+I127)*14.25% -> 3677.3547
B128: 50 | C128: =$K$42*(B128*21) -> 5061.2962 | F128: =(C128+$K$65)*0.05 -> 1209.9121 | I128: =(C128+$K$65+F128)*6% -> 1524.4892 | L128: =(C128+$K$65+F128+I128)*14.25% -> 3837.9015
B129: 60 | C129: =$K$42*(B129*21) -> 6073.5554 | F129: =(C129+$K$65)*0.05 -> 1260.525 | I129: =(C129+$K$65+F129)*6% -> 1588.2615 | L129: =(C129+$K$65+F129+I129)*14.25% -> 3998.4484
B130: 70 | C130: =$K$42*(B130*21) -> 7085.8146 | F130: =(C130+$K$65)*0.05 -> 1311.138 | I130: =(C130+$K$65+F130)*6% -> 1652.0339 | L130: =(C130+$K$65+F130+I130)*14.25% -> 4158.9952
B131: 80 | C131: =$K$42*(B131*21) -> 8098.0739 | F131: =(C131+$K$65)*0.05 -> 1361.7509 | I131: =(C131+$K$65+F131)*6% -> 1715.8062 | L131: =(C131+$K$65+F131+I131)*14.25% -> 4319.5421
B132: 90 | C132: =$K$42*(B132*21) -> 9110.3331 | F132: =(C132+$K$65)*0.05 -> 1412.3639 | I132: =(C132+$K$65+F132)*6% -> 1779.5785 | L132: =(C132+$K$65+F132+I132)*14.25% -> 4480.0889
B133: 100 | C133: =$K$42*(B133*21) -> 10122.592 | F133: =(C133+$K$65)*0.05 -> 1462.9769 | I133: =(C133+$K$65+F133)*6% -> 1843.3509 | L133: =(C133+$K$65+F133+I133)*14.25% -> 4640.6358
B134: 110 | C134: =$K$42*(B134*21) -> 11134.852 | F134: =(C134+$K$65)*0.05 -> 1513.5898 | I134: =(C134+$K$65+F134)*6% -> 1907.1232 | L134: =(C134+$K$65+F134+I134)*14.25% -> 4801.1826
B135: 120 | C135: =$K$42*(B135*21) -> 12147.111 | F135: =(C135+$K$65)*0.05 -> 1564.2028 | I135: =(C135+$K$65+F135)*6% -> 1970.8955 | L135: =(C135+$K$65+F135+I135)*14.25% -> 4961.7295
...

Sheet 192 SUL - DURAN -MATU
C2: Estado de Rondônia
H3: TRANSPORTE ESCOLAR RURAL - CÁCULO DO CUSTO MENSAL POR QUILÔMETRO.
E7: Veículo: | F7: ÔNIBUS: | K7: REGIONAL - CACOAL
A9: MUNICÍPIO - ROLIM DE MOURA | I9: ÔNIBUS RURAL ESCOLAR - ORE 3 | R9: PAVIMENTADO | S9: NÃO PAVIMENTADO
R10: =K43 -> 1026.4309 | S10: =K45 -> 3496.5458
A11: DADOS DO VEÍCULO: | G11: valor FIPE | K11: DISTÂNCIA DA ROTA POR DIA: | O11: =O12+O13 -> 40.14 | P11: KM | R11: =K65/O18*O14 -> 4834.2955 | S11: =K65/O18*O16 -> 14302.649
A12: VEÍCULO NOVO: | E12: =Insumos!$B$4 -> 531068.38 | K12: TRECHO PAVIMENTADO: | O12: 10.14 | P12: KM | R12: =K72/O18*O14 -> 404.41901 | S12: =K72/O18*O16 -> 1196.5059
A13: VIDA ÚTIL DO VEÍCULO (ANOS): | E13: ='DEPRECIAÇÃO LINEAR'!D15 -> 10 | K13: TRECHO NÃO PAVIMENTADO: | O13: 30 | P13: KM | R13: =K79/O18*O14 -> 604.24915 | S13: =K79/O18*O16 -> 1787.7194
A14: ANO DE FABRICAÇÃO: | E14: 2026 | K14: QUANTIDADE PERCORRIDA TRECHO PAVIMENTADO/MÊS: | O14: =O12*21 -> 212.94 | P14: KM | R14: =SUM(R10:R13) -> 6869.3945 | S14: =SUM(S10:S13) -> 20783.421
A15: IDADE DO VEÍCULO: | E15: 0 | G15: anos | R15: =IFERROR(R14/O14,0) -> 32.259766 | S15: =IFERROR(S14/O16,0) -> 32.989557
A16: Nº DE LUGARES: | E16: =IF($F$7=$D$95,F104,IF($F$7=$D$107,F116,IF($F$7=$N$95,Q104,IF($F$7=$O$107,P116,"")))) -> ATÉ 59 ALUNOS | K16: QUANTIDADE PERCORRIDA TRECHO NÃO PAVIMENTADO/MÊS: | O16: =O13*21 -> 630 | P16: KM
R17: =R14+S14 -> 27652.815
K18: QUANTIDADE TOTAL DA ROTA MÊS: | O18: =O16+O14 -> 842.94 | P18: KM | R18: =R17/O18 -> 32.8052
A19: PERCENTUAL DE DEPRECIAÇÃO
A20: ÍNDICE RESIDUAL DO VEÍCULO: 90% | H20: 192 SUL - DURAN - MATUTINO | O20: =K90 -> 32.8052 | R20: =K90 -> 32.8052
A23: DADOS DE RODAGEM
A24: Nº DE PNEUS: | E24: =IF($F$7=$D$95,F100,IF($F$7=$D$107,F112,IF($F$7=$N$95,Q100,IF($F$7=$O$107,P112,"")))) -> 6
A25: PREÇO DO PNEU: | E25: =Insumos!$B$5 -> 2453.24
A26: Nº DE RECAPAGENS: | E26: 2
A27: VALOR DA RECAPAGEM: | E27: =Insumos!$B$6 -> 975.83
A28: VIDA ÚTIL DO PNEU COM AS RECAPAGENS: | E28: 100000
A31: DADOS DO COMBUSTÍVEL
A32: PREÇO DO LITRO DO DIESEL: | E32: =Insumos!$B$7 -> 7.6
A33: CONSUMO: | E33: =IF($F$7=$D$95,G103,IF($F$7=$D$107,G115,IF($F$7=$N$95,Q103,IF($F$7=$O$107,Q115,"")))) -> 2.6 | F33: km/l
A36: Item 1: CUSTOS VARIÁVEIS
E37: COEFICIENTE
A38: Item 1.1 | B38: COMBUSTÍVEL CONSUMO: | E38: =1/E33 -> 0.38461538 | F38: l/km | K38: =E32*E38 -> 2.9230769 | L38: por km
A39: Item 1.2 | B39: LUBRIFICANTES CONSUMO: | E39: 0.04 | F39: l/km | K39: =E39*E32 -> 0.304 | L39: por km
A40: Item 1.3 | B40: RODAGEM CONSUMO: | K40: =((E25*E24)+(E26*E24*E27))/E28 -> 0.264294 | L40: por km
A41: Item 1.4 | B41: MANUTENÇÃO CONSUMO: | E41: 3e-06 | F41: por veículo, sem rodagem | K41: =(E41*E12)-(K40) -> 1.3289111 | L41: por km
K42: =SUM(K38:K41) -> 4.8202821 | L42: por km
A43: TOTAL CUSTOS VARIÁVEIS - TRECHO PAVIMENTADO: | K43: =K42*O14 -> 1026.4309 | L43: por mês
A45: TOTAL CUSTOS VARIÁVEIS - TRECHO NÃO PAVIMENTADO: | K45: =K42*O16*1.1514 -> 3496.5458 | L45: por mês
A47: TOTAL DO TRECHO (PAVIMENTADO + NÃO PAVIMENTADO): | K47: =K43+K45 -> 4522.9767 | L47: por mês
A49: ITEM 02: CUSTOS FIXOS
H50: Faixa de Idade
A51: Item 2.1 | C51: Despesa de Depreciação do veículo: | K51: =IF(L51="LINEAR",'DEPRECIAÇÃO LINEAR'!H23,(VLOOKUP(E15,'DEPRECIAÇÃO LINEAR'!W12:AM25,17,0))) -> 3983.0129 | L51: LINEAR
A52: Item 2.3 | C52: Custo com Pessoal:
B53: Subitem 2.3.1 | C53: Motorista: | K53: ='Motorista de Veiculo Pesado'!E90 -> 8468.4608
B54: Subitem 2.3.2 | C54: Monitor | K54: ='Monitor de Transporte Escolar'!E90 -> 4485.7265
A55: Item 2.4 | C55: Tributos relativos ao veículo:
B56: Subitem 2.4.1 | C56: IPVA: (1% sobre o valor do veículo): | J56: =1/100*E12 -> 5310.6838 | K56: =J56/12 -> 442.55698
B57: Subitem 2.4.2 | C57: Licenciamento anual: | J57: 230.25 | K57: =J57/12 -> 19.1875
B58: Subitem 2.4.3 | C58: Vistoria: | J58: 161.8 | K58: =J58/12 -> 13.483333
A59: Item 2.5 | C59: Seguro DPVAT: | J59: 0 | K59: =J59/12 -> 0
A60: Item 2.6 | C60: Custo de Lavagem do veículo | J60: =Insumos!$B$8 -> 350.88 | K60: =4*J60 -> 1403.52
A61: Item 2.7 | C61: Seguro de Terceiros: | J61: =Insumos!$B$9 -> 2680.95 | K61: =J61/12 -> 223.4125
A62: Item 2.8 | C62: Monitoramento Veicular: | J62: =Insumos!$B$10 -> 932.23 | K62: =J62/12 -> 77.685833
A63: Item 2.9 | C63: Cronotacógrafo: | J63: =Insumos!$B$11 -> 471.82 | K63: =J63/24 -> 19.659167
A64: Item 2.10 | C64: Plotagem (Programa Estadual de Transporte Escolar Ir e Vir) | J64: =Insumos!$B$12 -> 14.3724 | K64: =J64/60 -> 0.23954
A65: TOTAL DOS CUSTOS FIXOS | K65: =SUM(K51:K64) -> 19136.945 | L65: por mês
A67: CUSTO VARIÁVEL + CUSTO FIXO | K67: =K47+K65 -> 23659.922
A69: ITEM 03: CUSTO INDIRETO E LUCRO | I69: PERCENTUAL
A70: Item 3.1 | C70: Custo Indireto: | I70: =Insumos!$B$15 -> 0.0266 | K70: =I70*K67 -> 629.35392
A71: Item 3.2 | C71: Lucro Bruto: | I71: =Insumos!$B$16 -> 0.04 | K71: =I71*(K67+K70) -> 971.57102
J72: TOTAL: | K72: =SUM(K70:K71) -> 1600.9249 | L72: por mês
A74: ITEM 04: TRIBUTOS RELATIVOS AO FATUTRAMENTO
A75: Base de cálculo (Custos Váriaveis + Custo Fixo) | I75: ALÍQUOTA | K75: =K67+K72 -> 25260.847
A76: Item 4.1 | C76: ISS | I76: =Insumos!$B$18 -> 0.05 | K76: =$K$75/(1-(SUM($I$76:$J$78)))*I76 -> 1382.6408
A77: Item 4.2 | C77: PIS | I77: =Insumos!$B$19 -> 0.0065 | K77: =$K$75/(1-(SUM($I$76:$J$78)))*I77 -> 179.7433
A78: Item 4.3 | C78: COFINS | I78: =Insumos!$B$20 -> 0.03 | K78: =$K$75/(1-(SUM($I$76:$J$78)))*I78 -> 829.58445
A79: TOTAL DE TRIBUTOS: | K79: =SUM(K76:K78) -> 2391.9685 | L79: por mês
A82: TOTAL DO SERVIÇO PRESTADO:
A84: VALOR DO INTINERÁRIO AO MÊS
A85: Custos Váriaveis + Custos Fixos Custos Indiretos e Lucro + Tributos | K85: =K67+K72+K79 -> 27652.815
A89: CUSTO POR KM
A90: Valor do Intinerário / Quantidade de Km percorrida no mês (trecho pavimentado). | K90: =K85/O18 -> 32.8052 | L90: por Km
B95: TIPO: | D95: ÔNIBUS: | L95: TIPO: | N95: MICRO ÔNIBUS
B97: VALOR: | F97: 288912 | L97: VALOR: | Q97: 271500
B98: VIDA ÚTIL: | F98: 10 | H98: ANOS | L98: VIDA ÚTIL: | Q98: 10 | R98: ANOS
B99: ANO DE FABRICAÇÃO | G99: 2018 | L99: ANO DE FABRICAÇÃO | Q99: 2018
B100: QUANTIDADE DE PNEUS: | F100: 6 | L100: QUANTIDADE DE PNEUS: | Q100: 6
B101: VIDA ÚTIL DO PNEU: | G101: 100000 | L101: VIDA ÚTIL DO PNEU: | Q101: 100000
B102: PREÇO DO PNEU: | G102: 1533.77 | L102: PREÇO DO PNEU: | Q102: 860.69
B103: CONSUMO: | G103: 2.6 | H103: K/L | L103: CONSUMO: | Q103: 4.7
B104: Nº DE LUGARES: | F104: ATÉ 59 ALUNOS | L104: Nº DE LUGARES: | Q104: ATÉ 29 ALUNOS
B107: TIPO: | D107: VAN | L107: TIPO: | O107: KOMBI
B109: VALOR: | F109: 400 | L109: VALOR: | P109: KOMBI
B110: VIDA ÚTIL: | F110: 10 | H110: ANOS | L110: VIDA ÚTIL: | P110: 8 | R110: ANOS
B111: ANO DE FABRICAÇÃO | G111: VAN 2015 | L111: ANO DE FABRICAÇÃO | Q111: KOMBI 2015
B112: QUANTIDADE DE PNEUS: | F112: VAN6 | L112: QUANTIDADE DE PNEUS: | P112: KOMBI6
B113: VIDA ÚTIL DO PNEU: | G113: VAN 80.000 | L113: VIDA ÚTIL DO PNEU: | Q113: KOMBI 80.000
B114: PREÇO DO PNEU: | G114: 400 | L114: PREÇO DO PNEU: | Q114: 4444
B115: CONSUMO: | G115: 2 | H115: K/L | L115: CONSUMO: | Q115: 4 | R115: K/L
B116: Nº DE LUGARES: | F116: ATÉ 36 VAN | L116: Nº DE LUGARES: | P116: ATÉ 36 KIMBI
Q119: ÔNIBUS: | T119: LINEAR
Q120: MICRO ÔNIBUS | T120: MÉTODO DE COLE
Q121: VAN
B122: TRECHO PAVIMENTADO | Q122: KOMBI
B126: KM MAXIMO POR TRECHO | C126: CUSTO VARIAVEL | F126: CUSTOS INDIRETOS | I126: LUCRO | L126: TRIBUTOS
B127: 40 | C127: =$K$42*(B127*21) -> 4049.0369 | F127: =(C127+$K$65)*0.05 -> 1159.2991 | I127: =(C127+$K$65+F127)*6% -> 1460.7169 | L127: =(C127+$K$65+F127+I127)*14.25% -> 3677.3547
B128: 50 | C128: =$K$42*(B128*21) -> 5061.2962 | F128: =(C128+$K$65)*0.05 -> 1209.9121 | I128: =(C128+$K$65+F128)*6% -> 1524.4892 | L128: =(C128+$K$65+F128+I128)*14.25% -> 3837.9015
B129: 60 | C129: =$K$42*(B129*21) -> 6073.5554 | F129: =(C129+$K$65)*0.05 -> 1260.525 | I129: =(C129+$K$65+F129)*6% -> 1588.2615 | L129: =(C129+$K$65+F129+I129)*14.25% -> 3998.4484
B130: 70 | C130: =$K$42*(B130*21) -> 7085.8146 | F130: =(C130+$K$65)*0.05 -> 1311.138 | I130: =(C130+$K$65+F130)*6% -> 1652.0339 | L130: =(C130+$K$65+F130+I130)*14.25% -> 4158.9952
B131: 80 | C131: =$K$42*(B131*21) -> 8098.0739 | F131: =(C131+$K$65)*0.05 -> 1361.7509 | I131: =(C131+$K$65+F131)*6% -> 1715.8062 | L131: =(C131+$K$65+F131+I131)*14.25% -> 4319.5421
B132: 90 | C132: =$K$42*(B132*21) -> 9110.3331 | F132: =(C132+$K$65)*0.05 -> 1412.3639 | I132: =(C132+$K$65+F132)*6% -> 1779.5785 | L132: =(C132+$K$65+F132+I132)*14.25% -> 4480.0889
B133: 100 | C133: =$K$42*(B133*21) -> 10122.592 | F133: =(C133+$K$65)*0.05 -> 1462.9769 | I133: =(C133+$K$65+F133)*6% -> 1843.3509 | L133: =(C133+$K$65+F133+I133)*14.25% -> 4640.6358
B134: 110 | C134: =$K$42*(B134*21) -> 11134.852 | F134: =(C134+$K$65)*0.05 -> 1513.5898 | I134: =(C134+$K$65+F134)*6% -> 1907.1232 | L134: =(C134+$K$65+F134+I134)*14.25% -> 4801.1826
B135: 120 | C135: =$K$42*(B135*21) -> 12147.111 | F135: =(C135+$K$65)*0.05 -> 1564.2028 | I135: =(C135+$K$65+F135)*6% -> 1970.8955 | L135: =(C135+$K$65+F135+I135)*14.25% -> 4961.7295
B136: 130 | C136: =$K$42*(B136*21) -> 13159.37 | F136: =(C136+$K$65)*0.05 -> 1614.8158 | I136: =(C136+$K$65+F136)*6% -> 2034.6678 | L136: =(C136+$K$65+F136+I136)*14.25% -> 5122.2763
...

Sheet 196 SUL - DURAN - MATUTINO
C2: Estado de Rondônia
H3: TRANSPORTE ESCOLAR RURAL - CÁCULO DO CUSTO MENSAL POR QUILÔMETRO.
E7: Veículo: | F7: ÔNIBUS: | K7: REGIONAL - CACOAL
A9: MUNICÍPIO - ROLIM DE MOURA | I9: ÔNIBUS RURAL ESCOLAR - ORE 3 | R9: PAVIMENTADO | S9: NÃO PAVIMENTADO
R10: =K43 -> 212.57444 | S10: =K45 -> 5547.8527
A11: DADOS DO VEÍCULO: | G11: valor FIPE | K11: DISTÂNCIA DA ROTA POR DIA: | O11: =O12+O13 -> 49.7 | P11: KM | R11: =K65/O18*O14 -> 808.60331 | S11: =K65/O18*O16 -> 18328.342
A12: VEÍCULO NOVO: | E12: =Insumos!$B$4 -> 531068.38 | K12: TRECHO PAVIMENTADO: | O12: 2.1 | P12: KM | R12: =K72/O18*O14 -> 71.182639 | S12: =K72/O18*O16 -> 1613.4732
A13: VIDA ÚTIL DO VEÍCULO (ANOS): | E13: ='DEPRECIAÇÃO LINEAR'!D15 -> 10 | K13: TRECHO NÃO PAVIMENTADO: | O13: 47.6 | P13: KM | R13: =K79/O18*O14 -> 106.35516 | S13: =K79/O18*O16 -> 2410.717
A14: ANO DE FABRICAÇÃO: | E14: 2026 | K14: QUANTIDADE PERCORRIDA TRECHO PAVIMENTADO/MÊS: | O14: =O12*21 -> 44.1 | P14: KM | R14: =SUM(R10:R13) -> 1198.7155 | S14: =SUM(S10:S13) -> 27900.385
A15: IDADE DO VEÍCULO: | E15: 0 | G15: anos | R15: =IFERROR(R14/O14,0) -> 27.181758 | S15: =IFERROR(S14/O16,0) -> 27.911549
A16: Nº DE LUGARES: | E16: =IF($F$7=$D$95,F104,IF($F$7=$D$107,F116,IF($F$7=$N$95,Q104,IF($F$7=$O$107,P116,"")))) -> ATÉ 59 ALUNOS | K16: QUANTIDADE PERCORRIDA TRECHO NÃO PAVIMENTADO/MÊS: | O16: =O13*21 -> 999.6 | P16: KM
R17: =R14+S14 -> 29099.1
K18: QUANTIDADE TOTAL DA ROTA MÊS: | O18: =O16+O14 -> 1043.7 | P18: KM | R18: =R17/O18 -> 27.880713
A19: PERCENTUAL DE DEPRECIAÇÃO
A20: ÍNDICE RESIDUAL DO VEÍCULO: 90% | H20: 196 SUL - DURAN - MATUTINO | O20: =K90 -> 27.880713 | R20: =K90 -> 27.880713
A23: DADOS DE RODAGEM
A24: Nº DE PNEUS: | E24: =IF($F$7=$D$95,F100,IF($F$7=$D$107,F112,IF($F$7=$N$95,Q100,IF($F$7=$O$107,P112,"")))) -> 6
A25: PREÇO DO PNEU: | E25: =Insumos!$B$5 -> 2453.24
A26: Nº DE RECAPAGENS: | E26: 2
A27: VALOR DA RECAPAGEM: | E27: =Insumos!$B$6 -> 975.83
A28: VIDA ÚTIL DO PNEU COM AS RECAPAGENS: | E28: 100000
A31: DADOS DO COMBUSTÍVEL
A32: PREÇO DO LITRO DO DIESEL: | E32: =Insumos!$B$7 -> 7.6
A33: CONSUMO: | E33: =IF($F$7=$D$95,G103,IF($F$7=$D$107,G115,IF($F$7=$N$95,Q103,IF($F$7=$O$107,Q115,"")))) -> 2.6 | F33: km/l
A36: Item 1: CUSTOS VARIÁVEIS
E37: COEFICIENTE
A38: Item 1.1 | B38: COMBUSTÍVEL CONSUMO: | E38: =1/E33 -> 0.38461538 | F38: l/km | K38: =E32*E38 -> 2.9230769 | L38: por km
A39: Item 1.2 | B39: LUBRIFICANTES CONSUMO: | E39: 0.04 | F39: l/km | K39: =E39*E32 -> 0.304 | L39: por km
A40: Item 1.3 | B40: RODAGEM CONSUMO: | K40: =((E25*E24)+(E26*E24*E27))/E28 -> 0.264294 | L40: por km
A41: Item 1.4 | B41: MANUTENÇÃO CONSUMO: | E41: 3e-06 | F41: por veículo, sem rodagem | K41: =(E41*E12)-(K40) -> 1.3289111 | L41: por km
K42: =SUM(K38:K41) -> 4.8202821 | L42: por km
A43: TOTAL CUSTOS VARIÁVEIS - TRECHO PAVIMENTADO: | K43: =K42*O14 -> 212.57444 | L43: por mês
A45: TOTAL CUSTOS VARIÁVEIS - TRECHO NÃO PAVIMENTADO: | K45: =K42*O16*1.1514 -> 5547.8527 | L45: por mês
A47: TOTAL DO TRECHO (PAVIMENTADO + NÃO PAVIMENTADO): | K47: =K43+K45 -> 5760.4272 | L47: por mês
A49: ITEM 02: CUSTOS FIXOS
H50: Faixa de Idade
A51: Item 2.1 | C51: Despesa de Depreciação do veículo: | K51: =IF(L51="LINEAR",'DEPRECIAÇÃO LINEAR'!H23,(VLOOKUP(E15,'DEPRECIAÇÃO LINEAR'!W12:AM25,17,0))) -> 3983.0129 | L51: LINEAR
A52: Item 2.3 | C52: Custo com Pessoal:
B53: Subitem 2.3.1 | C53: Motorista: | K53: ='Motorista de Veiculo Pesado'!E90 -> 8468.4608
B54: Subitem 2.3.2 | C54: Monitor | K54: ='Monitor de Transporte Escolar'!E90 -> 4485.7265
A55: Item 2.4 | C55: Tributos relativos ao veículo:
B56: Subitem 2.4.1 | C56: IPVA: (1% sobre o valor do veículo): | J56: =1/100*E12 -> 5310.6838 | K56: =J56/12 -> 442.55698
B57: Subitem 2.4.2 | C57: Licenciamento anual: | J57: 230.25 | K57: =J57/12 -> 19.1875
B58: Subitem 2.4.3 | C58: Vistoria: | J58: 161.8 | K58: =J58/12 -> 13.483333
A59: Item 2.5 | C59: Seguro DPVAT: | J59: 0 | K59: =J59/12 -> 0
A60: Item 2.6 | C60: Custo de Lavagem do veículo | J60: =Insumos!$B$8 -> 350.88 | K60: =4*J60 -> 1403.52
A61: Item 2.7 | C61: Seguro de Terceiros: | J61: =Insumos!$B$9 -> 2680.95 | K61: =J61/12 -> 223.4125
A62: Item 2.8 | C62: Monitoramento Veicular: | J62: =Insumos!$B$10 -> 932.23 | K62: =J62/12 -> 77.685833
A63: Item 2.9 | C63: Cronotacógrafo: | J63: =Insumos!$B$11 -> 471.82 | K63: =J63/24 -> 19.659167
A64: Item 2.10 | C64: Plotagem (Programa Estadual de Transporte Escolar Ir e Vir) | J64: =Insumos!$B$12 -> 14.3724 | K64: =J64/60 -> 0.23954
A65: TOTAL DOS CUSTOS FIXOS | K65: =SUM(K51:K64) -> 19136.945 | L65: por mês
A67: CUSTO VARIÁVEL + CUSTO FIXO | K67: =K47+K65 -> 24897.372
A69: ITEM 03: CUSTO INDIRETO E LUCRO | I69: PERCENTUAL
A70: Item 3.1 | C70: Custo Indireto: | I70: =Insumos!$B$15 -> 0.0266 | K70: =I70*K67 -> 662.2701
A71: Item 3.2 | C71: Lucro Bruto: | I71: =Insumos!$B$16 -> 0.04 | K71: =I71*(K67+K70) -> 1022.3857
J72: TOTAL: | K72: =SUM(K70:K71) -> 1684.6558 | L72: por mês
A74: ITEM 04: TRIBUTOS RELATIVOS AO FATUTRAMENTO
A75: Base de cálculo (Custos Váriaveis + Custo Fixo) | I75: ALÍQUOTA | K75: =K67+K72 -> 26582.028
A76: Item 4.1 | C76: ISS | I76: =Insumos!$B$18 -> 0.05 | K76: =$K$75/(1-(SUM($I$76:$J$78)))*I76 -> 1454.955
A77: Item 4.2 | C77: PIS | I77: =Insumos!$B$19 -> 0.0065 | K77: =$K$75/(1-(SUM($I$76:$J$78)))*I77 -> 189.14415
A78: Item 4.3 | C78: COFINS | I78: =Insumos!$B$20 -> 0.03 | K78: =$K$75/(1-(SUM($I$76:$J$78)))*I78 -> 872.973
A79: TOTAL DE TRIBUTOS: | K79: =SUM(K76:K78) -> 2517.0722 | L79: por mês
A82: TOTAL DO SERVIÇO PRESTADO:
A84: VALOR DO INTINERÁRIO AO MÊS
A85: Custos Váriaveis + Custos Fixos Custos Indiretos e Lucro + Tributos | K85: =K67+K72+K79 -> 29099.1
A89: CUSTO POR KM
A90: Valor do Intinerário / Quantidade de Km percorrida no mês (trecho pavimentado). | K90: =K85/O18 -> 27.880713 | L90: por Km
B95: TIPO: | D95: ÔNIBUS: | L95: TIPO: | N95: MICRO ÔNIBUS
B97: VALOR: | F97: 288912 | L97: VALOR: | Q97: 271500
B98: VIDA ÚTIL: | F98: 10 | H98: ANOS | L98: VIDA ÚTIL: | Q98: 10 | R98: ANOS
B99: ANO DE FABRICAÇÃO | G99: 2018 | L99: ANO DE FABRICAÇÃO | Q99: 2018
B100: QUANTIDADE DE PNEUS: | F100: 6 | L100: QUANTIDADE DE PNEUS: | Q100: 6
B101: VIDA ÚTIL DO PNEU: | G101: 100000 | L101: VIDA ÚTIL DO PNEU: | Q101: 100000
B102: PREÇO DO PNEU: | G102: 1533.77 | L102: PREÇO DO PNEU: | Q102: 860.69
B103: CONSUMO: | G103: 2.6 | H103: K/L | L103: CONSUMO: | Q103: 4.7
B104: Nº DE LUGARES: | F104: ATÉ 59 ALUNOS | L104: Nº DE LUGARES: | Q104: ATÉ 29 ALUNOS
B107: TIPO: | D107: VAN | L107: TIPO: | O107: KOMBI
B109: VALOR: | F109: 400 | L109: VALOR: | P109: KOMBI
B110: VIDA ÚTIL: | F110: 10 | H110: ANOS | L110: VIDA ÚTIL: | P110: 8 | R110: ANOS
B111: ANO DE FABRICAÇÃO | G111: VAN 2015 | L111: ANO DE FABRICAÇÃO | Q111: KOMBI 2015
B112: QUANTIDADE DE PNEUS: | F112: VAN6 | L112: QUANTIDADE DE PNEUS: | P112: KOMBI6
B113: VIDA ÚTIL DO PNEU: | G113: VAN 80.000 | L113: VIDA ÚTIL DO PNEU: | Q113: KOMBI 80.000
B114: PREÇO DO PNEU: | G114: 400 | L114: PREÇO DO PNEU: | Q114: 4444
B115: CONSUMO: | G115: 2 | H115: K/L | L115: CONSUMO: | Q115: 4 | R115: K/L
B116: Nº DE LUGARES: | F116: ATÉ 36 VAN | L116: Nº DE LUGARES: | P116: ATÉ 36 KIMBI
Q119: ÔNIBUS: | T119: LINEAR
Q120: MICRO ÔNIBUS | T120: MÉTODO DE COLE
Q121: VAN
B122: TRECHO PAVIMENTADO | Q122: KOMBI
B126: KM MAXIMO POR TRECHO | C126: CUSTO VARIAVEL | F126: CUSTOS INDIRETOS | I126: LUCRO | L126: TRIBUTOS
B127: 40 | C127: =$K$42*(B127*21) -> 4049.0369 | F127: =(C127+$K$65)*0.05 -> 1159.2991 | I127: =(C127+$K$65+F127)*6% -> 1460.7169 | L127: =(C127+$K$65+F127+I127)*14.25% -> 3677.3547
B128: 50 | C128: =$K$42*(B128*21) -> 5061.2962 | F128: =(C128+$K$65)*0.05 -> 1209.9121 | I128: =(C128+$K$65+F128)*6% -> 1524.4892 | L128: =(C128+$K$65+F128+I128)*14.25% -> 3837.9015
B129: 60 | C129: =$K$42*(B129*21) -> 6073.5554 | F129: =(C129+$K$65)*0.05 -> 1260.525 | I129: =(C129+$K$65+F129)*6% -> 1588.2615 | L129: =(C129+$K$65+F129+I129)*14.25% -> 3998.4484
B130: 70 | C130: =$K$42*(B130*21) -> 7085.8146 | F130: =(C130+$K$65)*0.05 -> 1311.138 | I130: =(C130+$K$65+F130)*6% -> 1652.0339 | L130: =(C130+$K$65+F130+I130)*14.25% -> 4158.9952
B131: 80 | C131: =$K$42*(B131*21) -> 8098.0739 | F131: =(C131+$K$65)*0.05 -> 1361.7509 | I131: =(C131+$K$65+F131)*6% -> 1715.8062 | L131: =(C131+$K$65+F131+I131)*14.25% -> 4319.5421
B132: 90 | C132: =$K$42*(B132*21) -> 9110.3331 | F132: =(C132+$K$65)*0.05 -> 1412.3639 | I132: =(C132+$K$65+F132)*6% -> 1779.5785 | L132: =(C132+$K$65+F132+I132)*14.25% -> 4480.0889
B133: 100 | C133: =$K$42*(B133*21) -> 10122.592 | F133: =(C133+$K$65)*0.05 -> 1462.9769 | I133: =(C133+$K$65+F133)*6% -> 1843.3509 | L133: =(C133+$K$65+F133+I133)*14.25% -> 4640.6358
B134: 110 | C134: =$K$42*(B134*21) -> 11134.852 | F134: =(C134+$K$65)*0.05 -> 1513.5898 | I134: =(C134+$K$65+F134)*6% -> 1907.1232 | L134: =(C134+$K$65+F134+I134)*14.25% -> 4801.1826
B135: 120 | C135: =$K$42*(B135*21) -> 12147.111 | F135: =(C135+$K$65)*0.05 -> 1564.2028 | I135: =(C135+$K$65+F135)*6% -> 1970.8955 | L135: =(C135+$K$65+F135+I135)*14.25% -> 4961.7295
B136: 130 | C136: =$K$42*(B136*21) -> 13159.37 | F136: =(C136+$K$65)*0.05 -> 1614.8158 | I136: =(C136+$K$65+F136)*6% -> 2034.6678 | L136: =(C136+$K$65+F136+I136)*14.25% -> 5122.2763
...

Sheet 200 NORTE - DURAN - MATUTINO
C2: Estado de Rondônia
H3: TRANSPORTE ESCOLAR RURAL - CÁCULO DO CUSTO MENSAL POR QUILÔMETRO.
E7: Veículo: | F7: ÔNIBUS: | K7: REGIONAL - CACOAL
A9: MUNICÍPIO - ROLIM DE MOURA | I9: ÔNIBUS RURAL ESCOLAR - ORE 3 | R9: PAVIMENTADO | S9: NÃO PAVIMENTADO
R10: =K43 -> 678.21369 | S10: =K45 -> 5990.7485
A11: DADOS DO VEÍCULO: | G11: valor FIPE | K11: DISTÂNCIA DA ROTA POR DIA: | O11: =O12+O13 -> 58.1 | P11: KM | R11: =K65/O18*O14 -> 2206.8422 | S11: =K65/O18*O16 -> 16930.103
A12: VEÍCULO NOVO: | E12: =Insumos!$B$4 -> 531068.38 | K12: TRECHO PAVIMENTADO: | O12: 6.7 | P12: KM | R12: =K72/O18*O14 -> 201.36105 | S12: =K72/O18*O16 -> 1544.7699
A13: VIDA ÚTIL DO VEÍCULO (ANOS): | E13: ='DEPRECIAÇÃO LINEAR'!D15 -> 10 | K13: TRECHO NÃO PAVIMENTADO: | O13: 51.4 | P13: KM | R13: =K79/O18*O14 -> 300.85689 | S13: =K79/O18*O16 -> 2308.0663
A14: ANO DE FABRICAÇÃO: | E14: 2026 | K14: QUANTIDADE PERCORRIDA TRECHO PAVIMENTADO/MÊS: | O14: =O12*21 -> 140.7 | P14: KM | R14: =SUM(R10:R13) -> 3387.2738 | S14: =SUM(S10:S13) -> 26773.687
A15: IDADE DO VEÍCULO: | E15: 0 | G15: anos | R15: =IFERROR(R14/O14,0) -> 24.074441 | S15: =IFERROR(S14/O16,0) -> 24.804231
A16: Nº DE LUGARES: | E16: =IF($F$7=$D$95,F104,IF($F$7=$D$107,F116,IF($F$7=$N$95,Q104,IF($F$7=$O$107,P116,"")))) -> ATÉ 59 ALUNOS | K16: QUANTIDADE PERCORRIDA TRECHO NÃO PAVIMENTADO/MÊS: | O16: =O13*21 -> 1079.4 | P16: KM
R17: =R14+S14 -> 30160.961
K18: QUANTIDADE TOTAL DA ROTA MÊS: | O18: =O16+O14 -> 1220.1 | P18: KM | R18: =R17/O18 -> 24.720073
A19: PERCENTUAL DE DEPRECIAÇÃO
A20: ÍNDICE RESIDUAL DO VEÍCULO: 90% | H20: 200 NORTE - DURAN - MATUTINO | O20: =K90 -> 24.720073 | R20: =K90 -> 24.720073
A23: DADOS DE RODAGEM
A24: Nº DE PNEUS: | E24: =IF($F$7=$D$95,F100,IF($F$7=$D$107,F112,IF($F$7=$N$95,Q100,IF($F$7=$O$107,P112,"")))) -> 6
A25: PREÇO DO PNEU: | E25: =Insumos!$B$5 -> 2453.24
A26: Nº DE RECAPAGENS: | E26: 2
A27: VALOR DA RECAPAGEM: | E27: =Insumos!$B$6 -> 975.83
A28: VIDA ÚTIL DO PNEU COM AS RECAPAGENS: | E28: 100000
A31: DADOS DO COMBUSTÍVEL
A32: PREÇO DO LITRO DO DIESEL: | E32: =Insumos!$B$7 -> 7.6
A33: CONSUMO: | E33: =IF($F$7=$D$95,G103,IF($F$7=$D$107,G115,IF($F$7=$N$95,Q103,IF($F$7=$O$107,Q115,"")))) -> 2.6 | F33: km/l
A36: Item 1: CUSTOS VARIÁVEIS
E37: COEFICIENTE
A38: Item 1.1 | B38: COMBUSTÍVEL CONSUMO: | E38: =1/E33 -> 0.38461538 | F38: l/km | K38: =E32*E38 -> 2.9230769 | L38: por km
A39: Item 1.2 | B39: LUBRIFICANTES CONSUMO: | E39: 0.04 | F39: l/km | K39: =E39*E32 -> 0.304 | L39: por km
A40: Item 1.3 | B40: RODAGEM CONSUMO: | K40: =((E25*E24)+(E26*E24*E27))/E28 -> 0.264294 | L40: por km
A41: Item 1.4 | B41: MANUTENÇÃO CONSUMO: | E41: 3e-06 | F41: por veículo, sem rodagem | K41: =(E41*E12)-(K40) -> 1.3289111 | L41: por km
K42: =SUM(K38:K41) -> 4.8202821 | L42: por km
A43: TOTAL CUSTOS VARIÁVEIS - TRECHO PAVIMENTADO: | K43: =K42*O14 -> 678.21369 | L43: por mês
A45: TOTAL CUSTOS VARIÁVEIS - TRECHO NÃO PAVIMENTADO: | K45: =K42*O16*1.1514 -> 5990.7485 | L45: por mês
A47: TOTAL DO TRECHO (PAVIMENTADO + NÃO PAVIMENTADO): | K47: =K43+K45 -> 6668.9622 | L47: por mês
A49: ITEM 02: CUSTOS FIXOS
H50: Faixa de Idade
A51: Item 2.1 | C51: Despesa de Depreciação do veículo: | K51: =IF(L51="LINEAR",'DEPRECIAÇÃO LINEAR'!H23,(VLOOKUP(E15,'DEPRECIAÇÃO LINEAR'!W12:AM25,17,0))) -> 3983.0129 | L51: LINEAR
A52: Item 2.3 | C52: Custo com Pessoal:
B53: Subitem 2.3.1 | C53: Motorista: | K53: ='Motorista de Veiculo Pesado'!E90 -> 8468.4608
B54: Subitem 2.3.2 | C54: Monitor | K54: ='Monitor de Transporte Escolar'!E90 -> 4485.7265
A55: Item 2.4 | C55: Tributos relativos ao veículo:
B56: Subitem 2.4.1 | C56: IPVA: (1% sobre o valor do veículo): | J56: =1/100*E12 -> 5310.6838 | K56: =J56/12 -> 442.55698
B57: Subitem 2.4.2 | C57: Licenciamento anual: | J57: 230.25 | K57: =J57/12 -> 19.1875
B58: Subitem 2.4.3 | C58: Vistoria: | J58: 161.8 | K58: =J58/12 -> 13.483333
A59: Item 2.5 | C59: Seguro DPVAT: | J59: 0 | K59: =J59/12 -> 0
A60: Item 2.6 | C60: Custo de Lavagem do veículo | J60: =Insumos!$B$8 -> 350.88 | K60: =4*J60 -> 1403.52
A61: Item 2.7 | C61: Seguro de Terceiros: | J61: =Insumos!$B$9 -> 2680.95 | K61: =J61/12 -> 223.4125
A62: Item 2.8 | C62: Monitoramento Veicular: | J62: =Insumos!$B$10 -> 932.23 | K62: =J62/12 -> 77.685833
A63: Item 2.9 | C63: Cronotacógrafo: | J63: =Insumos!$B$11 -> 471.82 | K63: =J63/24 -> 19.659167
A64: Item 2.10 | C64: Plotagem (Programa Estadual de Transporte Escolar Ir e Vir) | J64: =Insumos!$B$12 -> 14.3724 | K64: =J64/60 -> 0.23954
A65: TOTAL DOS CUSTOS FIXOS | K65: =SUM(K51:K64) -> 19136.945 | L65: por mês
A67: CUSTO VARIÁVEL + CUSTO FIXO | K67: =K47+K65 -> 25805.907
A69: ITEM 03: CUSTO INDIRETO E LUCRO | I69: PERCENTUAL
A70: Item 3.1 | C70: Custo Indireto: | I70: =Insumos!$B$15 -> 0.0266 | K70: =I70*K67 -> 686.43713
A71: Item 3.2 | C71: Lucro Bruto: | I71: =Insumos!$B$16 -> 0.04 | K71: =I71*(K67+K70) -> 1059.6938
J72: TOTAL: | K72: =SUM(K70:K71) -> 1746.1309 | L72: por mês
A74: ITEM 04: TRIBUTOS RELATIVOS AO FATUTRAMENTO
A75: Base de cálculo (Custos Váriaveis + Custo Fixo) | I75: ALÍQUOTA | K75: =K67+K72 -> 27552.038
A76: Item 4.1 | C76: ISS | I76: =Insumos!$B$18 -> 0.05 | K76: =$K$75/(1-(SUM($I$76:$J$78)))*I76 -> 1508.0481
A77: Item 4.2 | C77: PIS | I77: =Insumos!$B$19 -> 0.0065 | K77: =$K$75/(1-(SUM($I$76:$J$78)))*I77 -> 196.04625
A78: Item 4.3 | C78: COFINS | I78: =Insumos!$B$20 -> 0.03 | K78: =$K$75/(1-(SUM($I$76:$J$78)))*I78 -> 904.82884
A79: TOTAL DE TRIBUTOS: | K79: =SUM(K76:K78) -> 2608.9231 | L79: por mês
A82: TOTAL DO SERVIÇO PRESTADO:
A84: VALOR DO INTINERÁRIO AO MÊS
A85: Custos Váriaveis + Custos Fixos Custos Indiretos e Lucro + Tributos | K85: =K67+K72+K79 -> 30160.961
A89: CUSTO POR KM
A90: Valor do Intinerário / Quantidade de Km percorrida no mês (trecho pavimentado). | K90: =K85/O18 -> 24.720073 | L90: por Km
B95: TIPO: | D95: ÔNIBUS: | L95: TIPO: | N95: MICRO ÔNIBUS
B97: VALOR: | F97: 288912 | L97: VALOR: | Q97: 271500
B98: VIDA ÚTIL: | F98: 10 | H98: ANOS | L98: VIDA ÚTIL: | Q98: 10 | R98: ANOS
B99: ANO DE FABRICAÇÃO | G99: 2018 | L99: ANO DE FABRICAÇÃO | Q99: 2018
B100: QUANTIDADE DE PNEUS: | F100: 6 | L100: QUANTIDADE DE PNEUS: | Q100: 6
B101: VIDA ÚTIL DO PNEU: | G101: 100000 | L101: VIDA ÚTIL DO PNEU: | Q101: 100000
B102: PREÇO DO PNEU: | G102: 1533.77 | L102: PREÇO DO PNEU: | Q102: 860.69
B103: CONSUMO: | G103: 2.6 | H103: K/L | L103: CONSUMO: | Q103: 4.7
B104: Nº DE LUGARES: | F104: ATÉ 59 ALUNOS | L104: Nº DE LUGARES: | Q104: ATÉ 29 ALUNOS
B107: TIPO: | D107: VAN | L107: TIPO: | O107: KOMBI
B109: VALOR: | F109: 400 | L109: VALOR: | P109: KOMBI
B110: VIDA ÚTIL: | F110: 10 | H110: ANOS | L110: VIDA ÚTIL: | P110: 8 | R110: ANOS
B111: ANO DE FABRICAÇÃO | G111: VAN 2015 | L111: ANO DE FABRICAÇÃO | Q111: KOMBI 2015
B112: QUANTIDADE DE PNEUS: | F112: VAN6 | L112: QUANTIDADE DE PNEUS: | P112: KOMBI6
B113: VIDA ÚTIL DO PNEU: | G113: VAN 80.000 | L113: VIDA ÚTIL DO PNEU: | Q113: KOMBI 80.000
B114: PREÇO DO PNEU: | G114: 400 | L114: PREÇO DO PNEU: | Q114: 4444
B115: CONSUMO: | G115: 2 | H115: K/L | L115: CONSUMO: | Q115: 4 | R115: K/L
B116: Nº DE LUGARES: | F116: ATÉ 36 VAN | L116: Nº DE LUGARES: | P116: ATÉ 36 KIMBI
Q119: ÔNIBUS: | T119: LINEAR
Q120: MICRO ÔNIBUS | T120: MÉTODO DE COLE
Q121: VAN
B122: TRECHO PAVIMENTADO | Q122: KOMBI
B126: KM MAXIMO POR TRECHO | C126: CUSTO VARIAVEL | F126: CUSTOS INDIRETOS | I126: LUCRO | L126: TRIBUTOS
B127: 40 | C127: =$K$42*(B127*21) -> 4049.0369 | F127: =(C127+$K$65)*0.05 -> 1159.2991 | I127: =(C127+$K$65+F127)*6% -> 1460.7169 | L127: =(C127+$K$65+F127+I127)*14.25% -> 3677.3547
B128: 50 | C128: =$K$42*(B128*21) -> 5061.2962 | F128: =(C128+$K$65)*0.05 -> 1209.9121 | I128: =(C128+$K$65+F128)*6% -> 1524.4892 | L128: =(C128+$K$65+F128+I128)*14.25% -> 3837.9015
B129: 60 | C129: =$K$42*(B129*21) -> 6073.5554 | F129: =(C129+$K$65)*0.05 -> 1260.525 | I129: =(C129+$K$65+F129)*6% -> 1588.2615 | L129: =(C129+$K$65+F129+I129)*14.25% -> 3998.4484
B130: 70 | C130: =$K$42*(B130*21) -> 7085.8146 | F130: =(C130+$K$65)*0.05 -> 1311.138 | I130: =(C130+$K$65+F130)*6% -> 1652.0339 | L130: =(C130+$K$65+F130+I130)*14.25% -> 4158.9952
B131: 80 | C131: =$K$42*(B131*21) -> 8098.0739 | F131: =(C131+$K$65)*0.05 -> 1361.7509 | I131: =(C131+$K$65+F131)*6% -> 1715.8062 | L131: =(C131+$K$65+F131+I131)*14.25% -> 4319.5421
B132: 90 | C132: =$K$42*(B132*21) -> 9110.3331 | F132: =(C132+$K$65)*0.05 -> 1412.3639 | I132: =(C132+$K$65+F132)*6% -> 1779.5785 | L132: =(C132+$K$65+F132+I132)*14.25% -> 4480.0889
B133: 100 | C133: =$K$42*(B133*21) -> 10122.592 | F133: =(C133+$K$65)*0.05 -> 1462.9769 | I133: =(C133+$K$65+F133)*6% -> 1843.3509 | L133: =(C133+$K$65+F133+I133)*14.25% -> 4640.6358
B134: 110 | C134: =$K$42*(B134*21) -> 11134.852 | F134: =(C134+$K$65)*0.05 -> 1513.5898 | I134: =(C134+$K$65+F134)*6% -> 1907.1232 | L134: =(C134+$K$65+F134+I134)*14.25% -> 4801.1826
B135: 120 | C135: =$K$42*(B135*21) -> 12147.111 | F135: =(C135+$K$65)*0.05 -> 1564.2028 | I135: =(C135+$K$65+F135)*6% -> 1970.8955 | L135: =(C135+$K$65+F135+I135)*14.25% -> 4961.7295
B136: 130 | C136: =$K$42*(B136*21) -> 13159.37 | F136: =(C136+$K$65)*0.05 -> 1614.8158 | I136: =(C136+$K$65+F136)*6% -> 2034.6678 | L136: =(C136+$K$65+F136+I136)*14.25% -> 5122.2763
...

Sheet 200 SUL - DURAN - MATUTINO
C2: Estado de Rondônia
H3: TRANSPORTE ESCOLAR RURAL - CÁCULO DO CUSTO MENSAL POR QUILÔMETRO.
E7: Veículo: | F7: ÔNIBUS: | K7: REGIONAL - CACOAL
A9: MUNICÍPIO - ROLIM DE MOURA | I9: ÔNIBUS RURAL ESCOLAR - ORE 3 | R9: PAVIMENTADO | S9: NÃO PAVIMENTADO
R10: =K43 -> 678.21369 | S10: =K45 -> 3496.5458
A11: DADOS DO VEÍCULO: | G11: valor FIPE | K11: DISTÂNCIA DA ROTA POR DIA: | O11: =O12+O13 -> 36.7 | P11: KM | R11: =K65/O18*O14 -> 3493.6657 | S11: =K65/O18*O16 -> 15643.279
A12: VEÍCULO NOVO: | E12: =Insumos!$B$4 -> 531068.38 | K12: TRECHO PAVIMENTADO: | O12: 6.7 | P12: KM | R12: =K72/O18*O14 -> 287.96548 | S12: =K72/O18*O16 -> 1289.3977
A13: VIDA ÚTIL DO VEÍCULO (ANOS): | E13: ='DEPRECIAÇÃO LINEAR'!D15 -> 10 | K13: TRECHO NÃO PAVIMENTADO: | O13: 30 | P13: KM | R13: =K79/O18*O14 -> 430.25401 | S13: =K79/O18*O16 -> 1926.5105
A14: ANO DE FABRICAÇÃO: | E14: 2026 | K14: QUANTIDADE PERCORRIDA TRECHO PAVIMENTADO/MÊS: | O14: =O12*21 -> 140.7 | P14: KM | R14: =SUM(R10:R13) -> 4890.0989 | S14: =SUM(S10:S13) -> 22355.733
A15: IDADE DO VEÍCULO: | E15: 0 | G15: anos | R15: =IFERROR(R14/O14,0) -> 34.7555 | S15: =IFERROR(S14/O16,0) -> 35.485291
A16: Nº DE LUGARES: | E16: =IF($F$7=$D$95,F104,IF($F$7=$D$107,F116,IF($F$7=$N$95,Q104,IF($F$7=$O$107,P116,"")))) -> ATÉ 59 ALUNOS | K16: QUANTIDADE PERCORRIDA TRECHO NÃO PAVIMENTADO/MÊS: | O16: =O13*21 -> 630 | P16: KM
R17: =R14+S14 -> 27245.832
K18: QUANTIDADE TOTAL DA ROTA MÊS: | O18: =O16+O14 -> 770.7 | P18: KM | R18: =R17/O18 -> 35.352059
A19: PERCENTUAL DE DEPRECIAÇÃO
A20: ÍNDICE RESIDUAL DO VEÍCULO: 90% | H20: 200 SUL - DURAN - MATUTINO | O20: =K90 -> 35.352059 | R20: =K90 -> 35.352059
A23: DADOS DE RODAGEM
A24: Nº DE PNEUS: | E24: =IF($F$7=$D$95,F100,IF($F$7=$D$107,F112,IF($F$7=$N$95,Q100,IF($F$7=$O$107,P112,"")))) -> 6
A25: PREÇO DO PNEU: | E25: =Insumos!$B$5 -> 2453.24
A26: Nº DE RECAPAGENS: | E26: 2
A27: VALOR DA RECAPAGEM: | E27: =Insumos!$B$6 -> 975.83
A28: VIDA ÚTIL DO PNEU COM AS RECAPAGENS: | E28: 100000
A31: DADOS DO COMBUSTÍVEL
A32: PREÇO DO LITRO DO DIESEL: | E32: =Insumos!$B$7 -> 7.6
A33: CONSUMO: | E33: =IF($F$7=$D$95,G103,IF($F$7=$D$107,G115,IF($F$7=$N$95,Q103,IF($F$7=$O$107,Q115,"")))) -> 2.6 | F33: km/l
A36: Item 1: CUSTOS VARIÁVEIS
E37: COEFICIENTE
A38: Item 1.1 | B38: COMBUSTÍVEL CONSUMO: | E38: =1/E33 -> 0.38461538 | F38: l/km | K38: =E32*E38 -> 2.9230769 | L38: por km
A39: Item 1.2 | B39: LUBRIFICANTES CONSUMO: | E39: 0.04 | F39: l/km | K39: =E39*E32 -> 0.304 | L39: por km
A40: Item 1.3 | B40: RODAGEM CONSUMO: | K40: =((E25*E24)+(E26*E24*E27))/E28 -> 0.264294 | L40: por km
A41: Item 1.4 | B41: MANUTENÇÃO CONSUMO: | E41: 3e-06 | F41: por veículo, sem rodagem | K41: =(E41*E12)-(K40) -> 1.3289111 | L41: por km
K42: =SUM(K38:K41) -> 4.8202821 | L42: por km
A43: TOTAL CUSTOS VARIÁVEIS - TRECHO PAVIMENTADO: | K43: =K42*O14 -> 678.21369 | L43: por mês
A45: TOTAL CUSTOS VARIÁVEIS - TRECHO NÃO PAVIMENTADO: | K45: =K42*O16*1.1514 -> 3496.5458 | L45: por mês
A47: TOTAL DO TRECHO (PAVIMENTADO + NÃO PAVIMENTADO): | K47: =K43+K45 -> 4174.7595 | L47: por mês
A49: ITEM 02: CUSTOS FIXOS
H50: Faixa de Idade
A51: Item 2.1 | C51: Despesa de Depreciação do veículo: | K51: =IF(L51="LINEAR",'DEPRECIAÇÃO LINEAR'!H23,(VLOOKUP(E15,'DEPRECIAÇÃO LINEAR'!W12:AM25,17,0))) -> 3983.0129 | L51: LINEAR
A52: Item 2.3 | C52: Custo com Pessoal:
B53: Subitem 2.3.1 | C53: Motorista: | K53: ='Motorista de Veiculo Pesado'!E90 -> 8468.4608
B54: Subitem 2.3.2 | C54: Monitor | K54: ='Monitor de Transporte Escolar'!E90 -> 4485.7265
A55: Item 2.4 | C55: Tributos relativos ao veículo:
B56: Subitem 2.4.1 | C56: IPVA: (1% sobre o valor do veículo): | J56: =1/100*E12 -> 5310.6838 | K56: =J56/12 -> 442.55698
B57: Subitem 2.4.2 | C57: Licenciamento anual: | J57: 230.25 | K57: =J57/12 -> 19.1875
B58: Subitem 2.4.3 | C58: Vistoria: | J58: 161.8 | K58: =J58/12 -> 13.483333
A59: Item 2.5 | C59: Seguro DPVAT: | J59: 0 | K59: =J59/12 -> 0
A60: Item 2.6 | C60: Custo de Lavagem do veículo | J60: =Insumos!$B$8 -> 350.88 | K60: =4*J60 -> 1403.52
A61: Item 2.7 | C61: Seguro de Terceiros: | J61: =Insumos!$B$9 -> 2680.95 | K61: =J61/12 -> 223.4125
A62: Item 2.8 | C62: Monitoramento Veicular: | J62: =Insumos!$B$10 -> 932.23 | K62: =J62/12 -> 77.685833
A63: Item 2.9 | C63: Cronotacógrafo: | J63: =Insumos!$B$11 -> 471.82 | K63: =J63/24 -> 19.659167
A64: Item 2.10 | C64: Plotagem (Programa Estadual de Transporte Escolar Ir e Vir) | J64: =Insumos!$B$12 -> 14.3724 | K64: =J64/60 -> 0.23954
A65: TOTAL DOS CUSTOS FIXOS | K65: =SUM(K51:K64) -> 19136.945 | L65: por mês
A67: CUSTO VARIÁVEL + CUSTO FIXO | K67: =K47+K65 -> 23311.705
A69: ITEM 03: CUSTO INDIRETO E LUCRO | I69: PERCENTUAL
A70: Item 3.1 | C70: Custo Indireto: | I70: =Insumos!$B$15 -> 0.0266 | K70: =I70*K67 -> 620.09134
A71: Item 3.2 | C71: Lucro Bruto: | I71: =Insumos!$B$16 -> 0.04 | K71: =I71*(K67+K70) -> 957.27183
J72: TOTAL: | K72: =SUM(K70:K71) -> 1577.3632 | L72: por mês
A74: ITEM 04: TRIBUTOS RELATIVOS AO FATUTRAMENTO
A75: Base de cálculo (Custos Váriaveis + Custo Fixo) | I75: ALÍQUOTA | K75: =K67+K72 -> 24889.068
A76: Item 4.1 | C76: ISS | I76: =Insumos!$B$18 -> 0.05 | K76: =$K$75/(1-(SUM($I$76:$J$78)))*I76 -> 1362.2916
A77: Item 4.2 | C77: PIS | I77: =Insumos!$B$19 -> 0.0065 | K77: =$K$75/(1-(SUM($I$76:$J$78)))*I77 -> 177.09791
A78: Item 4.3 | C78: COFINS | I78: =Insumos!$B$20 -> 0.03 | K78: =$K$75/(1-(SUM($I$76:$J$78)))*I78 -> 817.37496
A79: TOTAL DE TRIBUTOS: | K79: =SUM(K76:K78) -> 2356.7645 | L79: por mês
A82: TOTAL DO SERVIÇO PRESTADO:
A84: VALOR DO INTINERÁRIO AO MÊS
A85: Custos Váriaveis + Custos Fixos Custos Indiretos e Lucro + Tributos | K85: =K67+K72+K79 -> 27245.832
A89: CUSTO POR KM
A90: Valor do Intinerário / Quantidade de Km percorrida no mês (trecho pavimentado). | K90: =K85/O18 -> 35.352059 | L90: por Km
B95: TIPO: | D95: ÔNIBUS: | L95: TIPO: | N95: MICRO ÔNIBUS
B97: VALOR: | F97: 288912 | L97: VALOR: | Q97: 271500
B98: VIDA ÚTIL: | F98: 10 | H98: ANOS | L98: VIDA ÚTIL: | Q98: 10 | R98: ANOS
B99: ANO DE FABRICAÇÃO | G99: 2018 | L99: ANO DE FABRICAÇÃO | Q99: 2018
B100: QUANTIDADE DE PNEUS: | F100: 6 | L100: QUANTIDADE DE PNEUS: | Q100: 6
B101: VIDA ÚTIL DO PNEU: | G101: 100000 | L101: VIDA ÚTIL DO PNEU: | Q101: 100000
B102: PREÇO DO PNEU: | G102: 1533.77 | L102: PREÇO DO PNEU: | Q102: 860.69
B103: CONSUMO: | G103: 2.6 | H103: K/L | L103: CONSUMO: | Q103: 4.7
B104: Nº DE LUGARES: | F104: ATÉ 59 ALUNOS | L104: Nº DE LUGARES: | Q104: ATÉ 29 ALUNOS
B107: TIPO: | D107: VAN | L107: TIPO: | O107: KOMBI
B109: VALOR: | F109: 400 | L109: VALOR: | P109: KOMBI
B110: VIDA ÚTIL: | F110: 10 | H110: ANOS | L110: VIDA ÚTIL: | P110: 8 | R110: ANOS
B111: ANO DE FABRICAÇÃO | G111: VAN 2015 | L111: ANO DE FABRICAÇÃO | Q111: KOMBI 2015
B112: QUANTIDADE DE PNEUS: | F112: VAN6 | L112: QUANTIDADE DE PNEUS: | P112: KOMBI6
B113: VIDA ÚTIL DO PNEU: | G113: VAN 80.000 | L113: VIDA ÚTIL DO PNEU: | Q113: KOMBI 80.000
B114: PREÇO DO PNEU: | G114: 400 | L114: PREÇO DO PNEU: | Q114: 4444
B115: CONSUMO: | G115: 2 | H115: K/L | L115: CONSUMO: | Q115: 4 | R115: K/L
B116: Nº DE LUGARES: | F116: ATÉ 36 VAN | L116: Nº DE LUGARES: | P116: ATÉ 36 KIMBI
Q119: ÔNIBUS: | T119: LINEAR
Q120: MICRO ÔNIBUS | T120: MÉTODO DE COLE
Q121: VAN
B122: TRECHO PAVIMENTADO | Q122: KOMBI
B126: KM MAXIMO POR TRECHO | C126: CUSTO VARIAVEL | F126: CUSTOS INDIRETOS | I126: LUCRO | L126: TRIBUTOS
B127: 40 | C127: =$K$42*(B127*21) -> 4049.0369 | F127: =(C127+$K$65)*0.05 -> 1159.2991 | I127: =(C127+$K$65+F127)*6% -> 1460.7169 | L127: =(C127+$K$65+F127+I127)*14.25% -> 3677.3547
B128: 50 | C128: =$K$42*(B128*21) -> 5061.2962 | F128: =(C128+$K$65)*0.05 -> 1209.9121 | I128: =(C128+$K$65+F128)*6% -> 1524.4892 | L128: =(C128+$K$65+F128+I128)*14.25% -> 3837.9015
B129: 60 | C129: =$K$42*(B129*21) -> 6073.5554 | F129: =(C129+$K$65)*0.05 -> 1260.525 | I129: =(C129+$K$65+F129)*6% -> 1588.2615 | L129: =(C129+$K$65+F129+I129)*14.25% -> 3998.4484
B130: 70 | C130: =$K$42*(B130*21) -> 7085.8146 | F130: =(C130+$K$65)*0.05 -> 1311.138 | I130: =(C130+$K$65+F130)*6% -> 1652.0339 | L130: =(C130+$K$65+F130+I130)*14.25% -> 4158.9952
B131: 80 | C131: =$K$42*(B131*21) -> 8098.0739 | F131: =(C131+$K$65)*0.05 -> 1361.7509 | I131: =(C131+$K$65+F131)*6% -> 1715.8062 | L131: =(C131+$K$65+F131+I131)*14.25% -> 4319.5421
B132: 90 | C132: =$K$42*(B132*21) -> 9110.3331 | F132: =(C132+$K$65)*0.05 -> 1412.3639 | I132: =(C132+$K$65+F132)*6% -> 1779.5785 | L132: =(C132+$K$65+F132+I132)*14.25% -> 4480.0889
B133: 100 | C133: =$K$42*(B133*21) -> 10122.592 | F133: =(C133+$K$65)*0.05 -> 1462.9769 | I133: =(C133+$K$65+F133)*6% -> 1843.3509 | L133: =(C133+$K$65+F133+I133)*14.25% -> 4640.6358
B134: 110 | C134: =$K$42*(B134*21) -> 11134.852 | F134: =(C134+$K$65)*0.05 -> 1513.5898 | I134: =(C134+$K$65+F134)*6% -> 1907.1232 | L134: =(C134+$K$65+F134+I134)*14.25% -> 4801.1826
B135: 120 | C135: =$K$42*(B135*21) -> 12147.111 | F135: =(C135+$K$65)*0.05 -> 1564.2028 | I135: =(C135+$K$65+F135)*6% -> 1970.8955 | L135: =(C135+$K$65+F135+I135)*14.25% -> 4961.7295
B136: 130 | C136: =$K$42*(B136*21) -> 13159.37 | F136: =(C136+$K$65)*0.05 -> 1614.8158 | I136: =(C136+$K$65+F136)*6% -> 2034.6678 | L136: =(C136+$K$65+F136+I136)*14.25% -> 5122.2763
...

Sheet 204 NORTE - DURAN
C2: Estado de Rondônia
H3: TRANSPORTE ESCOLAR RURAL - CÁCULO DO CUSTO MENSAL POR QUILÔMETRO.
E7: Veículo: | F7: ÔNIBUS: | K7: REGIONAL - CACOAL
A9: MUNICÍPIO - ROLIM DE MOURA | I9: ÔNIBUS RURAL ESCOLAR - ORE 3 | R9: PAVIMENTADO | S9: NÃO PAVIMENTADO
R10: =K43 -> 1431.3346 | S10: =K45 -> 3496.5458
A11: DADOS DO VEÍCULO: | G11: valor FIPE | K11: DISTÂNCIA DA ROTA POR DIA: | O11: =O12+O13 -> 44.14 | P11: KM | R11: =K65/O18*O14 -> 6130.4124 | S11: =K65/O18*O16 -> 13006.533
A12: VEÍCULO NOVO: | E12: =Insumos!$B$4 -> 531068.38 | K12: TRECHO PAVIMENTADO: | O12: 14.14 | P12: KM | R12: =K72/O18*O14 -> 521.62388 | S12: =K72/O18*O16 -> 1106.6985
A13: VIDA ÚTIL DO VEÍCULO (ANOS): | E13: ='DEPRECIAÇÃO LINEAR'!D15 -> 10 | K13: TRECHO NÃO PAVIMENTADO: | O13: 30 | P13: KM | R13: =K79/O18*O14 -> 779.36689 | S13: =K79/O18*O16 -> 1653.5365
A14: ANO DE FABRICAÇÃO: | E14: 2026 | K14: QUANTIDADE PERCORRIDA TRECHO PAVIMENTADO/MÊS: | O14: =O12*21 -> 296.94 | P14: KM | R14: =SUM(R10:R13) -> 8862.7377 | S14: =SUM(S10:S13) -> 19263.313
A15: IDADE DO VEÍCULO: | E15: 0 | G15: anos | R15: =IFERROR(R14/O14,0) -> 29.846897 | S15: =IFERROR(S14/O16,0) -> 30.576688
A16: Nº DE LUGARES: | E16: =IF($F$7=$D$95,F104,IF($F$7=$D$107,F116,IF($F$7=$N$95,Q104,IF($F$7=$O$107,P116,"")))) -> ATÉ 59 ALUNOS | K16: QUANTIDADE PERCORRIDA TRECHO NÃO PAVIMENTADO/MÊS: | O16: =O13*21 -> 630 | P16: KM
R17: =R14+S14 -> 28126.051
K18: QUANTIDADE TOTAL DA ROTA MÊS: | O18: =O16+O14 -> 926.94 | P18: KM | R18: =R17/O18 -> 30.342904
A19: PERCENTUAL DE DEPRECIAÇÃO
A20: ÍNDICE RESIDUAL DO VEÍCULO: 90% | H20: 204 NORTE - DURAN | O20: =K90 -> 30.342904 | R20: =K90 -> 30.342904
A23: DADOS DE RODAGEM
A24: Nº DE PNEUS: | E24: =IF($F$7=$D$95,F100,IF($F$7=$D$107,F112,IF($F$7=$N$95,Q100,IF($F$7=$O$107,P112,"")))) -> 6
A25: PREÇO DO PNEU: | E25: =Insumos!$B$5 -> 2453.24
A26: Nº DE RECAPAGENS: | E26: 2
A27: VALOR DA RECAPAGEM: | E27: =Insumos!$B$6 -> 975.83
A28: VIDA ÚTIL DO PNEU COM AS RECAPAGENS: | E28: 100000
A31: DADOS DO COMBUSTÍVEL
A32: PREÇO DO LITRO DO DIESEL: | E32: =Insumos!$B$7 -> 7.6
A33: CONSUMO: | E33: =IF($F$7=$D$95,G103,IF($F$7=$D$107,G115,IF($F$7=$N$95,Q103,IF($F$7=$O$107,Q115,"")))) -> 2.6 | F33: km/l
A36: Item 1: CUSTOS VARIÁVEIS
E37: COEFICIENTE
A38: Item 1.1 | B38: COMBUSTÍVEL CONSUMO: | E38: =1/E33 -> 0.38461538 | F38: l/km | K38: =E32*E38 -> 2.9230769 | L38: por km
A39: Item 1.2 | B39: LUBRIFICANTES CONSUMO: | E39: 0.04 | F39: l/km | K39: =E39*E32 -> 0.304 | L39: por km
A40: Item 1.3 | B40: RODAGEM CONSUMO: | K40: =((E25*E24)+(E26*E24*E27))/E28 -> 0.264294 | L40: por km
A41: Item 1.4 | B41: MANUTENÇÃO CONSUMO: | E41: 3e-06 | F41: por veículo, sem rodagem | K41: =(E41*E12)-(K40) -> 1.3289111 | L41: por km
K42: =SUM(K38:K41) -> 4.8202821 | L42: por km
A43: TOTAL CUSTOS VARIÁVEIS - TRECHO PAVIMENTADO: | K43: =K42*O14 -> 1431.3346 | L43: por mês
A45: TOTAL CUSTOS VARIÁVEIS - TRECHO NÃO PAVIMENTADO: | K45: =K42*O16*1.1514 -> 3496.5458 | L45: por mês
A47: TOTAL DO TRECHO (PAVIMENTADO + NÃO PAVIMENTADO): | K47: =K43+K45 -> 4927.8804 | L47: por mês
A49: ITEM 02: CUSTOS FIXOS
H50: Faixa de Idade
A51: Item 2.1 | C51: Despesa de Depreciação do veículo: | K51: =IF(L51="LINEAR",'DEPRECIAÇÃO LINEAR'!H23,(VLOOKUP(E15,'DEPRECIAÇÃO LINEAR'!W12:AM25,17,0))) -> 3983.0129 | L51: LINEAR
A52: Item 2.3 | C52: Custo com Pessoal:
B53: Subitem 2.3.1 | C53: Motorista: | K53: ='Motorista de Veiculo Pesado'!E90 -> 8468.4608
B54: Subitem 2.3.2 | C54: Monitor | K54: ='Monitor de Transporte Escolar'!E90 -> 4485.7265
A55: Item 2.4 | C55: Tributos relativos ao veículo:
B56: Subitem 2.4.1 | C56: IPVA: (1% sobre o valor do veículo): | J56: =1/100*E12 -> 5310.6838 | K56: =J56/12 -> 442.55698
B57: Subitem 2.4.2 | C57: Licenciamento anual: | J57: 230.25 | K57: =J57/12 -> 19.1875
B58: Subitem 2.4.3 | C58: Vistoria: | J58: 161.8 | K58: =J58/12 -> 13.483333
A59: Item 2.5 | C59: Seguro DPVAT: | J59: 0 | K59: =J59/12 -> 0
A60: Item 2.6 | C60: Custo de Lavagem do veículo | J60: =Insumos!$B$8 -> 350.88 | K60: =4*J60 -> 1403.52
A61: Item 2.7 | C61: Seguro de Terceiros: | J61: =Insumos!$B$9 -> 2680.95 | K61: =J61/12 -> 223.4125
A62: Item 2.8 | C62: Monitoramento Veicular: | J62: =Insumos!$B$10 -> 932.23 | K62: =J62/12 -> 77.685833
A63: Item 2.9 | C63: Cronotacógrafo: | J63: =Insumos!$B$11 -> 471.82 | K63: =J63/24 -> 19.659167
A64: Item 2.10 | C64: Plotagem (Programa Estadual de Transporte Escolar Ir e Vir) | J64: =Insumos!$B$12 -> 14.3724 | K64: =J64/60 -> 0.23954
A65: TOTAL DOS CUSTOS FIXOS | K65: =SUM(K51:K64) -> 19136.945 | L65: por mês
A67: CUSTO VARIÁVEL + CUSTO FIXO | K67: =K47+K65 -> 24064.825
A69: ITEM 03: CUSTO INDIRETO E LUCRO | I69: PERCENTUAL
A70: Item 3.1 | C70: Custo Indireto: | I70: =Insumos!$B$15 -> 0.0266 | K70: =I70*K67 -> 640.12436
A71: Item 3.2 | C71: Lucro Bruto: | I71: =Insumos!$B$16 -> 0.04 | K71: =I71*(K67+K70) -> 988.19799
J72: TOTAL: | K72: =SUM(K70:K71) -> 1628.3223 | L72: por mês
